Workbook

Sheet REPUESTOS VEHICULOS
B1: Descuento | C1: 0.041
B2: IPC 2020 | C2: 0.038
B3: IPC2021 | C3: 0.03
A4: LISTA DE PRECIOS SECCIONAL MAGDALENA | E4: 0.5
E6: VALOR SELECCIONADO | F6: VALOR CON DESCUENTO | G6: VALOR SELECCIONADO | H6: VALOR CON DESCUENTO | I6: VALOR SELECCIONADO | J6: VALOR CON DESCUENTO | K6: VALOR SELECCIONADO | L6: VALOR CON DESCUENTO | M6: VALOR SELECCIONADO | N6: VALOR CON DESCUENTO | O6: VALOR SELECCIONADO | P6: VALOR CON DESCUENTO | Q6: VALOR SELECCIONADO | R6: VALOR CON DESCUENTO | S6: VALOR SELECCIONADO | T6: VALOR CON DESCUENTO | U6: VALOR SELECCIONADO | V6: VALOR CON DESCUENTO | W6: VALOR SELECCIONADO | X6: VALOR CON DESCUENTO | Y6: VALOR SELECCIONADO | Z6: VALOR CON DESCUENTO | AA6: VALOR SELECCIONADO | AB6: VALOR CON DESCUENTO | AC6: VALOR SELECCIONADO | AD6: VALOR CON DESCUENTO | AE6: VALOR SELECCIONADO | AF6: VALOR CON DESCUENTO | AG6: VALOR SELECCIONADO | AH6: VALOR CON DESCUENTO | AI6: VALOR SELECCIONADO | AJ6: VALOR CON DESCUENTO | AK6: VALOR SELECCIONADO | AL6: VALOR CON DESCUENTO | AM6: VALOR SELECCIONADO | AN6: VALOR CON DESCUENTO
A7: NECESIDAD CONTRATACÓN MULTIMARCA MANO DE OBRA | E7: 1. REPUESTOS | G7: 2. REPUESTOS | I7: 3. REPUESTOS | K7: 4. REPUESTOS | M7: 5. REPUESTOS | O7: 6. REPUESTOS | Q7: 7. REPUESTOS | S7: 8. REPUESTOS | U7: 9. REPUESTOS | W7: 10. REPUESTOS | Y7: 11. REPUESTOS | AA7: 12. REPUESTOS | AC7: 13. REPUESTOS | AE7: 14. REPUESTOS | AG7: 15. REPUESTOS | AI7: 16. REPUESTOS | AK7: 17. REPUESTOS | AM7: 18. REPUESTOS
A9: NOMBRE DEL ACTIVO | E9: CAMIONETA | G9: CAMIONETA | I9: AUTOMÓVIL | K9: AUTOMÓVIL | M9: CAMIONETA | O9: AUTOMÓVIL | Q9: CAMIONETA | S9: CAMIONETA | U9: CAMPERO | W9: AUTOMÓVIL | Y9: CAMIONETA | AA9: CAMIONETA / CAMERO | AC9: CAMIONETA / CAMERO | AE9: AUTOMÓVIL | AG9: AUTOMÓVIL | AI9: AUTOMÓVIL | AK9: AUTOMÓVIL | AM9: AUTOMÓVIL
A10: MARCA | E10: CHEVROLET | G10: CHEVROLET | I10: CHEVROLET | K10: HYUNDAI | M10: MAZDA | O10: MAZDA | Q10: NISSAN | S10: NISSAN | U10: NISSAN | W10: NISSAN | Y10: RENAULT | AA10: RENAULT | AC10: RENAULT | AE10: RENAULT | AG10: RENAULT | AI10: FORD | AK10: CHEVROLET | AM10: RENAULT
A11: LÍNEA | C11: CANTIDAD | E11: LUV D-MAX (9) | G11: D-MAX (1) | I11: SONIC (1) | K11: ACCENT (1) | M11: BT-50 (1) | O11: TRES (1) | Q11: FRONTIER D22 (16) | S11: NAVARA (1) | U11: XTRAIL (1) | W11: VERSA (1) | Y11: ALASKAN (4) | AA11: DUSTER (6) | AC11: DUSTER OROCH (1) | AE11: LOGAN (2) | AG11: SCALA(1) | AI11: FIESTA (1) | AK11: SAIL (1) | AM11: CLIO
A12: MODELO | E12: 2007 A 2013 | G12: 2020 | I12: 2016 | K12: 2005 | M12: 2009 | O12: 2007 | Q12: 2010-12-13-18 | S12: 2014 | U12: 2014 | W12: 2015 | Y12: 2018 | AA12: 2016 A 2017 | AC12: 2020 | AE12: 2019 | AG12: 2012 | AI12: 2014 | AK12: 2014 | AM12: 2016
A13: MUTIMARCA CAMIONETAS Y AUTOMÓVILES | E13: COSTO REPUESTO (S) | G13: COSTO REPUESTO (S) | I13: COSTO REPUESTO (S) | K13: COSTO REPUESTO (S) | M13: COSTO REPUESTO (S) | O13: COSTO REPUESTO (S) | Q13: COSTO REPUESTO (S) | S13: COSTO REPUESTO (S) | U13: COSTO REPUESTO (S) | W13: COSTO REPUESTO (S) | Y13: COSTO REPUESTO (S) | AA13: COSTO REPUESTO (S) | AC13: COSTO REPUESTO (S) | AE13: COSTO REPUESTO (S) | AG13: COSTO REPUESTO (S) | AI13: COSTO REPUESTO (S) | AK13: COSTO REPUESTO (S) | AM13: COSTO REPUESTO (S)
E14: VALOR UNITARIO INCLUIDO IVA | G14: VALOR UNITARIO INCLUIDO IVA | I14: VALOR UNITARIO INCLUIDO IVA | K14: VALOR UNITARIO INCLUIDO IVA | M14: VALOR UNITARIO INCLUIDO IVA | O14: VALOR UNITARIO INCLUIDO IVA | Q14: VALOR UNITARIO INCLUIDO IVA | S14: VALOR UNITARIO INCLUIDO IVA | U14: VALOR UNITARIO INCLUIDO IVA | W14: VALOR UNITARIO INCLUIDO IVA | Y14: VALOR UNITARIO INCLUIDO IVA | AA14: VALOR UNITARIO INCLUIDO IVA | AC14: VALOR UNITARIO INCLUIDO IVA | AE14: VALOR UNITARIO INCLUIDO IVA | AG14: VALOR UNITARIO INCLUIDO IVA | AI14: VALOR UNITARIO INCLUIDO IVA | AK14: VALOR UNITARIO INCLUIDO IVA | AM14: VALOR UNITARIO INCLUIDO IVA
A15: ÌTEM | B15: SISTEMA DE FRENOS
A16: 1 | B16: Juego de Bandas Remachadas (Dos pares) | C16: 1 | E16: 152621.66 | F16: =+IF(E16="N/A","N/A",(E16-(E16*$E$4))) -> 76310.832 | G16: 184831.22 | H16: =+IF(G16="N/A","N/A",(G16-(G16*$E$4))) -> 92415.61 | I16: 151525.97 | J16: =+IF(I16="N/A","N/A",(I16-(I16*$E$4))) -> 75762.987 | K16: N/A | L16: =+IF(K16="N/A","N/A",(K16-(K16*$E$4))) -> N/A | M16: 152621.66 | N16: =+IF(M16="N/A","N/A",(M16-(M16*$E$4))) -> 76310.832 | O16: N/A | P16: =+IF(O16="N/A","N/A",(O16-(O16*$E$4))) -> N/A | Q16: 176153.99 | R16: =+IF(Q16="N/A","N/A",(Q16-(Q16*$E$4))) -> 88076.993 | S16: 176153.99 | T16: =+IF(S16="N/A","N/A",(S16-(S16*$E$4))) -> 88076.993 | U16: 176153.99 | V16: =+IF(U16="N/A","N/A",(U16-(U16*$E$4))) -> 88076.993 | W16: N/A | X16: =+IF(W16="N/A","N/A",(W16-(W16*$E$4))) -> N/A | Y16: 149974.87 | Z16: =+IF(Y16="N/A","N/A",(Y16-(Y16*$E$4))) -> 74987.436 | AA16: 148716.93 | AB16: =+IF(AA16="N/A","N/A",(AA16-(AA16*$E$4))) -> 74358.467 | AC16: 170947.35 | AD16: =+IF(AC16="N/A","N/A",(AC16-(AC16*$E$4))) -> 85473.673 | AE16: N/A | AF16: =+IF(AE16="N/A","N/A",(AE16-(AE16*$E$4))) -> N/A | AG16: N/A | AH16: =+IF(AG16="N/A","N/A",(AG16-(AG16*$E$4))) -> N/A | AI16: N/A | AJ16: =+IF(AI16="N/A","N/A",(AI16-(AI16*$E$4))) -> N/A | AK16: 219916.83 | AL16: =+IF(AK16="N/A","N/A",(AK16-(AK16*$E$4))) -> 109958.42 | AM16: N/A | AN16: =+IF(AM16="N/A","N/A",(AM16-(AM16*$E$4))) -> N/A
A17: 2 | B17: Juego De Bandas Frenos (Dos pares) | C17: 1 | E17: 256721.02 | F17: =+IF(E17="N/A","N/A",(E17-(E17*$E$4))) -> 128360.51 | G17: 407843.97 | H17: =+IF(G17="N/A","N/A",(G17-(G17*$E$4))) -> 203921.98 | I17: 320093.09 | J17: =+IF(I17="N/A","N/A",(I17-(I17*$E$4))) -> 160046.54 | K17: 292696.03 | L17: =+IF(K17="N/A","N/A",(K17-(K17*$E$4))) -> 146348.02 | M17: 325654.89 | N17: =+IF(M17="N/A","N/A",(M17-(M17*$E$4))) -> 162827.45 | O17: 305046.7 | P17: =+IF(O17="N/A","N/A",(O17-(O17*$E$4))) -> 152523.35 | Q17: 489412.66 | R17: =+IF(Q17="N/A","N/A",(Q17-(Q17*$E$4))) -> 244706.33 | S17: 489412.66 | T17: =+IF(S17="N/A","N/A",(S17-(S17*$E$4))) -> 244706.33 | U17: 472057.69 | V17: =+IF(U17="N/A","N/A",(U17-(U17*$E$4))) -> 236028.85 | W17: 270739.28 | X17: =+IF(W17="N/A","N/A",(W17-(W17*$E$4))) -> 135369.64 | Y17: 365186.69 | Z17: =+IF(Y17="N/A","N/A",(Y17-(Y17*$E$4))) -> 182593.34 | AA17: 320469.99 | AB17: =+IF(AA17="N/A","N/A",(AA17-(AA17*$E$4))) -> 160234.99 | AC17: 446024.99 | AD17: =+IF(AC17="N/A","N/A",(AC17-(AC17*$E$4))) -> 223012.5 | AE17: 215081.75 | AF17: =+IF(AE17="N/A","N/A",(AE17-(AE17*$E$4))) -> 107540.88 | AG17: 215081.75 | AH17: =+IF(AG17="N/A","N/A",(AG17-(AG17*$E$4))) -> 107540.88 | AI17: 268787.94 | AJ17: =+IF(AI17="N/A","N/A",(AI17-(AI17*$E$4))) -> 134393.97 | AK17: N/A | AL17: =+IF(AK17="N/A","N/A",(AK17-(AK17*$E$4))) -> N/A | AM17: 338000 | AN17: =+IF(AM17="N/A","N/A",(AM17-(AM17*$E$4))) -> 169000
A18: 3 | B18: Cilindro De Freno | C18: 1 | E18: 218370.44 | F18: =+IF(E18="N/A","N/A",(E18-(E18*$E$4))) -> 109185.22 | G18: 328010.82 | H18: =+IF(G18="N/A","N/A",(G18-(G18*$E$4))) -> 164005.41 | I18: 193300.68 | J18: =+IF(I18="N/A","N/A",(I18-(I18*$E$4))) -> 96650.339 | K18: 196233.18 | L18: =+IF(K18="N/A","N/A",(K18-(K18*$E$4))) -> 98116.589 | M18: 223306.18 | N18: =+IF(M18="N/A","N/A",(M18-(M18*$E$4))) -> 111653.09 | O18: 195637.39 | P18: =+IF(O18="N/A","N/A",(O18-(O18*$E$4))) -> 97818.694 | Q18: 253383.81 | R18: =+IF(Q18="N/A","N/A",(Q18-(Q18*$E$4))) -> 126691.91 | S18: 262061.55 | T18: =+IF(S18="N/A","N/A",(S18-(S18*$E$4))) -> 131030.77 | U18: 270739.28 | V18: =+IF(U18="N/A","N/A",(U18-(U18*$E$4))) -> 135369.64 | W18: 218673.88 | X18: =+IF(W18="N/A","N/A",(W18-(W18*$E$4))) -> 109336.94 | Y18: 252407.52 | Z18: =+IF(Y18="N/A","N/A",(Y18-(Y18*$E$4))) -> 126203.76 | AA18: 225294.57 | AB18: =+IF(AA18="N/A","N/A",(AA18-(AA18*$E$4))) -> 112647.28 | AC18: 230822.21 | AD18: =+IF(AC18="N/A","N/A",(AC18-(AC18*$E$4))) -> 115411.1 | AE18: 208542.28 | AF18: =+IF(AE18="N/A","N/A",(AE18-(AE18*$E$4))) -> 104271.14 | AG18: 211815.56 | AH18: =+IF(AG18="N/A","N/A",(AG18-(AG18*$E$4))) -> 105907.78 | AI18: 250554.2 | AJ18: =+IF(AI18="N/A","N/A",(AI18-(AI18*$E$4))) -> 125277.1 | AK18: N/A | AL18: =+IF(AK18="N/A","N/A",(AK18-(AK18*$E$4))) -> N/A | AM18: 273000 | AN18: =+IF(AM18="N/A","N/A",(AM18-(AM18*$E$4))) -> 136500
A19: 4 | B19: Discos De Frenos Delanteros (Par) | C19: 1 | E19: 566818.06 | F19: =+IF(E19="N/A","N/A",(E19-(E19*$E$4))) -> 283409.03 | G19: 754945.3 | H19: =+IF(G19="N/A","N/A",(G19-(G19*$E$4))) -> 377472.65 | I19: 572593.63 | J19: =+IF(I19="N/A","N/A",(I19-(I19*$E$4))) -> 286296.81 | K19: 514096.18 | L19: =+IF(K19="N/A","N/A",(K19-(K19*$E$4))) -> 257048.09 | M19: 565376.94 | N19: =+IF(M19="N/A","N/A",(M19-(M19*$E$4))) -> 282688.47 | O19: 522149.36 | P19: =+IF(O19="N/A","N/A",(O19-(O19*$E$4))) -> 261074.68 | Q19: 598749.6 | R19: =+IF(Q19="N/A","N/A",(Q19-(Q19*$E$4))) -> 299374.8 | S19: 590072.37 | T19: =+IF(S19="N/A","N/A",(S19-(S19*$E$4))) -> 295036.18 | U19: 676847.7 | V19: =+IF(U19="N/A","N/A",(U19-(U19*$E$4))) -> 338423.85 | W19: 607427.33 | X19: =+IF(W19="N/A","N/A",(W19-(W19*$E$4))) -> 303713.67 | Y19: 614238.8 | Z19: =+IF(Y19="N/A","N/A",(Y19-(Y19*$E$4))) -> 307119.4 | AA19: 531516.16 | AB19: =+IF(AA19="N/A","N/A",(AA19-(AA19*$E$4))) -> 265758.08 | AC19: 564039.67 | AD19: =+IF(AC19="N/A","N/A",(AC19-(AC19*$E$4))) -> 282019.83 | AE19: 498939.16 | AF19: =+IF(AE19="N/A","N/A",(AE19-(AE19*$E$4))) -> 249469.58 | AG19: 510849.98 | AH19: =+IF(AG19="N/A","N/A",(AG19-(AG19*$E$4))) -> 255424.99 | AI19: 658976.08 | AJ19: =+IF(AI19="N/A","N/A",(AI19-(AI19*$E$4))) -> 329488.04 | AK19: 834166.83 | AL19: =+IF(AK19="N/A","N/A",(AK19-(AK19*$E$4))) -> 417083.42 | AM19: 758333.17 | AN19: =+IF(AM19="N/A","N/A",(AM19-(AM19*$E$4))) -> 379166.58
A20: 5 | B20: Juego De Pastillas De Frenos Delantera (Dos pares) | C20: 1 | E20: 243274.6 | F20: =+IF(E20="N/A","N/A",(E20-(E20*$E$4))) -> 121637.3 | G20: 256854.91 | H20: =+IF(G20="N/A","N/A",(G20-(G20*$E$4))) -> 128427.45 | I20: 232017.68 | J20: =+IF(I20="N/A","N/A",(I20-(I20*$E$4))) -> 116008.84 | K20: 234148.64 | L20: =+IF(K20="N/A","N/A",(K20-(K20*$E$4))) -> 117074.32 | M20: 257512.08 | N20: =+IF(M20="N/A","N/A",(M20-(M20*$E$4))) -> 128756.04 | O20: 232957.55 | P20: =+IF(O20="N/A","N/A",(O20-(O20*$E$4))) -> 116478.78 | Q20: 277680.97 | R20: =+IF(Q20="N/A","N/A",(Q20-(Q20*$E$4))) -> 138840.48 | S20: 269003.73 | T20: =+IF(S20="N/A","N/A",(S20-(S20*$E$4))) -> 134501.87 | U20: 265532.64 | V20: =+IF(U20="N/A","N/A",(U20-(U20*$E$4))) -> 132766.32 | W20: 209996.15 | X20: =+IF(W20="N/A","N/A",(W20-(W20*$E$4))) -> 104998.07 | Y20: 282562.73 | Z20: =+IF(Y20="N/A","N/A",(Y20-(Y20*$E$4))) -> 141281.37 | AA20: 256642.83 | AB20: =+IF(AA20="N/A","N/A",(AA20-(AA20*$E$4))) -> 128321.41 | AC20: 260326 | AD20: =+IF(AC20="N/A","N/A",(AC20-(AC20*$E$4))) -> 130163 | AE20: 207345.86 | AF20: =+IF(AE20="N/A","N/A",(AE20-(AE20*$E$4))) -> 103672.93 | AG20: 210623.58 | AH20: =+IF(AG20="N/A","N/A",(AG20-(AG20*$E$4))) -> 105311.79 | AI20: 262829.16 | AJ20: =+IF(AI20="N/A","N/A",(AI20-(AI20*$E$4))) -> 131414.58 | AK20: 348833.17 | AL20: =+IF(AK20="N/A","N/A",(AK20-(AK20*$E$4))) -> 174416.58 | AM20: 262166.83 | AN20: =+IF(AM20="N/A","N/A",(AM20-(AM20*$E$4))) -> 131083.42
A21: 6 | B21: Juego De Pastillas De Frenos Traseras (Dos pares) | C21: 1 | E21: N/A | F21: =+IF(E21="N/A","N/A",(E21-(E21*$E$4))) -> N/A | G21: N/A | H21: =+IF(G21="N/A","N/A",(G21-(G21*$E$4))) -> N/A | I21: N/A | J21: =+IF(I21="N/A","N/A",(I21-(I21*$E$4))) -> N/A | K21: N/A | L21: =+IF(K21="N/A","N/A",(K21-(K21*$E$4))) -> N/A | M21: N/A | N21: =+IF(M21="N/A","N/A",(M21-(M21*$E$4))) -> N/A | O21: N/A | P21: =+IF(O21="N/A","N/A",(O21-(O21*$E$4))) -> N/A | Q21: N/A | R21: =+IF(Q21="N/A","N/A",(Q21-(Q21*$E$4))) -> N/A | S21: N/A | T21: =+IF(S21="N/A","N/A",(S21-(S21*$E$4))) -> N/A | U21: N/A | V21: =+IF(U21="N/A","N/A",(U21-(U21*$E$4))) -> N/A | W21: N/A | X21: =+IF(W21="N/A","N/A",(W21-(W21*$E$4))) -> N/A | Y21: N/A | Z21: =+IF(Y21="N/A","N/A",(Y21-(Y21*$E$4))) -> N/A | AA21: N/A | AB21: =+IF(AA21="N/A","N/A",(AA21-(AA21*$E$4))) -> N/A | AC21: N/A | AD21: =+IF(AC21="N/A","N/A",(AC21-(AC21*$E$4))) -> N/A | AE21: N/A | AF21: =+IF(AE21="N/A","N/A",(AE21-(AE21*$E$4))) -> N/A | AG21: N/A | AH21: =+IF(AG21="N/A","N/A",(AG21-(AG21*$E$4))) -> N/A | AI21: N/A | AJ21: =+IF(AI21="N/A","N/A",(AI21-(AI21*$E$4))) -> N/A | AK21: 422500 | AL21: =+IF(AK21="N/A","N/A",(AK21-(AK21*$E$4))) -> 211250 | AM21: N/A | AN21: =+IF(AM21="N/A","N/A",(AM21-(AM21*$E$4))) -> N/A
A22: 7 | B22: Pistón Caliper | C22: 1 | E22: 195766.57 | F22: =+IF(E22="N/A","N/A",(E22-(E22*$E$4))) -> 97883.283 | G22: 286358.7 | H22: =+IF(G22="N/A","N/A",(G22-(G22*$E$4))) -> 143179.35 | I22: 188428.83 | J22: =+IF(I22="N/A","N/A",(I22-(I22*$E$4))) -> 94214.416 | K22: 177770.5 | L22: =+IF(K22="N/A","N/A",(K22-(K22*$E$4))) -> 88885.251 | M22: 204450.76 | N22: =+IF(M22="N/A","N/A",(M22-(M22*$E$4))) -> 102225.38 | O22: 189992.71 | P22: =+IF(O22="N/A","N/A",(O22-(O22*$E$4))) -> 94996.357 | Q22: 236028.85 | R22: =+IF(Q22="N/A","N/A",(Q22-(Q22*$E$4))) -> 118014.42 | S22: 227351.61 | T22: =+IF(S22="N/A","N/A",(S22-(S22*$E$4))) -> 113675.81 | U22: 218673.88 | V22: =+IF(U22="N/A","N/A",(U22-(U22*$E$4))) -> 109336.94 | W22: 201318.91 | X22: =+IF(W22="N/A","N/A",(W22-(W22*$E$4))) -> 100659.46 | Y22: 211835.3 | Z22: =+IF(Y22="N/A","N/A",(Y22-(Y22*$E$4))) -> 105917.65 | AA22: 157436.65 | AB22: =+IF(AA22="N/A","N/A",(AA22-(AA22*$E$4))) -> 78718.325 | AC22: 173550.67 | AD22: =+IF(AC22="N/A","N/A",(AC22-(AC22*$E$4))) -> 86775.333 | AE22: 157509.75 | AF22: =+IF(AE22="N/A","N/A",(AE22-(AE22*$E$4))) -> 78754.877 | AG22: 165175.13 | AH22: =+IF(AG22="N/A","N/A",(AG22-(AG22*$E$4))) -> 82587.567 | AI22: 195263.13 | AJ22: =+IF(AI22="N/A","N/A",(AI22-(AI22*$E$4))) -> 97631.565 | AK22: 346666.83 | AL22: =+IF(AK22="N/A","N/A",(AK22-(AK22*$E$4))) -> 173333.42 | AM22: 251333.17 | AN22: =+IF(AM22="N/A","N/A",(AM22-(AM22*$E$4))) -> 125666.58
A23: 8 | B23: Juego Interiores Caliper | C23: 1 | E23: 132037.48 | F23: =+IF(E23="N/A","N/A",(E23-(E23*$E$4))) -> 66018.74 | G23: 170079.57 | H23: =+IF(G23="N/A","N/A",(G23-(G23*$E$4))) -> 85039.787 | I23: 116453.71 | J23: =+IF(I23="N/A","N/A",(I23-(I23*$E$4))) -> 58226.856 | K23: 113539.55 | L23: =+IF(K23="N/A","N/A",(K23-(K23*$E$4))) -> 56769.776 | M23: 135903.25 | N23: =+IF(M23="N/A","N/A",(M23-(M23*$E$4))) -> 67951.626 | O23: 130262.29 | P23: =+IF(O23="N/A","N/A",(O23-(O23*$E$4))) -> 65131.143 | Q23: 146650.19 | R23: =+IF(Q23="N/A","N/A",(Q23-(Q23*$E$4))) -> 73325.097 | S23: 145782.42 | T23: =+IF(S23="N/A","N/A",(S23-(S23*$E$4))) -> 72891.21 | U23: 145782.42 | V23: =+IF(U23="N/A","N/A",(U23-(U23*$E$4))) -> 72891.21 | W23: 126691.91 | X23: =+IF(W23="N/A","N/A",(W23-(W23*$E$4))) -> 63345.953 | Y23: 137082.71 | Z23: =+IF(Y23="N/A","N/A",(Y23-(Y23*$E$4))) -> 68541.356 | AA23: 125081.66 | AB23: =+IF(AA23="N/A","N/A",(AA23-(AA23*$E$4))) -> 62540.828 | AC23: 132766.32 | AD23: =+IF(AC23="N/A","N/A",(AC23-(AC23*$E$4))) -> 66383.16 | AE23: 106816.59 | AF23: =+IF(AE23="N/A","N/A",(AE23-(AE23*$E$4))) -> 53408.293 | AG23: 114249.12 | AH23: =+IF(AG23="N/A","N/A",(AG23-(AG23*$E$4))) -> 57124.561 | AI23: 130651.95 | AJ23: =+IF(AI23="N/A","N/A",(AI23-(AI23*$E$4))) -> 65325.974 | AK23: 183083.17 | AL23: =+IF(AK23="N/A","N/A",(AK23-(AK23*$E$4))) -> 91541.583 | AM23: 158166.83 | AN23: =+IF(AM23="N/A","N/A",(AM23-(AM23*$E$4))) -> 79083.417
A24: 9 | B24: Liquido De Freno (Pinta 290 ml) | C24: 1 | E24: 21267.617 | F24: =+IF(E24="N/A","N/A",(E24-(E24*$E$4))) -> 10633.809 | G24: 24297.153 | H24: =+IF(G24="N/A","N/A",(G24-(G24*$E$4))) -> 12148.577 | I24: 22079.416 | J24: =+IF(I24="N/A","N/A",(I24-(I24*$E$4))) -> 11039.708 | K24: 21496.916 | L24: =+IF(K24="N/A","N/A",(K24-(K24*$E$4))) -> 10748.458 | M24: 22026.204 | N24: =+IF(M24="N/A","N/A",(M24-(M24*$E$4))) -> 11013.102 | O24: 21496.916 | P24: =+IF(O24="N/A","N/A",(O24-(O24*$E$4))) -> 10748.458 | Q24: 24297.153 | R24: =+IF(Q24="N/A","N/A",(Q24-(Q24*$E$4))) -> 12148.577 | S24: 24297.153 | T24: =+IF(S24="N/A","N/A",(S24-(S24*$E$4))) -> 12148.577 | U24: 24297.153 | V24: =+IF(U24="N/A","N/A",(U24-(U24*$E$4))) -> 12148.577 | W24: 24297.153 | X24: =+IF(W24="N/A","N/A",(W24-(W24*$E$4))) -> 12148.577 | Y24: 22711.364 | Z24: =+IF(Y24="N/A","N/A",(Y24-(Y24*$E$4))) -> 11355.682 | AA24: 21718.379 | AB24: =+IF(AA24="N/A","N/A",(AA24-(AA24*$E$4))) -> 10859.19 | AC24: 24297.153 | AD24: =+IF(AC24="N/A","N/A",(AC24-(AC24*$E$4))) -> 12148.577 | AE24: 23008.76 | AF24: =+IF(AE24="N/A","N/A",(AE24-(AE24*$E$4))) -> 11504.38 | AG24: 23008.76 | AH24: =+IF(AG24="N/A","N/A",(AG24-(AG24*$E$4))) -> 11504.38 | AI24: 26837.2 | AJ24: =+IF(AI24="N/A","N/A",(AI24-(AI24*$E$4))) -> 13418.6 | AK24: 30333.167 | AL24: =+IF(AK24="N/A","N/A",(AK24-(AK24*$E$4))) -> 15166.583 | AM24: 30333.167 | AN24: =+IF(AM24="N/A","N/A",(AM24-(AM24*$E$4))) -> 15166.583
A25: 10 | B25: Interiores De Bomba | C25: 1 | E25: 169982.82 | F25: =+IF(E25="N/A","N/A",(E25-(E25*$E$4))) -> 84991.41 | G25: 241235.49 | H25: =+IF(G25="N/A","N/A",(G25-(G25*$E$4))) -> 120617.74 | I25: 156817 | J25: =+IF(I25="N/A","N/A",(I25-(I25*$E$4))) -> 78408.5 | K25: 154563.25 | L25: =+IF(K25="N/A","N/A",(K25-(K25*$E$4))) -> 77281.626 | M25: 176132.32 | N25: =+IF(M25="N/A","N/A",(M25-(M25*$E$4))) -> 88066.159 | O25: 151585.8 | P25: =+IF(O25="N/A","N/A",(O25-(O25*$E$4))) -> 75792.899 | Q25: 178757.31 | R25: =+IF(Q25="N/A","N/A",(Q25-(Q25*$E$4))) -> 89378.653 | S25: 178757.31 | T25: =+IF(S25="N/A","N/A",(S25-(S25*$E$4))) -> 89378.653 | U25: 237764.39 | V25: =+IF(U25="N/A","N/A",(U25-(U25*$E$4))) -> 118882.2 | W25: 156195.7 | X25: =+IF(W25="N/A","N/A",(W25-(W25*$E$4))) -> 78097.85 | Y25: 180404.56 | Z25: =+IF(Y25="N/A","N/A",(Y25-(Y25*$E$4))) -> 90202.282 | AA25: 167807.72 | AB25: =+IF(AA25="N/A","N/A",(AA25-(AA25*$E$4))) -> 83903.858 | AC25: 173550.67 | AD25: =+IF(AC25="N/A","N/A",(AC25-(AC25*$E$4))) -> 86775.333 | AE25: 156551.42 | AF25: =+IF(AE25="N/A","N/A",(AE25-(AE25*$E$4))) -> 78275.711 | AG25: 156181.3 | AH25: =+IF(AG25="N/A","N/A",(AG25-(AG25*$E$4))) -> 78090.648 | AI25: 194354.95 | AJ25: =+IF(AI25="N/A","N/A",(AI25-(AI25*$E$4))) -> 97177.477 | AK25: 314166.83 | AL25: =+IF(AK25="N/A","N/A",(AK25-(AK25*$E$4))) -> 157083.42 | AM25: 195000 | AN25: =+IF(AM25="N/A","N/A",(AM25-(AM25*$E$4))) -> 97500
B26: SINCRONIZACIÓN | F26: =+IF(E26="N/A","N/A",(E26-(E26*$E$4))) -> 0 | H26: =+IF(G26="N/A","N/A",(G26-(G26*$E$4))) -> 0 | J26: =+IF(I26="N/A","N/A",(I26-(I26*$E$4))) -> 0 | L26: =+IF(K26="N/A","N/A",(K26-(K26*$E$4))) -> 0 | N26: =+IF(M26="N/A","N/A",(M26-(M26*$E$4))) -> 0 | P26: =+IF(O26="N/A","N/A",(O26-(O26*$E$4))) -> 0 | R26: =+IF(Q26="N/A","N/A",(Q26-(Q26*$E$4))) -> 0 | T26: =+IF(S26="N/A","N/A",(S26-(S26*$E$4))) -> 0 | V26: =+IF(U26="N/A","N/A",(U26-(U26*$E$4))) -> 0 | X26: =+IF(W26="N/A","N/A",(W26-(W26*$E$4))) -> 0 | Z26: =+IF(Y26="N/A","N/A",(Y26-(Y26*$E$4))) -> 0 | AB26: =+IF(AA26="N/A","N/A",(AA26-(AA26*$E$4))) -> 0 | AD26: =+IF(AC26="N/A","N/A",(AC26-(AC26*$E$4))) -> 0 | AF26: =+IF(AE26="N/A","N/A",(AE26-(AE26*$E$4))) -> 0 | AH26: =+IF(AG26="N/A","N/A",(AG26-(AG26*$E$4))) -> 0 | AJ26: =+IF(AI26="N/A","N/A",(AI26-(AI26*$E$4))) -> 0 | AL26: =+IF(AK26="N/A","N/A",(AK26-(AK26*$E$4))) -> 0 | AN26: =+IF(AM26="N/A","N/A",(AM26-(AM26*$E$4))) -> 0
A27: 11 | B27: Bujía | C27: 1 | E27: 37191.332 | F27: =+IF(E27="N/A","N/A",(E27-(E27*$E$4))) -> 18595.666 | G27: 52065.4 | H27: =+IF(G27="N/A","N/A",(G27-(G27*$E$4))) -> 26032.7 | I27: 39467.48 | J27: =+IF(I27="N/A","N/A",(I27-(I27*$E$4))) -> 19733.74 | K27: 40258.639 | L27: =+IF(K27="N/A","N/A",(K27-(K27*$E$4))) -> 20129.319 | M27: 38140.355 | N27: =+IF(M27="N/A","N/A",(M27-(M27*$E$4))) -> 19070.177 | O27: 38458.024 | P27: =+IF(O27="N/A","N/A",(O27-(O27*$E$4))) -> 19229.012 | Q27: 45123.213 | R27: =+IF(Q27="N/A","N/A",(Q27-(Q27*$E$4))) -> 22561.607 | S27: 45123.213 | T27: =+IF(S27="N/A","N/A",(S27-(S27*$E$4))) -> 22561.607 | U27: N/A | V27: =+IF(U27="N/A","N/A",(U27-(U27*$E$4))) -> N/A | W27: 43387.667 | X27: =+IF(W27="N/A","N/A",(W27-(W27*$E$4))) -> 21693.833 | Y27: N/A | Z27: =+IF(Y27="N/A","N/A",(Y27-(Y27*$E$4))) -> N/A | AA27: 31888.892 | AB27: =+IF(AA27="N/A","N/A",(AA27-(AA27*$E$4))) -> 15944.446 | AC27: 34709.933 | AD27: =+IF(AC27="N/A","N/A",(AC27-(AC27*$E$4))) -> 17354.967 | AE27: 31577.092 | AF27: =+IF(AE27="N/A","N/A",(AE27-(AE27*$E$4))) -> 15788.546 | AG27: 34491.329 | AH27: =+IF(AG27="N/A","N/A",(AG27-(AG27*$E$4))) -> 17245.664 | AI27: 47986.915 | AJ27: =+IF(AI27="N/A","N/A",(AI27-(AI27*$E$4))) -> 23993.457 | AK27: 73666.833 | AL27: =+IF(AK27="N/A","N/A",(AK27-(AK27*$E$4))) -> 36833.417 | AM27: 54166.833 | AN27: =+IF(AM27="N/A","N/A",(AM27-(AM27*$E$4))) -> 27083.417
A28: 12 | B28: Filtro Aire | C28: 1 | E28: 76238.168 | F28: =+IF(E28="N/A","N/A",(E28-(E28*$E$4))) -> 38119.084 | G28: 98055.887 | H28: =+IF(G28="N/A","N/A",(G28-(G28*$E$4))) -> 49027.943 | I28: 74255.583 | J28: =+IF(I28="N/A","N/A",(I28-(I28*$E$4))) -> 37127.792 | K28: 72403.167 | L28: =+IF(K28="N/A","N/A",(K28-(K28*$E$4))) -> 36201.584 | M28: 73593.067 | N28: =+IF(M28="N/A","N/A",(M28-(M28*$E$4))) -> 36796.534 | O28: 74014.002 | P28: =+IF(O28="N/A","N/A",(O28-(O28*$E$4))) -> 37007.001 | Q28: 103262.53 | R28: =+IF(Q28="N/A","N/A",(Q28-(Q28*$E$4))) -> 51631.263 | S28: 103262.53 | T28: =+IF(S28="N/A","N/A",(S28-(S28*$E$4))) -> 51631.263 | U28: 98055.887 | V28: =+IF(U28="N/A","N/A",(U28-(U28*$E$4))) -> 49027.943 | W28: 79833.147 | X28: =+IF(W28="N/A","N/A",(W28-(W28*$E$4))) -> 39916.573 | Y28: 94318.996 | Z28: =+IF(Y28="N/A","N/A",(Y28-(Y28*$E$4))) -> 47159.498 | AA28: 74345.438 | AB28: =+IF(AA28="N/A","N/A",(AA28-(AA28*$E$4))) -> 37172.719 | AC28: 99791.433 | AD28: =+IF(AC28="N/A","N/A",(AC28-(AC28*$E$4))) -> 49895.717 | AE28: 75527.486 | AF28: =+IF(AE28="N/A","N/A",(AE28-(AE28*$E$4))) -> 37763.743 | AG28: 82065.162 | AH28: =+IF(AG28="N/A","N/A",(AG28-(AG28*$E$4))) -> 41032.581 | AI28: 102290.08 | AJ28: =+IF(AI28="N/A","N/A",(AI28-(AI28*$E$4))) -> 51145.038 | AK28: 135416.83 | AL28: =+IF(AK28="N/A","N/A",(AK28-(AK28*$E$4))) -> 67708.417 | AM28: 99666.833 | AN28: =+IF(AM28="N/A","N/A",(AM28-(AM28*$E$4))) -> 49833.417
A29: 13 | B29: Filtro Combustible | C29: 1 | E29: 56088.518 | F29: =+IF(E29="N/A","N/A",(E29-(E29*$E$4))) -> 28044.259 | G29: 72023.687 | H29: =+IF(G29="N/A","N/A",(G29-(G29*$E$4))) -> 36011.843 | I29: N/A | J29: =+IF(I29="N/A","N/A",(I29-(I29*$E$4))) -> N/A | K29: N/A | L29: =+IF(K29="N/A","N/A",(K29-(K29*$E$4))) -> N/A | M29: 62020.505 | N29: =+IF(M29="N/A","N/A",(M29-(M29*$E$4))) -> 31010.252 | O29: N/A | P29: =+IF(O29="N/A","N/A",(O29-(O29*$E$4))) -> N/A | Q29: 72023.687 | R29: =+IF(Q29="N/A","N/A",(Q29-(Q29*$E$4))) -> 36011.843 | S29: 72023.687 | T29: =+IF(S29="N/A","N/A",(S29-(S29*$E$4))) -> 36011.843 | U29: 103262.53 | V29: =+IF(U29="N/A","N/A",(U29-(U29*$E$4))) -> 51631.263 | W29: N/A | X29: =+IF(W29="N/A","N/A",(W29-(W29*$E$4))) -> N/A | Y29: 71988.542 | Z29: =+IF(Y29="N/A","N/A",(Y29-(Y29*$E$4))) -> 35994.271 | AA29: 68586.919 | AB29: =+IF(AA29="N/A","N/A",(AA29-(AA29*$E$4))) -> 34293.459 | AC29: 73759.233 | AD29: =+IF(AC29="N/A","N/A",(AC29-(AC29*$E$4))) -> 36879.617 | AE29: 75618.512 | AF29: =+IF(AE29="N/A","N/A",(AE29-(AE29*$E$4))) -> 37809.256 | AG29: 86302.214 | AH29: =+IF(AG29="N/A","N/A",(AG29-(AG29*$E$4))) -> 43151.107 | AI29: N/A | AJ29: =+IF(AI29="N/A","N/A",(AI29-(AI29*$E$4))) -> N/A | AK29: 128916.83 | AL29: =+IF(AK29="N/A","N/A",(AK29-(AK29*$E$4))) -> 64458.417 | AM29: N/A | AN29: =+IF(AM29="N/A","N/A",(AM29-(AM29*$E$4))) -> N/A
A30: 14 | B30: Juego Cables De Alta | C30: 1 | E30: N/A | F30: =+IF(E30="N/A","N/A",(E30-(E30*$E$4))) -> N/A | G30: N/A | H30: =+IF(G30="N/A","N/A",(G30-(G30*$E$4))) -> N/A | I30: N/A | J30: =+IF(I30="N/A","N/A",(I30-(I30*$E$4))) -> N/A | K30: 198582.06 | L30: =+IF(K30="N/A","N/A",(K30-(K30*$E$4))) -> 99291.028 | M30: 203249.78 | N30: =+IF(M30="N/A","N/A",(M30-(M30*$E$4))) -> 101624.89 | O30: N/A | P30: =+IF(O30="N/A","N/A",(O30-(O30*$E$4))) -> N/A | Q30: N/A | R30: =+IF(Q30="N/A","N/A",(Q30-(Q30*$E$4))) -> N/A | S30: N/A | T30: =+IF(S30="N/A","N/A",(S30-(S30*$E$4))) -> N/A | U30: N/A | V30: =+IF(U30="N/A","N/A",(U30-(U30*$E$4))) -> N/A | W30: 116279.13 | X30: =+IF(W30="N/A","N/A",(W30-(W30*$E$4))) -> 58139.563 | Y30: N/A | Z30: =+IF(Y30="N/A","N/A",(Y30-(Y30*$E$4))) -> N/A | AA30: N/A | AB30: =+IF(AA30="N/A","N/A",(AA30-(AA30*$E$4))) -> N/A | AC30: N/A | AD30: =+IF(AC30="N/A","N/A",(AC30-(AC30*$E$4))) -> N/A | AE30: 111905.24 | AF30: =+IF(AE30="N/A","N/A",(AE30-(AE30*$E$4))) -> 55952.62 | AG30: 103316.61 | AH30: =+IF(AG30="N/A","N/A",(AG30-(AG30*$E$4))) -> 51658.303 | AI30: N/A | AJ30: =+IF(AI30="N/A","N/A",(AI30-(AI30*$E$4))) -> N/A | AK30: N/A | AL30: =+IF(AK30="N/A","N/A",(AK30-(AK30*$E$4))) -> N/A | AM30: 145166.83 | AN30: =+IF(AM30="N/A","N/A",(AM30-(AM30*$E$4))) -> 72583.417
A31: 15 | B31: Filtro De Aceite | C31: 1 | E31: 40394.085 | F31: =+IF(E31="N/A","N/A",(E31-(E31*$E$4))) -> 20197.042 | G31: 44255.44 | H31: =+IF(G31="N/A","N/A",(G31-(G31*$E$4))) -> 22127.72 | I31: 34761.289 | J31: =+IF(I31="N/A","N/A",(I31-(I31*$E$4))) -> 17380.645 | K31: 35673.223 | L31: =+IF(K31="N/A","N/A",(K31-(K31*$E$4))) -> 17836.612 | M31: 44341.286 | N31: =+IF(M31="N/A","N/A",(M31-(M31*$E$4))) -> 22170.643 | O31: 40228.908 | P31: =+IF(O31="N/A","N/A",(O31-(O31*$E$4))) -> 20114.454 | Q31: 46858.76 | R31: =+IF(Q31="N/A","N/A",(Q31-(Q31*$E$4))) -> 23429.38 | S31: 46858.76 | T31: =+IF(S31="N/A","N/A",(S31-(S31*$E$4))) -> 23429.38 | U31: 49462.08 | V31: =+IF(U31="N/A","N/A",(U31-(U31*$E$4))) -> 24731.04 | W31: 45123.213 | X31: =+IF(W31="N/A","N/A",(W31-(W31*$E$4))) -> 22561.607 | Y31: 45452.954 | Z31: =+IF(Y31="N/A","N/A",(Y31-(Y31*$E$4))) -> 22726.477 | AA31: 39238.385 | AB31: =+IF(AA31="N/A","N/A",(AA31-(AA31*$E$4))) -> 19619.192 | AC31: 39916.573 | AD31: =+IF(AC31="N/A","N/A",(AC31-(AC31*$E$4))) -> 19958.287 | AE31: 35929.902 | AF31: =+IF(AE31="N/A","N/A",(AE31-(AE31*$E$4))) -> 17964.951 | AG31: 36324.178 | AH31: =+IF(AG31="N/A","N/A",(AG31-(AG31*$E$4))) -> 18162.089 | AI31: 41706.14 | AJ31: =+IF(AI31="N/A","N/A",(AI31-(AI31*$E$4))) -> 20853.07 | AK31: 58500 | AL31: =+IF(AK31="N/A","N/A",(AK31-(AK31*$E$4))) -> 29250 | AM31: 56333.167 | AN31: =+IF(AM31="N/A","N/A",(AM31-(AM31*$E$4))) -> 28166.583
A32: 16 | B32: Filtro Trampa | C32: 1 | E32: 54405.349 | F32: =+IF(E32="N/A","N/A",(E32-(E32*$E$4))) -> 27202.674 | G32: 59007.087 | H32: =+IF(G32="N/A","N/A",(G32-(G32*$E$4))) -> 29503.543 | I32: N/A | J32: =+IF(I32="N/A","N/A",(I32-(I32*$E$4))) -> N/A | K32: N/A | L32: =+IF(K32="N/A","N/A",(K32-(K32*$E$4))) -> N/A | M32: N/A | N32: =+IF(M32="N/A","N/A",(M32-(M32*$E$4))) -> N/A | O32: N/A | P32: =+IF(O32="N/A","N/A",(O32-(O32*$E$4))) -> N/A | Q32: 53800.947 | R32: =+IF(Q32="N/A","N/A",(Q32-(Q32*$E$4))) -> 26900.473 | S32: 52933.173 | T32: =+IF(S32="N/A","N/A",(S32-(S32*$E$4))) -> 26466.587 | U32: 55535.993 | V32: =+IF(U32="N/A","N/A",(U32-(U32*$E$4))) -> 27767.997 | W32: N/A | X32: =+IF(W32="N/A","N/A",(W32-(W32*$E$4))) -> N/A | Y32: 63931.102 | Z32: =+IF(Y32="N/A","N/A",(Y32-(Y32*$E$4))) -> 31965.551 | AA32: N/A | AB32: =+IF(AA32="N/A","N/A",(AA32-(AA32*$E$4))) -> N/A | AC32: N/A | AD32: =+IF(AC32="N/A","N/A",(AC32-(AC32*$E$4))) -> N/A | AE32: N/A | AF32: =+IF(AE32="N/A","N/A",(AE32-(AE32*$E$4))) -> N/A | AG32: N/A | AH32: =+IF(AG32="N/A","N/A",(AG32-(AG32*$E$4))) -> N/A | AI32: N/A | AJ32: =+IF(AI32="N/A","N/A",(AI32-(AI32*$E$4))) -> N/A | AK32: N/A | AL32: =+IF(AK32="N/A","N/A",(AK32-(AK32*$E$4))) -> N/A | AM32: N/A | AN32: =+IF(AM32="N/A","N/A",(AM32-(AM32*$E$4))) -> N/A
A33: 17 | B33: Inyector | C33: 1 | E33: 1431793 | F33: =+IF(E33="N/A","N/A",(E33-(E33*$E$4))) -> 715896.5 | G33: 1587988.7 | H33: =+IF(G33="N/A","N/A",(G33-(G33*$E$4))) -> 793994.35 | I33: 680993.49 | J33: =+IF(I33="N/A","N/A",(I33-(I33*$E$4))) -> 340496.75 | K33: 671514.52 | L33: =+IF(K33="N/A","N/A",(K33-(K33*$E$4))) -> 335757.26 | M33: 966206.46 | N33: =+IF(M33="N/A","N/A",(M33-(M33*$E$4))) -> 483103.23 | O33: 777517.49 | P33: =+IF(O33="N/A","N/A",(O33-(O33*$E$4))) -> 388758.75 | Q33: 1640053.6 | R33: =+IF(Q33="N/A","N/A",(Q33-(Q33*$E$4))) -> 820026.8 | S33: 1640053.6 | T33: =+IF(S33="N/A","N/A",(S33-(S33*$E$4))) -> 820026.8 | U33: 1796249.3 | V33: =+IF(U33="N/A","N/A",(U33-(U33*$E$4))) -> 898124.65 | W33: 928495.97 | X33: =+IF(W33="N/A","N/A",(W33-(W33*$E$4))) -> 464247.98 | Y33: 1321683.3 | Z33: =+IF(Y33="N/A","N/A",(Y33-(Y33*$E$4))) -> 660841.63 | AA33: 780230.41 | AB33: =+IF(AA33="N/A","N/A",(AA33-(AA33*$E$4))) -> 390115.21 | AC33: 1110724.4 | AD33: =+IF(AC33="N/A","N/A",(AC33-(AC33*$E$4))) -> 555362.18 | AE33: 570162.1 | AF33: =+IF(AE33="N/A","N/A",(AE33-(AE33*$E$4))) -> 285081.05 | AG33: 713930.84 | AH33: =+IF(AG33="N/A","N/A",(AG33-(AG33*$E$4))) -> 356965.42 | AI33: 827879.01 | AJ33: =+IF(AI33="N/A","N/A",(AI33-(AI33*$E$4))) -> 413939.5 | AK33: 1960833.2 | AL33: =+IF(AK33="N/A","N/A",(AK33-(AK33*$E$4))) -> 980416.58 | AM33: 1159166.8 | AN33: =+IF(AM33="N/A","N/A",(AM33-(AM33*$E$4))) -> 579583.42
A34: 18 | B34: Bomba De Inyección | C34: 1 | E34: 9204127 | F34: =+IF(E34="N/A","N/A",(E34-(E34*$E$4))) -> 4602063.5 | G34: 9979163.3 | H34: =+IF(G34="N/A","N/A",(G34-(G34*$E$4))) -> 4989581.7 | I34: N/A | J34: =+IF(I34="N/A","N/A",(I34-(I34*$E$4))) -> N/A | K34: N/A | L34: =+IF(K34="N/A","N/A",(K34-(K34*$E$4))) -> N/A | M34: N/A | N34: =+IF(M34="N/A","N/A",(M34-(M34*$E$4))) -> N/A | O34: N/A | P34: =+IF(O34="N/A","N/A",(O34-(O34*$E$4))) -> N/A | Q34: 9805612.7 | R34: =+IF(Q34="N/A","N/A",(Q34-(Q34*$E$4))) -> 4902806.3 | S34: 10152714 | T34: =+IF(S34="N/A","N/A",(S34-(S34*$E$4))) -> 5076357 | U34: 10152714 | V34: =+IF(U34="N/A","N/A",(U34-(U34*$E$4))) -> 5076357 | W34: N/A | X34: =+IF(W34="N/A","N/A",(W34-(W34*$E$4))) -> N/A | Y34: 9570170.8 | Z34: =+IF(Y34="N/A","N/A",(Y34-(Y34*$E$4))) -> 4785085.4 | AA34: N/A | AB34: =+IF(AA34="N/A","N/A",(AA34-(AA34*$E$4))) -> N/A | AC34: N/A | AD34: =+IF(AC34="N/A","N/A",(AC34-(AC34*$E$4))) -> N/A | AE34: N/A | AF34: =+IF(AE34="N/A","N/A",(AE34-(AE34*$E$4))) -> N/A | AG34: N/A | AH34: =+IF(AG34="N/A","N/A",(AG34-(AG34*$E$4))) -> N/A | AI34: N/A | AJ34: =+IF(AI34="N/A","N/A",(AI34-(AI34*$E$4))) -> N/A | AK34: N/A | AL34: =+IF(AK34="N/A","N/A",(AK34-(AK34*$E$4))) -> N/A | AM34: N/A | AN34: =+IF(AM34="N/A","N/A",(AM34-(AM34*$E$4))) -> N/A
A35: 19 | B35: Oring Sellos | C35: 1 | E35: 42921.802 | F35: =+IF(E35="N/A","N/A",(E35-(E35*$E$4))) -> 21460.901 | G35: 59311.132 | H35: =+IF(G35="N/A","N/A",(G35-(G35*$E$4))) -> 29655.566 | I35: N/A | J35: =+IF(I35="N/A","N/A",(I35-(I35*$E$4))) -> N/A | K35: N/A | L35: =+IF(K35="N/A","N/A",(K35-(K35*$E$4))) -> N/A | M35: 44055.859 | N35: =+IF(M35="N/A","N/A",(M35-(M35*$E$4))) -> 22027.93 | O35: N/A | P35: =+IF(O35="N/A","N/A",(O35-(O35*$E$4))) -> N/A | Q35: 51197.627 | R35: =+IF(Q35="N/A","N/A",(Q35-(Q35*$E$4))) -> 25598.813 | S35: 47726.533 | T35: =+IF(S35="N/A","N/A",(S35-(S35*$E$4))) -> 23863.267 | U35: 47726.533 | V35: =+IF(U35="N/A","N/A",(U35-(U35*$E$4))) -> 23863.267 | W35: N/A | X35: =+IF(W35="N/A","N/A",(W35-(W35*$E$4))) -> N/A | Y35: 50629.619 | Z35: =+IF(Y35="N/A","N/A",(Y35-(Y35*$E$4))) -> 25314.81 | AA35: 40151.129 | AB35: =+IF(AA35="N/A","N/A",(AA35-(AA35*$E$4))) -> 20075.565 | AC35: 42519.893 | AD35: =+IF(AC35="N/A","N/A",(AC35-(AC35*$E$4))) -> 21259.947 | AE35: N/A | AF35: =+IF(AE35="N/A","N/A",(AE35-(AE35*$E$4))) -> N/A | AG35: N/A | AH35: =+IF(AG35="N/A","N/A",(AG35-(AG35*$E$4))) -> N/A | AI35: N/A | AJ35: =+IF(AI35="N/A","N/A",(AI35-(AI35*$E$4))) -> N/A | AK35: 81250 | AL35: =+IF(AK35="N/A","N/A",(AK35-(AK35*$E$4))) -> 40625 | AM35: N/A | AN35: =+IF(AM35="N/A","N/A",(AM35-(AM35*$E$4))) -> N/A
A36: 20 | B36: Bomba De Combustible | C36: 1 | E36: 1268710.9 | F36: =+IF(E36="N/A","N/A",(E36-(E36*$E$4))) -> 634355.47 | G36: 1860463 | H36: =+IF(G36="N/A","N/A",(G36-(G36*$E$4))) -> 930231.51 | I36: 1550118 | J36: =+IF(I36="N/A","N/A",(I36-(I36*$E$4))) -> 775059.02 | K36: 1433952.1 | L36: =+IF(K36="N/A","N/A",(K36-(K36*$E$4))) -> 716976.06 | M36: 1465935.6 | N36: =+IF(M36="N/A","N/A",(M36-(M36*$E$4))) -> 732967.79 | O36: 1451931.1 | P36: =+IF(O36="N/A","N/A",(O36-(O36*$E$4))) -> 725965.57 | Q36: 1935090 | R36: =+IF(Q36="N/A","N/A",(Q36-(Q36*$E$4))) -> 967545.02 | S36: 1935090 | T36: =+IF(S36="N/A","N/A",(S36-(S36*$E$4))) -> 967545.02 | U36: N/A | V36: =+IF(U36="N/A","N/A",(U36-(U36*$E$4))) -> N/A | W36: 2073930.3 | X36: =+IF(W36="N/A","N/A",(W36-(W36*$E$4))) -> 1036965.1 | Y36: N/A | Z36: =+IF(Y36="N/A","N/A",(Y36-(Y36*$E$4))) -> N/A | AA36: 1581277.5 | AB36: =+IF(AA36="N/A","N/A",(AA36-(AA36*$E$4))) -> 790638.73 | AC36: 2091285.7 | AD36: =+IF(AC36="N/A","N/A",(AC36-(AC36*$E$4))) -> 1045642.9 | AE36: 1397888.9 | AF36: =+IF(AE36="N/A","N/A",(AE36-(AE36*$E$4))) -> 698944.45 | AG36: 1564065.3 | AH36: =+IF(AG36="N/A","N/A",(AG36-(AG36*$E$4))) -> 782032.67 | AI36: 1782084.9 | AJ36: =+IF(AI36="N/A","N/A",(AI36-(AI36*$E$4))) -> 891042.47 | AK36: 2610833.2 | AL36: =+IF(AK36="N/A","N/A",(AK36-(AK36*$E$4))) -> 1305416.6 | AM36: 2589166.8 | AN36: =+IF(AM36="N/A","N/A",(AM36-(AM36*$E$4))) -> 1294583.4
A37: 21 | B37: Bujía Precalentadora | C37: 1 | E37: 328295.18 | F37: =+IF(E37="N/A","N/A",(E37-(E37*$E$4))) -> 164147.59 | G37: 446024.99 | H37: =+IF(G37="N/A","N/A",(G37-(G37*$E$4))) -> 223012.5 | I37: N/A | J37: =+IF(I37="N/A","N/A",(I37-(I37*$E$4))) -> N/A | K37: N/A | L37: =+IF(K37="N/A","N/A",(K37-(K37*$E$4))) -> N/A | M37: N/A | N37: =+IF(M37="N/A","N/A",(M37-(M37*$E$4))) -> N/A | O37: N/A | P37: =+IF(O37="N/A","N/A",(O37-(O37*$E$4))) -> N/A | Q37: 421728.34 | R37: =+IF(Q37="N/A","N/A",(Q37-(Q37*$E$4))) -> 210864.17 | S37: 439083.31 | T37: =+IF(S37="N/A","N/A",(S37-(S37*$E$4))) -> 219541.65 | U37: 466851.05 | V37: =+IF(U37="N/A","N/A",(U37-(U37*$E$4))) -> 233425.53 | W37: N/A | X37: =+IF(W37="N/A","N/A",(W37-(W37*$E$4))) -> N/A | Y37: 364606.84 | Z37: =+IF(Y37="N/A","N/A",(Y37-(Y37*$E$4))) -> 182303.42 | AA37: N/A | AB37: =+IF(AA37="N/A","N/A",(AA37-(AA37*$E$4))) -> N/A | AC37: N/A | AD37: =+IF(AC37="N/A","N/A",(AC37-(AC37*$E$4))) -> N/A | AE37: N/A | AF37: =+IF(AE37="N/A","N/A",(AE37-(AE37*$E$4))) -> N/A | AG37: N/A | AH37: =+IF(AG37="N/A","N/A",(AG37-(AG37*$E$4))) -> N/A | AI37: N/A | AJ37: =+IF(AI37="N/A","N/A",(AI37-(AI37*$E$4))) -> N/A | AK37: N/A | AL37: =+IF(AK37="N/A","N/A",(AK37-(AK37*$E$4))) -> N/A | AM37: N/A | AN37: =+IF(AM37="N/A","N/A",(AM37-(AM37*$E$4))) -> N/A
A38: 22 | B38: Bombín | C38: 1 | E38: 340627.59 | F38: =+IF(E38="N/A","N/A",(E38-(E38*$E$4))) -> 170313.79 | G38: 543213.61 | H38: =+IF(G38="N/A","N/A",(G38-(G38*$E$4))) -> 271606.8 | I38: N/A | J38: =+IF(I38="N/A","N/A",(I38-(I38*$E$4))) -> N/A | K38: N/A | L38: =+IF(K38="N/A","N/A",(K38-(K38*$E$4))) -> N/A | M38: N/A | N38: =+IF(M38="N/A","N/A",(M38-(M38*$E$4))) -> N/A | O38: N/A | P38: =+IF(O38="N/A","N/A",(O38-(O38*$E$4))) -> N/A | Q38: 555361.93 | R38: =+IF(Q38="N/A","N/A",(Q38-(Q38*$E$4))) -> 277680.97 | S38: 555361.93 | T38: =+IF(S38="N/A","N/A",(S38-(S38*$E$4))) -> 277680.97 | U38: 633460.03 | V38: =+IF(U38="N/A","N/A",(U38-(U38*$E$4))) -> 316730.02 | W38: N/A | X38: =+IF(W38="N/A","N/A",(W38-(W38*$E$4))) -> N/A | Y38: 432186.21 | Z38: =+IF(Y38="N/A","N/A",(Y38-(Y38*$E$4))) -> 216093.1 | AA38: N/A | AB38: =+IF(AA38="N/A","N/A",(AA38-(AA38*$E$4))) -> N/A | AC38: N/A | AD38: =+IF(AC38="N/A","N/A",(AC38-(AC38*$E$4))) -> N/A | AE38: N/A | AF38: =+IF(AE38="N/A","N/A",(AE38-(AE38*$E$4))) -> N/A | AG38: N/A | AH38: =+IF(AG38="N/A","N/A",(AG38-(AG38*$E$4))) -> N/A | AI38: N/A | AJ38: =+IF(AI38="N/A","N/A",(AI38-(AI38*$E$4))) -> N/A | AK38: N/A | AL38: =+IF(AK38="N/A","N/A",(AK38-(AK38*$E$4))) -> N/A | AM38: N/A | AN38: =+IF(AM38="N/A","N/A",(AM38-(AM38*$E$4))) -> N/A
A39: 23 | B39: Tornillo Peter | C39: 1 | E39: 116719.88 | F39: =+IF(E39="N/A","N/A",(E39-(E39*$E$4))) -> 58359.94 | G39: 137105.19 | H39: =+IF(G39="N/A","N/A",(G39-(G39*$E$4))) -> 68552.593 | I39: N/A | J39: =+IF(I39="N/A","N/A",(I39-(I39*$E$4))) -> N/A | K39: N/A | L39: =+IF(K39="N/A","N/A",(K39-(K39*$E$4))) -> N/A | M39: N/A | N39: =+IF(M39="N/A","N/A",(M39-(M39*$E$4))) -> N/A | O39: N/A | P39: =+IF(O39="N/A","N/A",(O39-(O39*$E$4))) -> N/A | Q39: 132766.32 | R39: =+IF(Q39="N/A","N/A",(Q39-(Q39*$E$4))) -> 66383.16 | S39: 138840.73 | T39: =+IF(S39="N/A","N/A",(S39-(S39*$E$4))) -> 69420.367 | U39: 145782.42 | V39: =+IF(U39="N/A","N/A",(U39-(U39*$E$4))) -> 72891.21 | W39: N/A | X39: =+IF(W39="N/A","N/A",(W39-(W39*$E$4))) -> N/A | Y39: 128444.73 | Z39: =+IF(Y39="N/A","N/A",(Y39-(Y39*$E$4))) -> 64222.364 | AA39: N/A | AB39: =+IF(AA39="N/A","N/A",(AA39-(AA39*$E$4))) -> N/A | AC39: N/A | AD39: =+IF(AC39="N/A","N/A",(AC39-(AC39*$E$4))) -> N/A | AE39: N/A | AF39: =+IF(AE39="N/A","N/A",(AE39-(AE39*$E$4))) -> N/A | AG39: N/A | AH39: =+IF(AG39="N/A","N/A",(AG39-(AG39*$E$4))) -> N/A | AI39: N/A | AJ39: =+IF(AI39="N/A","N/A",(AI39-(AI39*$E$4))) -> N/A | AK39: N/A | AL39: =+IF(AK39="N/A","N/A",(AK39-(AK39*$E$4))) -> N/A | AM39: N/A | AN39: =+IF(AM39="N/A","N/A",(AM39-(AM39*$E$4))) -> N/A
B40: SISTEMA DE SUSPENSIÓN | F40: =+IF(E40="N/A","N/A",(E40-(E40*$E$4))) -> 0 | H40: =+IF(G40="N/A","N/A",(G40-(G40*$E$4))) -> 0 | J40: =+IF(I40="N/A","N/A",(I40-(I40*$E$4))) -> 0 | L40: =+IF(K40="N/A","N/A",(K40-(K40*$E$4))) -> 0 | N40: =+IF(M40="N/A","N/A",(M40-(M40*$E$4))) -> 0 | P40: =+IF(O40="N/A","N/A",(O40-(O40*$E$4))) -> 0 | R40: =+IF(Q40="N/A","N/A",(Q40-(Q40*$E$4))) -> 0 | T40: =+IF(S40="N/A","N/A",(S40-(S40*$E$4))) -> 0 | V40: =+IF(U40="N/A","N/A",(U40-(U40*$E$4))) -> 0 | X40: =+IF(W40="N/A","N/A",(W40-(W40*$E$4))) -> 0 | Z40: =+IF(Y40="N/A","N/A",(Y40-(Y40*$E$4))) -> 0 | AB40: =+IF(AA40="N/A","N/A",(AA40-(AA40*$E$4))) -> 0 | AD40: =+IF(AC40="N/A","N/A",(AC40-(AC40*$E$4))) -> 0 | AF40: =+IF(AE40="N/A","N/A",(AE40-(AE40*$E$4))) -> 0 | AH40: =+IF(AG40="N/A","N/A",(AG40-(AG40*$E$4))) -> 0 | AJ40: =+IF(AI40="N/A","N/A",(AI40-(AI40*$E$4))) -> 0 | AL40: =+IF(AK40="N/A","N/A",(AK40-(AK40*$E$4))) -> 0 | AN40: =+IF(AM40="N/A","N/A",(AM40-(AM40*$E$4))) -> 0
A41: 24 | B41: Brazo Axial | C41: 1 | E41: 248988.9 | F41: =+IF(E41="N/A","N/A",(E41-(E41*$E$4))) -> 124494.45 | G41: 307184.76 | H41: =+IF(G41="N/A","N/A",(G41-(G41*$E$4))) -> 153592.38 | I41: 215584.97 | J41: =+IF(I41="N/A","N/A",(I41-(I41*$E$4))) -> 107792.49 | K41: 212920.08 | L41: =+IF(K41="N/A","N/A",(K41-(K41*$E$4))) -> 106460.04 | M41: N/A | N41: =+IF(M41="N/A","N/A",(M41-(M41*$E$4))) -> N/A | O41: 235422.69 | P41: =+IF(O41="N/A","N/A",(O41-(O41*$E$4))) -> 117711.34 | Q41: 274209.87 | R41: =+IF(Q41="N/A","N/A",(Q41-(Q41*$E$4))) -> 137104.94 | S41: 279416.51 | T41: =+IF(S41="N/A","N/A",(S41-(S41*$E$4))) -> 139708.26 | U41: 336688.05 | V41: =+IF(U41="N/A","N/A",(U41-(U41*$E$4))) -> 168344.03 | W41: 267268.19 | X41: =+IF(W41="N/A","N/A",(W41-(W41*$E$4))) -> 133634.09 | Y41: 260025.43 | Z41: =+IF(Y41="N/A","N/A",(Y41-(Y41*$E$4))) -> 130012.72 | AA41: 243282.61 | AB41: =+IF(AA41="N/A","N/A",(AA41-(AA41*$E$4))) -> 121641.3 | AC41: 267268.19 | AD41: =+IF(AC41="N/A","N/A",(AC41-(AC41*$E$4))) -> 133634.09 | AE41: 209503.69 | AF41: =+IF(AE41="N/A","N/A",(AE41-(AE41*$E$4))) -> 104751.85 | AG41: 222325.63 | AH41: =+IF(AG41="N/A","N/A",(AG41-(AG41*$E$4))) -> 111162.81 | AI41: 239273.82 | AJ41: =+IF(AI41="N/A","N/A",(AI41-(AI41*$E$4))) -> 119636.91 | AK41: 416000 | AL41: =+IF(AK41="N/A","N/A",(AK41-(AK41*$E$4))) -> 208000 | AM41: 333666.83 | AN41: =+IF(AM41="N/A","N/A",(AM41-(AM41*$E$4))) -> 166833.42
A42: 25 | B42: Juego de Terminales Direccion (Largo y Corto) | C42: 1 | E42: 348025.08 | F42: =+IF(E42="N/A","N/A",(E42-(E42*$E$4))) -> 174012.54 | G42: 366191.85 | H42: =+IF(G42="N/A","N/A",(G42-(G42*$E$4))) -> 183095.92 | I42: 216779.04 | J42: =+IF(I42="N/A","N/A",(I42-(I42*$E$4))) -> 108389.52 | K42: 215293.79 | L42: =+IF(K42="N/A","N/A",(K42-(K42*$E$4))) -> 107646.89 | M42: 332874.66 | N42: =+IF(M42="N/A","N/A",(M42-(M42*$E$4))) -> 166437.33 | O42: 215690.48 | P42: =+IF(O42="N/A","N/A",(O42-(O42*$E$4))) -> 107845.24 | Q42: 371398.49 | R42: =+IF(Q42="N/A","N/A",(Q42-(Q42*$E$4))) -> 185699.24 | S42: 388753.45 | T42: =+IF(S42="N/A","N/A",(S42-(S42*$E$4))) -> 194376.73 | U42: 371398.49 | V42: =+IF(U42="N/A","N/A",(U42-(U42*$E$4))) -> 185699.24 | W42: 237764.39 | X42: =+IF(W42="N/A","N/A",(W42-(W42*$E$4))) -> 118882.2 | Y42: 383403.82 | Z42: =+IF(Y42="N/A","N/A",(Y42-(Y42*$E$4))) -> 191701.91 | AA42: 313047.09 | AB42: =+IF(AA42="N/A","N/A",(AA42-(AA42*$E$4))) -> 156523.54 | AC42: 329746.37 | AD42: =+IF(AC42="N/A","N/A",(AC42-(AC42*$E$4))) -> 164873.18 | AE42: 217671.64 | AF42: =+IF(AE42="N/A","N/A",(AE42-(AE42*$E$4))) -> 108835.82 | AG42: 222641.89 | AH42: =+IF(AG42="N/A","N/A",(AG42-(AG42*$E$4))) -> 111320.95 | AI42: 274318.82 | AJ42: =+IF(AI42="N/A","N/A",(AI42-(AI42*$E$4))) -> 137159.41 | AK42: 437666.83 | AL42: =+IF(AK42="N/A","N/A",(AK42-(AK42*$E$4))) -> 218833.42 | AM42: 296833.17 | AN42: =+IF(AM42="N/A","N/A",(AM42-(AM42*$E$4))) -> 148416.58
A43: 26 | B43: Fuelle De La Botella | C43: 1 | E43: 62828.487 | F43: =+IF(E43="N/A","N/A",(E43-(E43*$E$4))) -> 31414.244 | G43: 91114.2 | H43: =+IF(G43="N/A","N/A",(G43-(G43*$E$4))) -> 45557.1 | I43: 73005.565 | J43: =+IF(I43="N/A","N/A",(I43-(I43*$E$4))) -> 36502.783 | K43: 66443.202 | L43: =+IF(K43="N/A","N/A",(K43-(K43*$E$4))) -> 33221.601 | M43: N/A | N43: =+IF(M43="N/A","N/A",(M43-(M43*$E$4))) -> N/A | O43: 67435.687 | P43: =+IF(O43="N/A","N/A",(O43-(O43*$E$4))) -> 33717.844 | Q43: 92849.747 | R43: =+IF(Q43="N/A","N/A",(Q43-(Q43*$E$4))) -> 46424.873 | S43: 92849.747 | T43: =+IF(S43="N/A","N/A",(S43-(S43*$E$4))) -> 46424.873 | U43: 92849.747 | V43: =+IF(U43="N/A","N/A",(U43-(U43*$E$4))) -> 46424.873 | W43: 78965.373 | X43: =+IF(W43="N/A","N/A",(W43-(W43*$E$4))) -> 39482.687 | Y43: 83560.662 | Z43: =+IF(Y43="N/A","N/A",(Y43-(Y43*$E$4))) -> 41780.331 | AA43: 73602.207 | AB43: =+IF(AA43="N/A","N/A",(AA43-(AA43*$E$4))) -> 36801.104 | AC43: 95453.067 | AD43: =+IF(AC43="N/A","N/A",(AC43-(AC43*$E$4))) -> 47726.533 | AE43: 78217.49 | AF43: =+IF(AE43="N/A","N/A",(AE43-(AE43*$E$4))) -> 39108.745 | AG43: 78217.49 | AH43: =+IF(AG43="N/A","N/A",(AG43-(AG43*$E$4))) -> 39108.745 | AI43: 96013.818 | AJ43: =+IF(AI43="N/A","N/A",(AI43-(AI43*$E$4))) -> 48006.909 | AK43: 127833.17 | AL43: =+IF(AK43="N/A","N/A",(AK43-(AK43*$E$4))) -> 63916.583 | AM43: 98583.167 | AN43: =+IF(AM43="N/A","N/A",(AM43-(AM43*$E$4))) -> 49291.583
A44: 27 | B44: Interiores De Botella | C44: 1 | E44: 518989.37 | F44: =+IF(E44="N/A","N/A",(E44-(E44*$E$4))) -> 259494.69 | G44: 650815 | H44: =+IF(G44="N/A","N/A",(G44-(G44*$E$4))) -> 325407.5 | I44: 379854.43 | J44: =+IF(I44="N/A","N/A",(I44-(I44*$E$4))) -> 189927.21 | K44: 374052.6 | L44: =+IF(K44="N/A","N/A",(K44-(K44*$E$4))) -> 187026.3 | M44: 524254.25 | N44: =+IF(M44="N/A","N/A",(M44-(M44*$E$4))) -> 262127.13 | O44: 376038.07 | P44: =+IF(O44="N/A","N/A",(O44-(O44*$E$4))) -> 188019.04 | Q44: 538006.97 | R44: =+IF(Q44="N/A","N/A",(Q44-(Q44*$E$4))) -> 269003.48 | S44: 555361.93 | T44: =+IF(S44="N/A","N/A",(S44-(S44*$E$4))) -> 277680.97 | U44: 633460.03 | V44: =+IF(U44="N/A","N/A",(U44-(U44*$E$4))) -> 316730.02 | W44: 404372.87 | X44: =+IF(W44="N/A","N/A",(W44-(W44*$E$4))) -> 202186.44 | Y44: 587753.44 | Z44: =+IF(Y44="N/A","N/A",(Y44-(Y44*$E$4))) -> 293876.72 | AA44: 418845.25 | AB44: =+IF(AA44="N/A","N/A",(AA44-(AA44*$E$4))) -> 209422.62 | AC44: 418257.25 | AD44: =+IF(AC44="N/A","N/A",(AC44-(AC44*$E$4))) -> 209128.62 | AE44: 324822.39 | AF44: =+IF(AE44="N/A","N/A",(AE44-(AE44*$E$4))) -> 162411.19 | AG44: 328836.33 | AH44: =+IF(AG44="N/A","N/A",(AG44-(AG44*$E$4))) -> 164418.16 | AI44: 405735.19 | AJ44: =+IF(AI44="N/A","N/A",(AI44-(AI44*$E$4))) -> 202867.59 | AK44: 478833.17 | AL44: =+IF(AK44="N/A","N/A",(AK44-(AK44*$E$4))) -> 239416.58 | AM44: 504833.17 | AN44: =+IF(AM44="N/A","N/A",(AM44-(AM44*$E$4))) -> 252416.58
A45: 28 | B45: Juego de Amortiguadores Delanteros (PAR) | C45: 1 | E45: 434363.48 | F45: =+IF(E45="N/A","N/A",(E45-(E45*$E$4))) -> 217181.74 | G45: 513709.81 | H45: =+IF(G45="N/A","N/A",(G45-(G45*$E$4))) -> 256854.91 | I45: 518287.59 | J45: =+IF(I45="N/A","N/A",(I45-(I45*$E$4))) -> 259143.8 | K45: 512747.26 | L45: =+IF(K45="N/A","N/A",(K45-(K45*$E$4))) -> 256373.63 | M45: 269833.76 | N45: =+IF(M45="N/A","N/A",(M45-(M45*$E$4))) -> 134916.88 | O45: 515660 | P45: =+IF(O45="N/A","N/A",(O45-(O45*$E$4))) -> 257830 | Q45: 242971.03 | R45: =+IF(Q45="N/A","N/A",(Q45-(Q45*$E$4))) -> 121485.52 | S45: 242971.03 | T45: =+IF(S45="N/A","N/A",(S45-(S45*$E$4))) -> 121485.52 | U45: 390489 | V45: =+IF(U45="N/A","N/A",(U45-(U45*$E$4))) -> 195244.5 | W45: 564039.67 | X45: =+IF(W45="N/A","N/A",(W45-(W45*$E$4))) -> 282019.83 | Y45: 279367.57 | Z45: =+IF(Y45="N/A","N/A",(Y45-(Y45*$E$4))) -> 139683.78 | AA45: 468070.91 | AB45: =+IF(AA45="N/A","N/A",(AA45-(AA45*$E$4))) -> 234035.46 | AC45: 463380.46 | AD45: =+IF(AC45="N/A","N/A",(AC45-(AC45*$E$4))) -> 231690.23 | AE45: 539423.62 | AF45: =+IF(AE45="N/A","N/A",(AE45-(AE45*$E$4))) -> 269711.81 | AG45: 547294.38 | AH45: =+IF(AG45="N/A","N/A",(AG45-(AG45*$E$4))) -> 273647.19 | AI45: 678203.78 | AJ45: =+IF(AI45="N/A","N/A",(AI45-(AI45*$E$4))) -> 339101.89 | AK45: 686833.17 | AL45: =+IF(AK45="N/A","N/A",(AK45-(AK45*$E$4))) -> 343416.58 | AM45: 704166.83 | AN45: =+IF(AM45="N/A","N/A",(AM45-(AM45*$E$4))) -> 352083.42
A46: 29 | B46: Juego de Amortiguadores Traseros (PAR) | C46: 1 | E46: 455077.54 | F46: =+IF(E46="N/A","N/A",(E46-(E46*$E$4))) -> 227538.77 | G46: 518916.45 | H46: =+IF(G46="N/A","N/A",(G46-(G46*$E$4))) -> 259458.23 | I46: 480906.22 | J46: =+IF(I46="N/A","N/A",(I46-(I46*$E$4))) -> 240453.11 | K46: 480094.34 | L46: =+IF(K46="N/A","N/A",(K46-(K46*$E$4))) -> 240047.17 | M46: 485413.87 | N46: =+IF(M46="N/A","N/A",(M46-(M46*$E$4))) -> 242706.94 | O46: 480094.34 | P46: =+IF(O46="N/A","N/A",(O46-(O46*$E$4))) -> 240047.17 | Q46: 489412.66 | R46: =+IF(Q46="N/A","N/A",(Q46-(Q46*$E$4))) -> 244706.33 | S46: 489412.66 | T46: =+IF(S46="N/A","N/A",(S46-(S46*$E$4))) -> 244706.33 | U46: 650815 | V46: =+IF(U46="N/A","N/A",(U46-(U46*$E$4))) -> 325407.5 | W46: 485942.07 | X46: =+IF(W46="N/A","N/A",(W46-(W46*$E$4))) -> 242971.03 | Y46: 517550.02 | Z46: =+IF(Y46="N/A","N/A",(Y46-(Y46*$E$4))) -> 258775.01 | AA46: 463102.46 | AB46: =+IF(AA46="N/A","N/A",(AA46-(AA46*$E$4))) -> 231551.23 | AC46: 454702.73 | AD46: =+IF(AC46="N/A","N/A",(AC46-(AC46*$E$4))) -> 227351.36 | AE46: 416990.4 | AF46: =+IF(AE46="N/A","N/A",(AE46-(AE46*$E$4))) -> 208495.2 | AG46: 473537.8 | AH46: =+IF(AG46="N/A","N/A",(AG46-(AG46*$E$4))) -> 236768.9 | AI46: 584755.14 | AJ46: =+IF(AI46="N/A","N/A",(AI46-(AI46*$E$4))) -> 292377.57 | AK46: 613166.83 | AL46: =+IF(AK46="N/A","N/A",(AK46-(AK46*$E$4))) -> 306583.42 | AM46: 606666.83 | AN46: =+IF(AM46="N/A","N/A",(AM46-(AM46*$E$4))) -> 303333.42
A47: 30 | B47: Cauchos Barra Estabilizadora | C47: 1 | E47: 89319.22 | F47: =+IF(E47="N/A","N/A",(E47-(E47*$E$4))) -> 44659.61 | G47: 114543.58 | H47: =+IF(G47="N/A","N/A",(G47-(G47*$E$4))) -> 57271.79 | I47: 88851.474 | J47: =+IF(I47="N/A","N/A",(I47-(I47*$E$4))) -> 44425.737 | K47: 62683.872 | L47: =+IF(K47="N/A","N/A",(K47-(K47*$E$4))) -> 31341.936 | M47: 156222.89 | N47: =+IF(M47="N/A","N/A",(M47-(M47*$E$4))) -> 78111.444 | O47: 64668.842 | P47: =+IF(O47="N/A","N/A",(O47-(O47*$E$4))) -> 32334.421 | Q47: 213467.24 | R47: =+IF(Q47="N/A","N/A",(Q47-(Q47*$E$4))) -> 106733.62 | S47: 213467.24 | T47: =+IF(S47="N/A","N/A",(S47-(S47*$E$4))) -> 106733.62 | U47: 213467.24 | V47: =+IF(U47="N/A","N/A",(U47-(U47*$E$4))) -> 106733.62 | W47: 88510.88 | X47: =+IF(W47="N/A","N/A",(W47-(W47*$E$4))) -> 44255.44 | Y47: 154436.01 | Z47: =+IF(Y47="N/A","N/A",(Y47-(Y47*$E$4))) -> 77218.007 | AA47: 101080.73 | AB47: =+IF(AA47="N/A","N/A",(AA47-(AA47*$E$4))) -> 50540.367 | AC47: 144046.87 | AD47: =+IF(AC47="N/A","N/A",(AC47-(AC47*$E$4))) -> 72023.437 | AE47: 78766.68 | AF47: =+IF(AE47="N/A","N/A",(AE47-(AE47*$E$4))) -> 39383.34 | AG47: 78766.68 | AH47: =+IF(AG47="N/A","N/A",(AG47-(AG47*$E$4))) -> 39383.34 | AI47: 134113.18 | AJ47: =+IF(AI47="N/A","N/A",(AI47-(AI47*$E$4))) -> 67056.592 | AK47: 180916.83 | AL47: =+IF(AK47="N/A","N/A",(AK47-(AK47*$E$4))) -> 90458.417 | AM47: 110500 | AN47: =+IF(AM47="N/A","N/A",(AM47-(AM47*$E$4))) -> 55250
A48: 31 | B48: Buje Barra Estabilizadora | C48: 1 | E48: 79782.363 | F48: =+IF(E48="N/A","N/A",(E48-(E48*$E$4))) -> 39891.181 | G48: 92849.747 | H48: =+IF(G48="N/A","N/A",(G48-(G48*$E$4))) -> 46424.873 | I48: 64986.382 | J48: =+IF(I48="N/A","N/A",(I48-(I48*$E$4))) -> 32493.191 | K48: 60284.75 | L48: =+IF(K48="N/A","N/A",(K48-(K48*$E$4))) -> 30142.375 | M48: 168968.98 | N48: =+IF(M48="N/A","N/A",(M48-(M48*$E$4))) -> 84484.49 | O48: 63539.025 | P48: =+IF(O48="N/A","N/A",(O48-(O48*$E$4))) -> 31769.512 | Q48: 213467.24 | R48: =+IF(Q48="N/A","N/A",(Q48-(Q48*$E$4))) -> 106733.62 | S48: 213467.24 | T48: =+IF(S48="N/A","N/A",(S48-(S48*$E$4))) -> 106733.62 | U48: 85039.787 | V48: =+IF(U48="N/A","N/A",(U48-(U48*$E$4))) -> 42519.893 | W48: 92849.747 | X48: =+IF(W48="N/A","N/A",(W48-(W48*$E$4))) -> 46424.873 | Y48: 166973.16 | Z48: =+IF(Y48="N/A","N/A",(Y48-(Y48*$E$4))) -> 83486.582 | AA48: 84584.669 | AB48: =+IF(AA48="N/A","N/A",(AA48-(AA48*$E$4))) -> 42292.334 | AC48: 111072.49 | AD48: =+IF(AC48="N/A","N/A",(AC48-(AC48*$E$4))) -> 55536.243 | AE48: 63507.42 | AF48: =+IF(AE48="N/A","N/A",(AE48-(AE48*$E$4))) -> 31753.71 | AG48: 70445.164 | AH48: =+IF(AG48="N/A","N/A",(AG48-(AG48*$E$4))) -> 35222.582 | AI48: 83775.838 | AJ48: =+IF(AI48="N/A","N/A",(AI48-(AI48*$E$4))) -> 41887.919 | AK48: 147333.17 | AL48: =+IF(AK48="N/A","N/A",(AK48-(AK48*$E$4))) -> 73666.583 | AM48: 115916.83 | AN48: =+IF(AM48="N/A","N/A",(AM48-(AM48*$E$4))) -> 57958.417
A49: 32 | B49: Muñeco Barra Estabilizadora | C49: 1 | E49: 164109.91 | F49: =+IF(E49="N/A","N/A",(E49-(E49*$E$4))) -> 82054.955 | G49: 269003.73 | H49: =+IF(G49="N/A","N/A",(G49-(G49*$E$4))) -> 134501.87 | I49: 164545.45 | J49: =+IF(I49="N/A","N/A",(I49-(I49*$E$4))) -> 82272.724 | K49: 143912.04 | L49: =+IF(K49="N/A","N/A",(K49-(K49*$E$4))) -> 71956.019 | M49: 144693.3 | N49: =+IF(M49="N/A","N/A",(M49-(M49*$E$4))) -> 72346.649 | O49: 150420.09 | P49: =+IF(O49="N/A","N/A",(O49-(O49*$E$4))) -> 75210.044 | Q49: 196112.27 | R49: =+IF(Q49="N/A","N/A",(Q49-(Q49*$E$4))) -> 98056.137 | S49: 196112.27 | T49: =+IF(S49="N/A","N/A",(S49-(S49*$E$4))) -> 98056.137 | U49: 265532.64 | V49: =+IF(U49="N/A","N/A",(U49-(U49*$E$4))) -> 132766.32 | W49: 220409.43 | X49: =+IF(W49="N/A","N/A",(W49-(W49*$E$4))) -> 110204.71 | Y49: 159870.04 | Z49: =+IF(Y49="N/A","N/A",(Y49-(Y49*$E$4))) -> 79935.019 | AA49: 178645.42 | AB49: =+IF(AA49="N/A","N/A",(AA49-(AA49*$E$4))) -> 89322.709 | AC49: 229086.66 | AD49: =+IF(AC49="N/A","N/A",(AC49-(AC49*$E$4))) -> 114543.33 | AE49: 151887.37 | AF49: =+IF(AE49="N/A","N/A",(AE49-(AE49*$E$4))) -> 75943.687 | AG49: 161217.43 | AH49: =+IF(AG49="N/A","N/A",(AG49-(AG49*$E$4))) -> 80608.717 | AI49: 204974.81 | AJ49: =+IF(AI49="N/A","N/A",(AI49-(AI49*$E$4))) -> 102487.41 | AK49: 316333.17 | AL49: =+IF(AK49="N/A","N/A",(AK49-(AK49*$E$4))) -> 158166.58 | AM49: 275166.83 | AN49: =+IF(AM49="N/A","N/A",(AM49-(AM49*$E$4))) -> 137583.42
A50: 33 | B50: Rotula Inferior | C50: 1 | E50: 268556.93 | F50: =+IF(E50="N/A","N/A",(E50-(E50*$E$4))) -> 134278.46 | G50: 314126.95 | H50: =+IF(G50="N/A","N/A",(G50-(G50*$E$4))) -> 157063.47 | I50: 229048.12 | J50: =+IF(I50="N/A","N/A",(I50-(I50*$E$4))) -> 114524.06 | K50: 216793.05 | L50: =+IF(K50="N/A","N/A",(K50-(K50*$E$4))) -> 108396.53 | M50: 200413.5 | N50: =+IF(M50="N/A","N/A",(M50-(M50*$E$4))) -> 100206.75 | O50: 218712.81 | P50: =+IF(O50="N/A","N/A",(O50-(O50*$E$4))) -> 109356.41 | Q50: 209996.15 | R50: =+IF(Q50="N/A","N/A",(Q50-(Q50*$E$4))) -> 104998.07 | S50: 209996.15 | T50: =+IF(S50="N/A","N/A",(S50-(S50*$E$4))) -> 104998.07 | U50: 230822.21 | V50: =+IF(U50="N/A","N/A",(U50-(U50*$E$4))) -> 115411.1 | W50: 275945.42 | X50: =+IF(W50="N/A","N/A",(W50-(W50*$E$4))) -> 137972.71 | Y50: 204884.2 | Z50: =+IF(Y50="N/A","N/A",(Y50-(Y50*$E$4))) -> 102442.1 | AA50: 291156.34 | AB50: =+IF(AA50="N/A","N/A",(AA50-(AA50*$E$4))) -> 145578.17 | AC50: 321068.63 | AD50: =+IF(AC50="N/A","N/A",(AC50-(AC50*$E$4))) -> 160534.32 | AE50: 214395.34 | AF50: =+IF(AE50="N/A","N/A",(AE50-(AE50*$E$4))) -> 107197.67 | AG50: 265487.73 | AH50: =+IF(AG50="N/A","N/A",(AG50-(AG50*$E$4))) -> 132743.87 | AI50: 300309.98 | AJ50: =+IF(AI50="N/A","N/A",(AI50-(AI50*$E$4))) -> 150154.99 | AK50: 395416.83 | AL50: =+IF(AK50="N/A","N/A",(AK50-(AK50*$E$4))) -> 197708.42 | AM50: 344500 | AN50: =+IF(AM50="N/A","N/A",(AM50-(AM50*$E$4))) -> 172250
A51: 34 | B51: Rotula Superior | C51: 1 | E51: 274734.48 | F51: =+IF(E51="N/A","N/A",(E51-(E51*$E$4))) -> 137367.24 | G51: 331481.91 | H51: =+IF(G51="N/A","N/A",(G51-(G51*$E$4))) -> 165740.96 | I51: N/A | J51: =+IF(I51="N/A","N/A",(I51-(I51*$E$4))) -> N/A | K51: N/A | L51: =+IF(K51="N/A","N/A",(K51-(K51*$E$4))) -> N/A | M51: 255811.94 | N51: =+IF(M51="N/A","N/A",(M51-(M51*$E$4))) -> 127905.97 | O51: N/A | P51: =+IF(O51="N/A","N/A",(O51-(O51*$E$4))) -> N/A | Q51: 296771.48 | R51: =+IF(Q51="N/A","N/A",(Q51-(Q51*$E$4))) -> 148385.74 | S51: 279416.51 | T51: =+IF(S51="N/A","N/A",(S51-(S51*$E$4))) -> 139708.26 | U51: 322804.18 | V51: =+IF(U51="N/A","N/A",(U51-(U51*$E$4))) -> 161402.09 | W51: N/A | X51: =+IF(W51="N/A","N/A",(W51-(W51*$E$4))) -> N/A | Y51: N/A | Z51: =+IF(Y51="N/A","N/A",(Y51-(Y51*$E$4))) -> N/A | AA51: N/A | AB51: =+IF(AA51="N/A","N/A",(AA51-(AA51*$E$4))) -> N/A | AC51: N/A | AD51: =+IF(AC51="N/A","N/A",(AC51-(AC51*$E$4))) -> N/A | AE51: N/A | AF51: =+IF(AE51="N/A","N/A",(AE51-(AE51*$E$4))) -> N/A | AG51: N/A | AH51: =+IF(AG51="N/A","N/A",(AG51-(AG51*$E$4))) -> N/A | AI51: N/A | AJ51: =+IF(AI51="N/A","N/A",(AI51-(AI51*$E$4))) -> N/A | AK51: 431166.83 | AL51: =+IF(AK51="N/A","N/A",(AK51-(AK51*$E$4))) -> 215583.42 | AM51: N/A | AN51: =+IF(AM51="N/A","N/A",(AM51-(AM51*$E$4))) -> N/A
A52: 35 | B52: Juego Bujes Tijeras Superior (par) | C52: 1 | E52: 196221.73 | F52: =+IF(E52="N/A","N/A",(E52-(E52*$E$4))) -> 98110.866 | G52: 262061.55 | H52: =+IF(G52="N/A","N/A",(G52-(G52*$E$4))) -> 131030.77 | I52: N/A | J52: =+IF(I52="N/A","N/A",(I52-(I52*$E$4))) -> N/A | K52: N/A | L52: =+IF(K52="N/A","N/A",(K52-(K52*$E$4))) -> N/A | M52: 244770.02 | N52: =+IF(M52="N/A","N/A",(M52-(M52*$E$4))) -> 122385.01 | O52: N/A | P52: =+IF(O52="N/A","N/A",(O52-(O52*$E$4))) -> N/A | Q52: 322804.18 | R52: =+IF(Q52="N/A","N/A",(Q52-(Q52*$E$4))) -> 161402.09 | S52: 322804.18 | T52: =+IF(S52="N/A","N/A",(S52-(S52*$E$4))) -> 161402.09 | U52: 387017.91 | V52: =+IF(U52="N/A","N/A",(U52-(U52*$E$4))) -> 193508.95 | W52: N/A | X52: =+IF(W52="N/A","N/A",(W52-(W52*$E$4))) -> N/A | Y52: N/A | Z52: =+IF(Y52="N/A","N/A",(Y52-(Y52*$E$4))) -> N/A | AA52: 162280.06 | AB52: =+IF(AA52="N/A","N/A",(AA52-(AA52*$E$4))) -> 81140.031 | AC52: 275945.42 | AD52: =+IF(AC52="N/A","N/A",(AC52-(AC52*$E$4))) -> 137972.71 | AE52: N/A | AF52: =+IF(AE52="N/A","N/A",(AE52-(AE52*$E$4))) -> N/A | AG52: N/A | AH52: =+IF(AG52="N/A","N/A",(AG52-(AG52*$E$4))) -> N/A | AI52: N/A | AJ52: =+IF(AI52="N/A","N/A",(AI52-(AI52*$E$4))) -> N/A | AK52: 489666.83 | AL52: =+IF(AK52="N/A","N/A",(AK52-(AK52*$E$4))) -> 244833.42 | AM52: N/A | AN52: =+IF(AM52="N/A","N/A",(AM52-(AM52*$E$4))) -> N/A
A53: 36 | B53: Juego Bujes Tijeras Inferior (par) | C53: 1 | E53: 221418.15 | F53: =+IF(E53="N/A","N/A",(E53-(E53*$E$4))) -> 110709.07 | G53: 296771.48 | H53: =+IF(G53="N/A","N/A",(G53-(G53*$E$4))) -> 148385.74 | I53: 158518 | J53: =+IF(I53="N/A","N/A",(I53-(I53*$E$4))) -> 79259.001 | K53: 153479.58 | L53: =+IF(K53="N/A","N/A",(K53-(K53*$E$4))) -> 76739.792 | M53: 231772.04 | N53: =+IF(M53="N/A","N/A",(M53-(M53*$E$4))) -> 115886.02 | O53: 151494.61 | P53: =+IF(O53="N/A","N/A",(O53-(O53*$E$4))) -> 75747.307 | Q53: 298507.03 | R53: =+IF(Q53="N/A","N/A",(Q53-(Q53*$E$4))) -> 149253.51 | S53: 298507.03 | T53: =+IF(S53="N/A","N/A",(S53-(S53*$E$4))) -> 149253.51 | U53: 367927.39 | V53: =+IF(U53="N/A","N/A",(U53-(U53*$E$4))) -> 183963.7 | W53: 185698.99 | X53: =+IF(W53="N/A","N/A",(W53-(W53*$E$4))) -> 92849.497 | Y53: 202921.77 | Z53: =+IF(Y53="N/A","N/A",(Y53-(Y53*$E$4))) -> 101460.88 | AA53: 192003.43 | AB53: =+IF(AA53="N/A","N/A",(AA53-(AA53*$E$4))) -> 96001.716 | AC53: 303713.67 | AD53: =+IF(AC53="N/A","N/A",(AC53-(AC53*$E$4))) -> 151856.83 | AE53: 152392.43 | AF53: =+IF(AE53="N/A","N/A",(AE53-(AE53*$E$4))) -> 76196.215 | AG53: 154377.9 | AH53: =+IF(AG53="N/A","N/A",(AG53-(AG53*$E$4))) -> 77188.95 | AI53: 193372.15 | AJ53: =+IF(AI53="N/A","N/A",(AI53-(AI53*$E$4))) -> 96686.074 | AK53: 459333.17 | AL53: =+IF(AK53="N/A","N/A",(AK53-(AK53*$E$4))) -> 229666.58 | AM53: 231833.17 | AN53: =+IF(AM53="N/A","N/A",(AM53-(AM53*$E$4))) -> 115916.58
A54: 37 | B54: Buje Muelle | C54: 1 | E54: 82538.424 | F54: =+IF(E54="N/A","N/A",(E54-(E54*$E$4))) -> 41269.212 | G54: 133634.09 | H54: =+IF(G54="N/A","N/A",(G54-(G54*$E$4))) -> 66817.047 | I54: N/A | J54: =+IF(I54="N/A","N/A",(I54-(I54*$E$4))) -> N/A | K54: N/A | L54: =+IF(K54="N/A","N/A",(K54-(K54*$E$4))) -> N/A | M54: 95975.351 | N54: =+IF(M54="N/A","N/A",(M54-(M54*$E$4))) -> 47987.676 | O54: N/A | P54: =+IF(O54="N/A","N/A",(O54-(O54*$E$4))) -> N/A | Q54: 123220.81 | R54: =+IF(Q54="N/A","N/A",(Q54-(Q54*$E$4))) -> 61610.407 | S54: 123220.81 | T54: =+IF(S54="N/A","N/A",(S54-(S54*$E$4))) -> 61610.407 | U54: N/A | V54: =+IF(U54="N/A","N/A",(U54-(U54*$E$4))) -> N/A | W54: N/A | X54: =+IF(W54="N/A","N/A",(W54-(W54*$E$4))) -> N/A | Y54: N/A | Z54: =+IF(Y54="N/A","N/A",(Y54-(Y54*$E$4))) -> N/A | AA54: N/A | AB54: =+IF(AA54="N/A","N/A",(AA54-(AA54*$E$4))) -> N/A | AC54: N/A | AD54: =+IF(AC54="N/A","N/A",(AC54-(AC54*$E$4))) -> N/A | AE54: N/A | AF54: =+IF(AE54="N/A","N/A",(AE54-(AE54*$E$4))) -> N/A | AG54: N/A | AH54: =+IF(AG54="N/A","N/A",(AG54-(AG54*$E$4))) -> N/A | AI54: N/A | AJ54: =+IF(AI54="N/A","N/A",(AI54-(AI54*$E$4))) -> N/A | AK54: N/A | AL54: =+IF(AK54="N/A","N/A",(AK54-(AK54*$E$4))) -> N/A | AM54: N/A | AN54: =+IF(AM54="N/A","N/A",(AM54-(AM54*$E$4))) -> N/A
A55: 38 | B55: Guardapolvo Semieje | C55: 1 | E55: 101644.17 | F55: =+IF(E55="N/A","N/A",(E55-(E55*$E$4))) -> 50822.083 | G55: 119749.72 | H55: =+IF(G55="N/A","N/A",(G55-(G55*$E$4))) -> 59874.86 | I55: 90686.589 | J55: =+IF(I55="N/A","N/A",(I55-(I55*$E$4))) -> 45343.294 | K55: 93204.789 | L55: =+IF(K55="N/A","N/A",(K55-(K55*$E$4))) -> 46602.395 | M55: 106144.7 | N55: =+IF(M55="N/A","N/A",(M55-(M55*$E$4))) -> 53072.349 | O55: 89300.059 | P55: =+IF(O55="N/A","N/A",(O55-(O55*$E$4))) -> 44650.03 | Q55: 131898.55 | R55: =+IF(Q55="N/A","N/A",(Q55-(Q55*$E$4))) -> 65949.273 | S55: 131898.55 | T55: =+IF(S55="N/A","N/A",(S55-(S55*$E$4))) -> 65949.273 | U55: 144046.87 | V55: =+IF(U55="N/A","N/A",(U55-(U55*$E$4))) -> 72023.437 | W55: 98923.66 | X55: =+IF(W55="N/A","N/A",(W55-(W55*$E$4))) -> 49461.83 | Y55: 125217.43 | Z55: =+IF(Y55="N/A","N/A",(Y55-(Y55*$E$4))) -> 62608.716 | AA55: 100906.4 | AB55: =+IF(AA55="N/A","N/A",(AA55-(AA55*$E$4))) -> 50453.198 | AC55: 114543.58 | AD55: =+IF(AC55="N/A","N/A",(AC55-(AC55*$E$4))) -> 57271.79 | AE55: 89906.88 | AF55: =+IF(AE55="N/A","N/A",(AE55-(AE55*$E$4))) -> 44953.44 | AG55: 91795.026 | AH55: =+IF(AG55="N/A","N/A",(AG55-(AG55*$E$4))) -> 45897.513 | AI55: 101820.16 | AJ55: =+IF(AI55="N/A","N/A",(AI55-(AI55*$E$4))) -> 50910.078 | AK55: 173333.17 | AL55: =+IF(AK55="N/A","N/A",(AK55-(AK55*$E$4))) -> 86666.583 | AM55: 123500 | AN55: =+IF(AM55="N/A","N/A",(AM55-(AM55*$E$4))) -> 61750
A56: 39 | B56: Guardapolvo Brazo De Direccion | C56: 1 | E56: 56133.468 | F56: =+IF(E56="N/A","N/A",(E56-(E56*$E$4))) -> 28066.734 | G56: 60742.633 | H56: =+IF(G56="N/A","N/A",(G56-(G56*$E$4))) -> 30371.317 | I56: N/A | J56: =+IF(I56="N/A","N/A",(I56-(I56*$E$4))) -> N/A | K56: N/A | L56: =+IF(K56="N/A","N/A",(K56-(K56*$E$4))) -> N/A | M56: N/A | N56: =+IF(M56="N/A","N/A",(M56-(M56*$E$4))) -> N/A | O56: N/A | P56: =+IF(O56="N/A","N/A",(O56-(O56*$E$4))) -> N/A | Q56: 64213.727 | R56: =+IF(Q56="N/A","N/A",(Q56-(Q56*$E$4))) -> 32106.863 | S56: 64213.727 | T56: =+IF(S56="N/A","N/A",(S56-(S56*$E$4))) -> 32106.863 | U56: 67684.82 | V56: =+IF(U56="N/A","N/A",(U56-(U56*$E$4))) -> 33842.41 | W56: N/A | X56: =+IF(W56="N/A","N/A",(W56-(W56*$E$4))) -> N/A | Y56: 65740.6 | Z56: =+IF(Y56="N/A","N/A",(Y56-(Y56*$E$4))) -> 32870.3 | AA56: 67042.01 | AB56: =+IF(AA56="N/A","N/A",(AA56-(AA56*$E$4))) -> 33521.005 | AC56: 69420.367 | AD56: =+IF(AC56="N/A","N/A",(AC56-(AC56*$E$4))) -> 34710.183 | AE56: N/A | AF56: =+IF(AE56="N/A","N/A",(AE56-(AE56*$E$4))) -> N/A | AG56: N/A | AH56: =+IF(AG56="N/A","N/A",(AG56-(AG56*$E$4))) -> N/A | AI56: N/A | AJ56: =+IF(AI56="N/A","N/A",(AI56-(AI56*$E$4))) -> N/A | AK56: 86666.833 | AL56: =+IF(AK56="N/A","N/A",(AK56-(AK56*$E$4))) -> 43333.417 | AM56: N/A | AN56: =+IF(AM56="N/A","N/A",(AM56-(AM56*$E$4))) -> N/A
A57: 40 | B57: Buje Colgante De Muelle | C57: 1 | E57: 58756.928 | F57: =+IF(E57="N/A","N/A",(E57-(E57*$E$4))) -> 29378.464 | G57: 72891.46 | H57: =+IF(G57="N/A","N/A",(G57-(G57*$E$4))) -> 36445.73 | I57: N/A | J57: =+IF(I57="N/A","N/A",(I57-(I57*$E$4))) -> N/A | K57: N/A | L57: =+IF(K57="N/A","N/A",(K57-(K57*$E$4))) -> N/A | M57: 66548.958 | N57: =+IF(M57="N/A","N/A",(M57-(M57*$E$4))) -> 33274.479 | O57: N/A | P57: =+IF(O57="N/A","N/A",(O57-(O57*$E$4))) -> N/A | Q57: 90246.427 | R57: =+IF(Q57="N/A","N/A",(Q57-(Q57*$E$4))) -> 45123.213 | S57: 90246.427 | T57: =+IF(S57="N/A","N/A",(S57-(S57*$E$4))) -> 45123.213 | U57: N/A | V57: =+IF(U57="N/A","N/A",(U57-(U57*$E$4))) -> N/A | W57: N/A | X57: =+IF(W57="N/A","N/A",(W57-(W57*$E$4))) -> N/A | Y57: N/A | Z57: =+IF(Y57="N/A","N/A",(Y57-(Y57*$E$4))) -> N/A | AA57: N/A | AB57: =+IF(AA57="N/A","N/A",(AA57-(AA57*$E$4))) -> N/A | AC57: N/A | AD57: =+IF(AC57="N/A","N/A",(AC57-(AC57*$E$4))) -> N/A | AE57: N/A | AF57: =+IF(AE57="N/A","N/A",(AE57-(AE57*$E$4))) -> N/A | AG57: N/A | AH57: =+IF(AG57="N/A","N/A",(AG57-(AG57*$E$4))) -> N/A | AI57: N/A | AJ57: =+IF(AI57="N/A","N/A",(AI57-(AI57*$E$4))) -> N/A | AK57: N/A | AL57: =+IF(AK57="N/A","N/A",(AK57-(AK57*$E$4))) -> N/A | AM57: N/A | AN57: =+IF(AM57="N/A","N/A",(AM57-(AM57*$E$4))) -> N/A
A58: 41 | B58: Bujes Muelles Traseros | C58: 1 | E58: 121176.17 | F58: =+IF(E58="N/A","N/A",(E58-(E58*$E$4))) -> 60588.086 | G58: 139708.51 | H58: =+IF(G58="N/A","N/A",(G58-(G58*$E$4))) -> 69854.253 | I58: N/A | J58: =+IF(I58="N/A","N/A",(I58-(I58*$E$4))) -> N/A | K58: N/A | L58: =+IF(K58="N/A","N/A",(K58-(K58*$E$4))) -> N/A | M58: 132117.16 | N58: =+IF(M58="N/A","N/A",(M58-(M58*$E$4))) -> 66058.579 | O58: N/A | P58: =+IF(O58="N/A","N/A",(O58-(O58*$E$4))) -> N/A | Q58: 159666.79 | R58: =+IF(Q58="N/A","N/A",(Q58-(Q58*$E$4))) -> 79833.397 | S58: 159666.79 | T58: =+IF(S58="N/A","N/A",(S58-(S58*$E$4))) -> 79833.397 | U58: N/A | V58: =+IF(U58="N/A","N/A",(U58-(U58*$E$4))) -> N/A | W58: N/A | X58: =+IF(W58="N/A","N/A",(W58-(W58*$E$4))) -> N/A | Y58: N/A | Z58: =+IF(Y58="N/A","N/A",(Y58-(Y58*$E$4))) -> N/A | AA58: N/A | AB58: =+IF(AA58="N/A","N/A",(AA58-(AA58*$E$4))) -> N/A | AC58: N/A | AD58: =+IF(AC58="N/A","N/A",(AC58-(AC58*$E$4))) -> N/A | AE58: N/A | AF58: =+IF(AE58="N/A","N/A",(AE58-(AE58*$E$4))) -> N/A | AG58: N/A | AH58: =+IF(AG58="N/A","N/A",(AG58-(AG58*$E$4))) -> N/A | AI58: N/A | AJ58: =+IF(AI58="N/A","N/A",(AI58-(AI58*$E$4))) -> N/A | AK58: N/A | AL58: =+IF(AK58="N/A","N/A",(AK58-(AK58*$E$4))) -> N/A | AM58: N/A | AN58: =+IF(AM58="N/A","N/A",(AM58-(AM58*$E$4))) -> N/A
A59: 42 | B59: Antiruido De Muelles | C59: 1 | E59: 48066.056 | F59: =+IF(E59="N/A","N/A",(E59-(E59*$E$4))) -> 24033.028 | G59: 55535.993 | H59: =+IF(G59="N/A","N/A",(G59-(G59*$E$4))) -> 27767.997 | I59: N/A | J59: =+IF(I59="N/A","N/A",(I59-(I59*$E$4))) -> N/A | K59: N/A | L59: =+IF(K59="N/A","N/A",(K59-(K59*$E$4))) -> N/A | M59: 52236.396 | N59: =+IF(M59="N/A","N/A",(M59-(M59*$E$4))) -> 26118.198 | O59: N/A | P59: =+IF(O59="N/A","N/A",(O59-(O59*$E$4))) -> N/A | Q59: 65949.273 | R59: =+IF(Q59="N/A","N/A",(Q59-(Q59*$E$4))) -> 32974.637 | S59: 65949.273 | T59: =+IF(S59="N/A","N/A",(S59-(S59*$E$4))) -> 32974.637 | U59: N/A | V59: =+IF(U59="N/A","N/A",(U59-(U59*$E$4))) -> N/A | W59: N/A | X59: =+IF(W59="N/A","N/A",(W59-(W59*$E$4))) -> N/A | Y59: N/A | Z59: =+IF(Y59="N/A","N/A",(Y59-(Y59*$E$4))) -> N/A | AA59: N/A | AB59: =+IF(AA59="N/A","N/A",(AA59-(AA59*$E$4))) -> N/A | AC59: N/A | AD59: =+IF(AC59="N/A","N/A",(AC59-(AC59*$E$4))) -> N/A | AE59: N/A | AF59: =+IF(AE59="N/A","N/A",(AE59-(AE59*$E$4))) -> N/A | AG59: N/A | AH59: =+IF(AG59="N/A","N/A",(AG59-(AG59*$E$4))) -> N/A | AI59: N/A | AJ59: =+IF(AI59="N/A","N/A",(AI59-(AI59*$E$4))) -> N/A | AK59: N/A | AL59: =+IF(AK59="N/A","N/A",(AK59-(AK59*$E$4))) -> N/A | AM59: N/A | AN59: =+IF(AM59="N/A","N/A",(AM59-(AM59*$E$4))) -> N/A
A60: 43 | B60: Brazo Auxiliar | C60: 1 | E60: N/A | F60: =+IF(E60="N/A","N/A",(E60-(E60*$E$4))) -> N/A | G60: N/A | H60: =+IF(G60="N/A","N/A",(G60-(G60*$E$4))) -> N/A | I60: N/A | J60: =+IF(I60="N/A","N/A",(I60-(I60*$E$4))) -> N/A | K60: N/A | L60: =+IF(K60="N/A","N/A",(K60-(K60*$E$4))) -> N/A | M60: 335677.35 | N60: =+IF(M60="N/A","N/A",(M60-(M60*$E$4))) -> 167838.68 | O60: N/A | P60: =+IF(O60="N/A","N/A",(O60-(O60*$E$4))) -> N/A | Q60: 387017.91 | R60: =+IF(Q60="N/A","N/A",(Q60-(Q60*$E$4))) -> 193508.95 | S60: 387017.91 | T60: =+IF(S60="N/A","N/A",(S60-(S60*$E$4))) -> 193508.95 | U60: N/A | V60: =+IF(U60="N/A","N/A",(U60-(U60*$E$4))) -> N/A | W60: N/A | X60: =+IF(W60="N/A","N/A",(W60-(W60*$E$4))) -> N/A | Y60: N/A | Z60: =+IF(Y60="N/A","N/A",(Y60-(Y60*$E$4))) -> N/A | AA60: N/A | AB60: =+IF(AA60="N/A","N/A",(AA60-(AA60*$E$4))) -> N/A | AC60: N/A | AD60: =+IF(AC60="N/A","N/A",(AC60-(AC60*$E$4))) -> N/A | AE60: N/A | AF60: =+IF(AE60="N/A","N/A",(AE60-(AE60*$E$4))) -> N/A | AG60: N/A | AH60: =+IF(AG60="N/A","N/A",(AG60-(AG60*$E$4))) -> N/A | AI60: N/A | AJ60: =+IF(AI60="N/A","N/A",(AI60-(AI60*$E$4))) -> N/A | AK60: N/A | AL60: =+IF(AK60="N/A","N/A",(AK60-(AK60*$E$4))) -> N/A | AM60: N/A | AN60: =+IF(AM60="N/A","N/A",(AM60-(AM60*$E$4))) -> N/A
A61: 44 | B61: Tijera Superior | C61: 1 | E61: 624677.49 | F61: =+IF(E61="N/A","N/A",(E61-(E61*$E$4))) -> 312338.75 | G61: 963206.4 | H61: =+IF(G61="N/A","N/A",(G61-(G61*$E$4))) -> 481603.2 | I61: N/A | J61: =+IF(I61="N/A","N/A",(I61-(I61*$E$4))) -> N/A | K61: N/A | L61: =+IF(K61="N/A","N/A",(K61-(K61*$E$4))) -> N/A | M61: 628502.61 | N61: =+IF(M61="N/A","N/A",(M61-(M61*$E$4))) -> 314251.3 | O61: N/A | P61: =+IF(O61="N/A","N/A",(O61-(O61*$E$4))) -> N/A | Q61: 911141 | R61: =+IF(Q61="N/A","N/A",(Q61-(Q61*$E$4))) -> 455570.5 | S61: 928495.97 | T61: =+IF(S61="N/A","N/A",(S61-(S61*$E$4))) -> 464247.98 | U61: 1114195.5 | V61: =+IF(U61="N/A","N/A",(U61-(U61*$E$4))) -> 557097.73 | W61: N/A | X61: =+IF(W61="N/A","N/A",(W61-(W61*$E$4))) -> N/A | Y61: N/A | Z61: =+IF(Y61="N/A","N/A",(Y61-(Y61*$E$4))) -> N/A | AA61: N/A | AB61: =+IF(AA61="N/A","N/A",(AA61-(AA61*$E$4))) -> N/A | AC61: N/A | AD61: =+IF(AC61="N/A","N/A",(AC61-(AC61*$E$4))) -> N/A | AE61: N/A | AF61: =+IF(AE61="N/A","N/A",(AE61-(AE61*$E$4))) -> N/A | AG61: N/A | AH61: =+IF(AG61="N/A","N/A",(AG61-(AG61*$E$4))) -> N/A | AI61: N/A | AJ61: =+IF(AI61="N/A","N/A",(AI61-(AI61*$E$4))) -> N/A | AK61: 1440833.2 | AL61: =+IF(AK61="N/A","N/A",(AK61-(AK61*$E$4))) -> 720416.58 | AM61: N/A | AN61: =+IF(AM61="N/A","N/A",(AM61-(AM61*$E$4))) -> N/A
A62: 45 | B62: Tijera Inferior | C62: 1 | E62: 829780.98 | F62: =+IF(E62="N/A","N/A",(E62-(E62*$E$4))) -> 414890.49 | G62: 1292952.3 | H62: =+IF(G62="N/A","N/A",(G62-(G62*$E$4))) -> 646476.13 | I62: 629938.05 | J62: =+IF(I62="N/A","N/A",(I62-(I62*$E$4))) -> 314969.03 | K62: 564588.86 | L62: =+IF(K62="N/A","N/A",(K62-(K62*$E$4))) -> 282294.43 | M62: 675839.16 | N62: =+IF(M62="N/A","N/A",(M62-(M62*$E$4))) -> 337919.58 | O62: 567679.61 | P62: =+IF(O62="N/A","N/A",(O62-(O62*$E$4))) -> 283839.8 | Q62: 1013535.8 | R62: =+IF(Q62="N/A","N/A",(Q62-(Q62*$E$4))) -> 506767.88 | S62: 1030890.7 | T62: =+IF(S62="N/A","N/A",(S62-(S62*$E$4))) -> 515445.36 | U62: 1286010.6 | V62: =+IF(U62="N/A","N/A",(U62-(U62*$E$4))) -> 643005.29 | W62: 874695.52 | X62: =+IF(W62="N/A","N/A",(W62-(W62*$E$4))) -> 437347.76 | Y62: 906289.98 | Z62: =+IF(Y62="N/A","N/A",(Y62-(Y62*$E$4))) -> 453144.99 | AA62: 656362.18 | AB62: =+IF(AA62="N/A","N/A",(AA62-(AA62*$E$4))) -> 328181.09 | AC62: 822630.12 | AD62: =+IF(AC62="N/A","N/A",(AC62-(AC62*$E$4))) -> 411315.06 | AE62: 504761.81 | AF62: =+IF(AE62="N/A","N/A",(AE62-(AE62*$E$4))) -> 252380.91 | AG62: 571719.78 | AH62: =+IF(AG62="N/A","N/A",(AG62-(AG62*$E$4))) -> 285859.89 | AI62: 704775.89 | AJ62: =+IF(AI62="N/A","N/A",(AI62-(AI62*$E$4))) -> 352387.94 | AK62: 1627166.8 | AL62: =+IF(AK62="N/A","N/A",(AK62-(AK62*$E$4))) -> 813583.42 | AM62: 1092000 | AN62: =+IF(AM62="N/A","N/A",(AM62-(AM62*$E$4))) -> 546000
A63: 46 | B63: Base Superior Amortiguador Delantero | C63: 1 | E63: N/A | F63: =+IF(E63="N/A","N/A",(E63-(E63*$E$4))) -> N/A | G63: N/A | H63: =+IF(G63="N/A","N/A",(G63-(G63*$E$4))) -> N/A | I63: 295227.52 | J63: =+IF(I63="N/A","N/A",(I63-(I63*$E$4))) -> 147613.76 | K63: 282851.55 | L63: =+IF(K63="N/A","N/A",(K63-(K63*$E$4))) -> 141425.78 | M63: N/A | N63: =+IF(M63="N/A","N/A",(M63-(M63*$E$4))) -> N/A | O63: 271493.37 | P63: =+IF(O63="N/A","N/A",(O63-(O63*$E$4))) -> 135746.69 | Q63: 284623.15 | R63: =+IF(Q63="N/A","N/A",(Q63-(Q63*$E$4))) -> 142311.58 | S63: 301978.12 | T63: =+IF(S63="N/A","N/A",(S63-(S63*$E$4))) -> 150989.06 | U63: 343630.24 | V63: =+IF(U63="N/A","N/A",(U63-(U63*$E$4))) -> 171815.12 | W63: 350572.43 | X63: =+IF(W63="N/A","N/A",(W63-(W63*$E$4))) -> 175286.21 | Y63: 281353.51 | Z63: =+IF(Y63="N/A","N/A",(Y63-(Y63*$E$4))) -> 140676.76 | AA63: 318090.29 | AB63: =+IF(AA63="N/A","N/A",(AA63-(AA63*$E$4))) -> 159045.15 | AC63: 371398.49 | AD63: =+IF(AC63="N/A","N/A",(AC63-(AC63*$E$4))) -> 185699.24 | AE63: 253163.42 | AF63: =+IF(AE63="N/A","N/A",(AE63-(AE63*$E$4))) -> 126581.71 | AG63: 304034.12 | AH63: =+IF(AG63="N/A","N/A",(AG63-(AG63*$E$4))) -> 152017.06 | AI63: 407293.02 | AJ63: =+IF(AI63="N/A","N/A",(AI63-(AI63*$E$4))) -> 203646.51 | AK63: 522166.83 | AL63: =+IF(AK63="N/A","N/A",(AK63-(AK63*$E$4))) -> 261083.42 | AM63: 437666.83 | AN63: =+IF(AM63="N/A","N/A",(AM63-(AM63*$E$4))) -> 218833.42
A64: 47 | B64: Base Superior Amortiguador Trasero | C64: 1 | E64: N/A | F64: =+IF(E64="N/A","N/A",(E64-(E64*$E$4))) -> N/A | G64: N/A | H64: =+IF(G64="N/A","N/A",(G64-(G64*$E$4))) -> N/A | I64: 282301.61 | J64: =+IF(I64="N/A","N/A",(I64-(I64*$E$4))) -> 141150.8 | K64: 263920.87 | L64: =+IF(K64="N/A","N/A",(K64-(K64*$E$4))) -> 131960.43 | M64: N/A | N64: =+IF(M64="N/A","N/A",(M64-(M64*$E$4))) -> N/A | O64: 252562.69 | P64: =+IF(O64="N/A","N/A",(O64-(O64*$E$4))) -> 126281.34 | Q64: 284623.15 | R64: =+IF(Q64="N/A","N/A",(Q64-(Q64*$E$4))) -> 142311.58 | S64: 301978.12 | T64: =+IF(S64="N/A","N/A",(S64-(S64*$E$4))) -> 150989.06 | U64: 343630.24 | V64: =+IF(U64="N/A","N/A",(U64-(U64*$E$4))) -> 171815.12 | W64: 331481.91 | X64: =+IF(W64="N/A","N/A",(W64-(W64*$E$4))) -> 165740.96 | Y64: 276871.76 | Z64: =+IF(Y64="N/A","N/A",(Y64-(Y64*$E$4))) -> 138435.88 | AA64: 225031.95 | AB64: =+IF(AA64="N/A","N/A",(AA64-(AA64*$E$4))) -> 112515.97 | AC64: 284623.15 | AD64: =+IF(AC64="N/A","N/A",(AC64-(AC64*$E$4))) -> 142311.58 | AE64: 212127.96 | AF64: =+IF(AE64="N/A","N/A",(AE64-(AE64*$E$4))) -> 106063.98 | AG64: 233583.47 | AH64: =+IF(AG64="N/A","N/A",(AG64-(AG64*$E$4))) -> 116791.73 | AI64: 297685.79 | AJ64: =+IF(AI64="N/A","N/A",(AI64-(AI64*$E$4))) -> 148842.9 | AK64: N/A | AL64: =+IF(AK64="N/A","N/A",(AK64-(AK64*$E$4))) -> N/A | AM64: 413833.17 | AN64: =+IF(AM64="N/A","N/A",(AM64-(AM64*$E$4))) -> 206916.58
B65: SISTEMA DE TRANSMISIÓN | F65: =+IF(E65="N/A","N/A",(E65-(E65*$E$4))) -> 0 | H65: =+IF(G65="N/A","N/A",(G65-(G65*$E$4))) -> 0 | J65: =+IF(I65="N/A","N/A",(I65-(I65*$E$4))) -> 0 | L65: =+IF(K65="N/A","N/A",(K65-(K65*$E$4))) -> 0 | N65: =+IF(M65="N/A","N/A",(M65-(M65*$E$4))) -> 0 | P65: =+IF(O65="N/A","N/A",(O65-(O65*$E$4))) -> 0 | R65: =+IF(Q65="N/A","N/A",(Q65-(Q65*$E$4))) -> 0 | T65: =+IF(S65="N/A","N/A",(S65-(S65*$E$4))) -> 0 | V65: =+IF(U65="N/A","N/A",(U65-(U65*$E$4))) -> 0 | X65: =+IF(W65="N/A","N/A",(W65-(W65*$E$4))) -> 0 | Z65: =+IF(Y65="N/A","N/A",(Y65-(Y65*$E$4))) -> 0 | AB65: =+IF(AA65="N/A","N/A",(AA65-(AA65*$E$4))) -> 0 | AD65: =+IF(AC65="N/A","N/A",(AC65-(AC65*$E$4))) -> 0 | AF65: =+IF(AE65="N/A","N/A",(AE65-(AE65*$E$4))) -> 0 | AH65: =+IF(AG65="N/A","N/A",(AG65-(AG65*$E$4))) -> 0 | AJ65: =+IF(AI65="N/A","N/A",(AI65-(AI65*$E$4))) -> 0 | AL65: =+IF(AK65="N/A","N/A",(AK65-(AK65*$E$4))) -> 0 | AN65: =+IF(AM65="N/A","N/A",(AM65-(AM65*$E$4))) -> 0
A66: 48 | B66: Guardapolvo Semieje | C66: 1 | E66: 88627.566 | F66: =+IF(E66="N/A","N/A",(E66-(E66*$E$4))) -> 44313.783 | G66: 95453.067 | H66: =+IF(G66="N/A","N/A",(G66-(G66*$E$4))) -> 47726.533 | I66: 77041.332 | J66: =+IF(I66="N/A","N/A",(I66-(I66*$E$4))) -> 38520.666 | K66: 77335.472 | L66: =+IF(K66="N/A","N/A",(K66-(K66*$E$4))) -> 38667.736 | M66: 94430.008 | N66: =+IF(M66="N/A","N/A",(M66-(M66*$E$4))) -> 47215.004 | O66: 77335.472 | P66: =+IF(O66="N/A","N/A",(O66-(O66*$E$4))) -> 38667.736 | Q66: 98923.66 | R66: =+IF(Q66="N/A","N/A",(Q66-(Q66*$E$4))) -> 49461.83 | S66: 98923.66 | T66: =+IF(S66="N/A","N/A",(S66-(S66*$E$4))) -> 49461.83 | U66: 93717.52 | V66: =+IF(U66="N/A","N/A",(U66-(U66*$E$4))) -> 46858.76 | W66: 81568.693 | X66: =+IF(W66="N/A","N/A",(W66-(W66*$E$4))) -> 40784.347 | Y66: 93096.436 | Z66: =+IF(Y66="N/A","N/A",(Y66-(Y66*$E$4))) -> 46548.218 | AA66: 94398.346 | AB66: =+IF(AA66="N/A","N/A",(AA66-(AA66*$E$4))) -> 47199.173 | AC66: 100659.21 | AD66: =+IF(AC66="N/A","N/A",(AC66-(AC66*$E$4))) -> 50329.603 | AE66: 81240.702 | AF66: =+IF(AE66="N/A","N/A",(AE66-(AE66*$E$4))) -> 40620.351 | AG66: 81618.231 | AH66: =+IF(AG66="N/A","N/A",(AG66-(AG66*$E$4))) -> 40809.116 | AI66: 100140.79 | AJ66: =+IF(AI66="N/A","N/A",(AI66-(AI66*$E$4))) -> 50070.394 | AK66: 145166.83 | AL66: =+IF(AK66="N/A","N/A",(AK66-(AK66*$E$4))) -> 72583.417 | AM66: 101833.17 | AN66: =+IF(AM66="N/A","N/A",(AM66-(AM66*$E$4))) -> 50916.583
A67: 49 | B67: Cruceta | C67: 1 | E67: 175654.86 | F67: =+IF(E67="N/A","N/A",(E67-(E67*$E$4))) -> 87827.429 | G67: 251648.27 | H67: =+IF(G67="N/A","N/A",(G67-(G67*$E$4))) -> 125824.13 | I67: N/A | J67: =+IF(I67="N/A","N/A",(I67-(I67*$E$4))) -> N/A | K67: N/A | L67: =+IF(K67="N/A","N/A",(K67-(K67*$E$4))) -> N/A | M67: 207111.01 | N67: =+IF(M67="N/A","N/A",(M67-(M67*$E$4))) -> 103555.5 | O67: N/A | P67: =+IF(O67="N/A","N/A",(O67-(O67*$E$4))) -> N/A | Q67: 241235.49 | R67: =+IF(Q67="N/A","N/A",(Q67-(Q67*$E$4))) -> 120617.74 | S67: 241235.49 | T67: =+IF(S67="N/A","N/A",(S67-(S67*$E$4))) -> 120617.74 | U67: 256854.91 | V67: =+IF(U67="N/A","N/A",(U67-(U67*$E$4))) -> 128427.45 | W67: N/A | X67: =+IF(W67="N/A","N/A",(W67-(W67*$E$4))) -> N/A | Y67: 215924.32 | Z67: =+IF(Y67="N/A","N/A",(Y67-(Y67*$E$4))) -> 107962.16 | AA67: 193680.3 | AB67: =+IF(AA67="N/A","N/A",(AA67-(AA67*$E$4))) -> 96840.148 | AC67: 230822.21 | AD67: =+IF(AC67="N/A","N/A",(AC67-(AC67*$E$4))) -> 115411.1 | AE67: N/A | AF67: =+IF(AE67="N/A","N/A",(AE67-(AE67*$E$4))) -> N/A | AG67: N/A | AH67: =+IF(AG67="N/A","N/A",(AG67-(AG67*$E$4))) -> N/A | AI67: N/A | AJ67: =+IF(AI67="N/A","N/A",(AI67-(AI67*$E$4))) -> N/A | AK67: 335833.17 | AL67: =+IF(AK67="N/A","N/A",(AK67-(AK67*$E$4))) -> 167916.58 | AM67: N/A | AN67: =+IF(AM67="N/A","N/A",(AM67-(AM67*$E$4))) -> N/A
A68: 50 | B68: Retenedor Eje De Cardan | C68: 1 | E68: 113874.57 | F68: =+IF(E68="N/A","N/A",(E68-(E68*$E$4))) -> 56937.284 | G68: 149253.51 | H68: =+IF(G68="N/A","N/A",(G68-(G68*$E$4))) -> 74626.757 | I68: N/A | J68: =+IF(I68="N/A","N/A",(I68-(I68*$E$4))) -> N/A | K68: N/A | L68: =+IF(K68="N/A","N/A",(K68-(K68*$E$4))) -> N/A | M68: 122389.75 | N68: =+IF(M68="N/A","N/A",(M68-(M68*$E$4))) -> 61194.875 | O68: N/A | P68: =+IF(O68="N/A","N/A",(O68-(O68*$E$4))) -> N/A | Q68: 152724.61 | R68: =+IF(Q68="N/A","N/A",(Q68-(Q68*$E$4))) -> 76362.303 | S68: 152724.61 | T68: =+IF(S68="N/A","N/A",(S68-(S68*$E$4))) -> 76362.303 | U68: 163137.39 | V68: =+IF(U68="N/A","N/A",(U68-(U68*$E$4))) -> 81568.693 | W68: N/A | X68: =+IF(W68="N/A","N/A",(W68-(W68*$E$4))) -> N/A | Y68: 133466.15 | Z68: =+IF(Y68="N/A","N/A",(Y68-(Y68*$E$4))) -> 66733.074 | AA68: 110941.48 | AB68: =+IF(AA68="N/A","N/A",(AA68-(AA68*$E$4))) -> 55470.742 | AC68: 130163 | AD68: =+IF(AC68="N/A","N/A",(AC68-(AC68*$E$4))) -> 65081.5 | AE68: N/A | AF68: =+IF(AE68="N/A","N/A",(AE68-(AE68*$E$4))) -> N/A | AG68: N/A | AH68: =+IF(AG68="N/A","N/A",(AG68-(AG68*$E$4))) -> N/A | AI68: N/A | AJ68: =+IF(AI68="N/A","N/A",(AI68-(AI68*$E$4))) -> N/A | AK68: 203666.83 | AL68: =+IF(AK68="N/A","N/A",(AK68-(AK68*$E$4))) -> 101833.42 | AM68: N/A | AN68: =+IF(AM68="N/A","N/A",(AM68-(AM68*$E$4))) -> N/A
A69: 51 | B69: Retenedor Eje De La Doble | C69: 1 | E69: 146210.39 | F69: =+IF(E69="N/A","N/A",(E69-(E69*$E$4))) -> 73105.196 | G69: 199583.37 | H69: =+IF(G69="N/A","N/A",(G69-(G69*$E$4))) -> 99791.683 | I69: N/A | J69: =+IF(I69="N/A","N/A",(I69-(I69*$E$4))) -> N/A | K69: N/A | L69: =+IF(K69="N/A","N/A",(K69-(K69*$E$4))) -> N/A | M69: 160946.42 | N69: =+IF(M69="N/A","N/A",(M69-(M69*$E$4))) -> 80473.212 | O69: N/A | P69: =+IF(O69="N/A","N/A",(O69-(O69*$E$4))) -> N/A | Q69: 203054.46 | R69: =+IF(Q69="N/A","N/A",(Q69-(Q69*$E$4))) -> 101527.23 | S69: 203054.46 | T69: =+IF(S69="N/A","N/A",(S69-(S69*$E$4))) -> 101527.23 | U69: 216938.33 | V69: =+IF(U69="N/A","N/A",(U69-(U69*$E$4))) -> 108469.17 | W69: N/A | X69: =+IF(W69="N/A","N/A",(W69-(W69*$E$4))) -> N/A | Y69: 175558.88 | Z69: =+IF(Y69="N/A","N/A",(Y69-(Y69*$E$4))) -> 87779.441 | AA69: 149143.25 | AB69: =+IF(AA69="N/A","N/A",(AA69-(AA69*$E$4))) -> 74571.624 | AC69: 163137.39 | AD69: =+IF(AC69="N/A","N/A",(AC69-(AC69*$E$4))) -> 81568.693 | AE69: N/A | AF69: =+IF(AE69="N/A","N/A",(AE69-(AE69*$E$4))) -> N/A | AG69: N/A | AH69: =+IF(AG69="N/A","N/A",(AG69-(AG69*$E$4))) -> N/A | AI69: N/A | AJ69: =+IF(AI69="N/A","N/A",(AI69-(AI69*$E$4))) -> N/A | AK69: 279500 | AL69: =+IF(AK69="N/A","N/A",(AK69-(AK69*$E$4))) -> 139750 | AM69: N/A | AN69: =+IF(AM69="N/A","N/A",(AM69-(AM69*$E$4))) -> N/A
B70: SISTEMA DE RODAMIENTOS | F70: =+IF(E70="N/A","N/A",(E70-(E70*$E$4))) -> 0 | H70: =+IF(G70="N/A","N/A",(G70-(G70*$E$4))) -> 0 | J70: =+IF(I70="N/A","N/A",(I70-(I70*$E$4))) -> 0 | L70: =+IF(K70="N/A","N/A",(K70-(K70*$E$4))) -> 0 | N70: =+IF(M70="N/A","N/A",(M70-(M70*$E$4))) -> 0 | P70: =+IF(O70="N/A","N/A",(O70-(O70*$E$4))) -> 0 | R70: =+IF(Q70="N/A","N/A",(Q70-(Q70*$E$4))) -> 0 | T70: =+IF(S70="N/A","N/A",(S70-(S70*$E$4))) -> 0 | V70: =+IF(U70="N/A","N/A",(U70-(U70*$E$4))) -> 0 | X70: =+IF(W70="N/A","N/A",(W70-(W70*$E$4))) -> 0 | Z70: =+IF(Y70="N/A","N/A",(Y70-(Y70*$E$4))) -> 0 | AB70: =+IF(AA70="N/A","N/A",(AA70-(AA70*$E$4))) -> 0 | AD70: =+IF(AC70="N/A","N/A",(AC70-(AC70*$E$4))) -> 0 | AF70: =+IF(AE70="N/A","N/A",(AE70-(AE70*$E$4))) -> 0 | AH70: =+IF(AG70="N/A","N/A",(AG70-(AG70*$E$4))) -> 0 | AJ70: =+IF(AI70="N/A","N/A",(AI70-(AI70*$E$4))) -> 0 | AL70: =+IF(AK70="N/A","N/A",(AK70-(AK70*$E$4))) -> 0 | AN70: =+IF(AM70="N/A","N/A",(AM70-(AM70*$E$4))) -> 0
A71: 52 | B71: Retenedor Bocín Delantero | C71: 1 | E71: 119844.33 | F71: =+IF(E71="N/A","N/A",(E71-(E71*$E$4))) -> 59922.164 | G71: 142311.33 | H71: =+IF(G71="N/A","N/A",(G71-(G71*$E$4))) -> 71155.663 | I71: 96469.329 | J71: =+IF(I71="N/A","N/A",(I71-(I71*$E$4))) -> 48234.664 | K71: 108412.17 | L71: =+IF(K71="N/A","N/A",(K71-(K71*$E$4))) -> 54206.085 | M71: 123859.91 | N71: =+IF(M71="N/A","N/A",(M71-(M71*$E$4))) -> 61929.955 | O71: 111633.34 | P71: =+IF(O71="N/A","N/A",(O71-(O71*$E$4))) -> 55816.67 | Q71: 150989.06 | R71: =+IF(Q71="N/A","N/A",(Q71-(Q71*$E$4))) -> 75494.53 | S71: 168344.03 | T71: =+IF(S71="N/A","N/A",(S71-(S71*$E$4))) -> 84172.013 | U71: 177021.76 | V71: =+IF(U71="N/A","N/A",(U71-(U71*$E$4))) -> 88510.88 | W71: 128427.45 | X71: =+IF(W71="N/A","N/A",(W71-(W71*$E$4))) -> 64213.727 | Y71: 138464.29 | Z71: =+IF(Y71="N/A","N/A",(Y71-(Y71*$E$4))) -> 69232.143 | AA71: 114030.89 | AB71: =+IF(AA71="N/A","N/A",(AA71-(AA71*$E$4))) -> 57015.446 | AC71: 118014.67 | AD71: =+IF(AC71="N/A","N/A",(AC71-(AC71*$E$4))) -> 59007.337 | AE71: 110556.94 | AF71: =+IF(AE71="N/A","N/A",(AE71-(AE71*$E$4))) -> 55278.472 | AG71: 110556.94 | AH71: =+IF(AG71="N/A","N/A",(AG71-(AG71*$E$4))) -> 55278.472 | AI71: 118647.12 | AJ71: =+IF(AI71="N/A","N/A",(AI71-(AI71*$E$4))) -> 59323.559 | AK71: 218833.17 | AL71: =+IF(AK71="N/A","N/A",(AK71-(AK71*$E$4))) -> 109416.58 | AM71: 160333.17 | AN71: =+IF(AM71="N/A","N/A",(AM71-(AM71*$E$4))) -> 80166.583
A72: 53 | B72: Retenedor Bocín Trasero | C72: 1 | E72: 138762.33 | F72: =+IF(E72="N/A","N/A",(E72-(E72*$E$4))) -> 69381.164 | G72: 154460.15 | H72: =+IF(G72="N/A","N/A",(G72-(G72*$E$4))) -> 77230.077 | I72: 100720.64 | J72: =+IF(I72="N/A","N/A",(I72-(I72*$E$4))) -> 50360.318 | K72: 111015.49 | L72: =+IF(K72="N/A","N/A",(K72-(K72*$E$4))) -> 55507.745 | M72: 148254.54 | N72: =+IF(M72="N/A","N/A",(M72-(M72*$E$4))) -> 74127.271 | O72: 114236.66 | P72: =+IF(O72="N/A","N/A",(O72-(O72*$E$4))) -> 57118.33 | Q72: 170079.57 | R72: =+IF(Q72="N/A","N/A",(Q72-(Q72*$E$4))) -> 85039.787 | S72: 170079.57 | T72: =+IF(S72="N/A","N/A",(S72-(S72*$E$4))) -> 85039.787 | U72: 173550.67 | V72: =+IF(U72="N/A","N/A",(U72-(U72*$E$4))) -> 86775.333 | W72: 135369.64 | X72: =+IF(W72="N/A","N/A",(W72-(W72*$E$4))) -> 67684.82 | Y72: 155998.79 | Z72: =+IF(Y72="N/A","N/A",(Y72-(Y72*$E$4))) -> 77999.396 | AA72: 128278.52 | AB72: =+IF(AA72="N/A","N/A",(AA72-(AA72*$E$4))) -> 64139.259 | AC72: 135369.64 | AD72: =+IF(AC72="N/A","N/A",(AC72-(AC72*$E$4))) -> 67684.82 | AE72: 118075.36 | AF72: =+IF(AE72="N/A","N/A",(AE72-(AE72*$E$4))) -> 59037.682 | AG72: 118075.36 | AH72: =+IF(AG72="N/A","N/A",(AG72-(AG72*$E$4))) -> 59037.682 | AI72: 120877.91 | AJ72: =+IF(AI72="N/A","N/A",(AI72-(AI72*$E$4))) -> 60438.955 | AK72: 221000 | AL72: =+IF(AK72="N/A","N/A",(AK72-(AK72*$E$4))) -> 110500 | AM72: 169000 | AN72: =+IF(AM72="N/A","N/A",(AM72-(AM72*$E$4))) -> 84500
A73: 54 | B73: Retenedor Interno | C73: 1 | E73: 95475.726 | F73: =+IF(E73="N/A","N/A",(E73-(E73*$E$4))) -> 47737.863 | G73: 126691.91 | H73: =+IF(G73="N/A","N/A",(G73-(G73*$E$4))) -> 63345.953 | I73: 111560.35 | J73: =+IF(I73="N/A","N/A",(I73-(I73*$E$4))) -> 55780.175 | K73: 91768.105 | L73: =+IF(K73="N/A","N/A",(K73-(K73*$E$4))) -> 45884.053 | M73: 126369.29 | N73: =+IF(M73="N/A","N/A",(M73-(M73*$E$4))) -> 63184.646 | O73: 93687.865 | P73: =+IF(O73="N/A","N/A",(O73-(O73*$E$4))) -> 46843.933 | Q73: 145782.42 | R73: =+IF(Q73="N/A","N/A",(Q73-(Q73*$E$4))) -> 72891.21 | S73: 145782.42 | T73: =+IF(S73="N/A","N/A",(S73-(S73*$E$4))) -> 72891.21 | U73: 145782.42 | V73: =+IF(U73="N/A","N/A",(U73-(U73*$E$4))) -> 72891.21 | W73: 128427.45 | X73: =+IF(W73="N/A","N/A",(W73-(W73*$E$4))) -> 64213.727 | Y73: 135515.02 | Z73: =+IF(Y73="N/A","N/A",(Y73-(Y73*$E$4))) -> 67757.511 | AA73: 124688.94 | AB73: =+IF(AA73="N/A","N/A",(AA73-(AA73*$E$4))) -> 62344.471 | AC73: 128427.45 | AD73: =+IF(AC73="N/A","N/A",(AC73-(AC73*$E$4))) -> 64213.727 | AE73: 102996.06 | AF73: =+IF(AE73="N/A","N/A",(AE73-(AE73*$E$4))) -> 51498.03 | AG73: 102996.06 | AH73: =+IF(AG73="N/A","N/A",(AG73-(AG73*$E$4))) -> 51498.03 | AI73: 131062.12 | AJ73: =+IF(AI73="N/A","N/A",(AI73-(AI73*$E$4))) -> 65531.058 | AK73: 190666.83 | AL73: =+IF(AK73="N/A","N/A",(AK73-(AK73*$E$4))) -> 95333.417 | AM73: 160333.17 | AN73: =+IF(AM73="N/A","N/A",(AM73-(AM73*$E$4))) -> 80166.583
A74: 55 | B74: Retenedor Externo | C74: 1 | E74: 117882.89 | F74: =+IF(E74="N/A","N/A",(E74-(E74*$E$4))) -> 58941.445 | G74: 126691.91 | H74: =+IF(G74="N/A","N/A",(G74-(G74*$E$4))) -> 63345.953 | I74: 109084.94 | J74: =+IF(I74="N/A","N/A",(I74-(I74*$E$4))) -> 54542.47 | K74: 90466.695 | L74: =+IF(K74="N/A","N/A",(K74-(K74*$E$4))) -> 45233.348 | M74: 135223.26 | N74: =+IF(M74="N/A","N/A",(M74-(M74*$E$4))) -> 67611.628 | O74: 92386.455 | P74: =+IF(O74="N/A","N/A",(O74-(O74*$E$4))) -> 46193.228 | Q74: 138840.73 | R74: =+IF(Q74="N/A","N/A",(Q74-(Q74*$E$4))) -> 69420.367 | S74: 138840.73 | T74: =+IF(S74="N/A","N/A",(S74-(S74*$E$4))) -> 69420.367 | U74: 138840.73 | V74: =+IF(U74="N/A","N/A",(U74-(U74*$E$4))) -> 69420.367 | W74: 121485.27 | X74: =+IF(W74="N/A","N/A",(W74-(W74*$E$4))) -> 60742.633 | Y74: 130506.98 | Z74: =+IF(Y74="N/A","N/A",(Y74-(Y74*$E$4))) -> 65253.489 | AA74: 122697.02 | AB74: =+IF(AA74="N/A","N/A",(AA74-(AA74*$E$4))) -> 61348.509 | AC74: 128427.45 | AD74: =+IF(AC74="N/A","N/A",(AC74-(AC74*$E$4))) -> 64213.727 | AE74: 104139.36 | AF74: =+IF(AE74="N/A","N/A",(AE74-(AE74*$E$4))) -> 52069.681 | AG74: 104139.36 | AH74: =+IF(AG74="N/A","N/A",(AG74-(AG74*$E$4))) -> 52069.681 | AI74: 129437.12 | AJ74: =+IF(AI74="N/A","N/A",(AI74-(AI74*$E$4))) -> 64718.558 | AK74: 186333.17 | AL74: =+IF(AK74="N/A","N/A",(AK74-(AK74*$E$4))) -> 93166.583 | AM74: 151666.83 | AN74: =+IF(AM74="N/A","N/A",(AM74-(AM74*$E$4))) -> 75833.417
A75: 56 | B75: Rodamiento Delantero | C75: 1 | E75: 248879.51 | F75: =+IF(E75="N/A","N/A",(E75-(E75*$E$4))) -> 124439.76 | G75: 463380.46 | H75: =+IF(G75="N/A","N/A",(G75-(G75*$E$4))) -> 231690.23 | I75: 272731.05 | J75: =+IF(I75="N/A","N/A",(I75-(I75*$E$4))) -> 136365.52 | K75: 264664.94 | L75: =+IF(K75="N/A","N/A",(K75-(K75*$E$4))) -> 132332.47 | M75: 313299.15 | N75: =+IF(M75="N/A","N/A",(M75-(M75*$E$4))) -> 156649.57 | O75: 276688.55 | P75: =+IF(O75="N/A","N/A",(O75-(O75*$E$4))) -> 138344.28 | Q75: 345365.79 | R75: =+IF(Q75="N/A","N/A",(Q75-(Q75*$E$4))) -> 172682.89 | S75: 345365.79 | T75: =+IF(S75="N/A","N/A",(S75-(S75*$E$4))) -> 172682.89 | U75: 458173.82 | V75: =+IF(U75="N/A","N/A",(U75-(U75*$E$4))) -> 229086.91 | W75: 333217.46 | X75: =+IF(W75="N/A","N/A",(W75-(W75*$E$4))) -> 166608.73 | Y75: 312075.71 | Z75: =+IF(Y75="N/A","N/A",(Y75-(Y75*$E$4))) -> 156037.85 | AA75: 167570.1 | AB75: =+IF(AA75="N/A","N/A",(AA75-(AA75*$E$4))) -> 83785.051 | AC75: 182575.31 | AD75: =+IF(AC75="N/A","N/A",(AC75-(AC75*$E$4))) -> 91287.655 | AE75: 221346.89 | AF75: =+IF(AE75="N/A","N/A",(AE75-(AE75*$E$4))) -> 110673.44 | AG75: 255189.64 | AH75: =+IF(AG75="N/A","N/A",(AG75-(AG75*$E$4))) -> 127594.82 | AI75: 347215.17 | AJ75: =+IF(AI75="N/A","N/A",(AI75-(AI75*$E$4))) -> 173607.59 | AK75: 572000 | AL75: =+IF(AK75="N/A","N/A",(AK75-(AK75*$E$4))) -> 286000 | AM75: 416000 | AN75: =+IF(AM75="N/A","N/A",(AM75-(AM75*$E$4))) -> 208000
A76: 57 | B76: Rodamiento Trasero | C76: 1 | E76: 272715.96 | F76: =+IF(E76="N/A","N/A",(E76-(E76*$E$4))) -> 136357.98 | G76: 414786.15 | H76: =+IF(G76="N/A","N/A",(G76-(G76*$E$4))) -> 207393.08 | I76: 254186.26 | J76: =+IF(I76="N/A","N/A",(I76-(I76*$E$4))) -> 127093.13 | K76: 249179.2 | L76: =+IF(K76="N/A","N/A",(K76-(K76*$E$4))) -> 124589.6 | M76: 333149.73 | N76: =+IF(M76="N/A","N/A",(M76-(M76*$E$4))) -> 166574.86 | O76: 261202.82 | P76: =+IF(O76="N/A","N/A",(O76-(O76*$E$4))) -> 130601.41 | Q76: 362720.75 | R76: =+IF(Q76="N/A","N/A",(Q76-(Q76*$E$4))) -> 181360.38 | S76: 362720.75 | T76: =+IF(S76="N/A","N/A",(S76-(S76*$E$4))) -> 181360.38 | U76: 395695.64 | V76: =+IF(U76="N/A","N/A",(U76-(U76*$E$4))) -> 197847.82 | W76: 317597.54 | X76: =+IF(W76="N/A","N/A",(W76-(W76*$E$4))) -> 158798.77 | Y76: 311665.4 | Z76: =+IF(Y76="N/A","N/A",(Y76-(Y76*$E$4))) -> 155832.7 | AA76: 292984.19 | AB76: =+IF(AA76="N/A","N/A",(AA76-(AA76*$E$4))) -> 146492.09 | AC76: 378340.67 | AD76: =+IF(AC76="N/A","N/A",(AC76-(AC76*$E$4))) -> 189170.34 | AE76: 214652.85 | AF76: =+IF(AE76="N/A","N/A",(AE76-(AE76*$E$4))) -> 107326.42 | AG76: 247212.58 | AH76: =+IF(AG76="N/A","N/A",(AG76-(AG76*$E$4))) -> 123606.29 | AI76: 320258.01 | AJ76: =+IF(AI76="N/A","N/A",(AI76-(AI76*$E$4))) -> 160129 | AK76: 515666.83 | AL76: =+IF(AK76="N/A","N/A",(AK76-(AK76*$E$4))) -> 257833.42 | AM76: 396500 | AN76: =+IF(AM76="N/A","N/A",(AM76-(AM76*$E$4))) -> 198250
A77: 58 | B77: Esparrago Ruedas | C77: 1 | E77: 23526.171 | F77: =+IF(E77="N/A","N/A",(E77-(E77*$E$4))) -> 11763.086 | G77: 25511.836 | H77: =+IF(G77="N/A","N/A",(G77-(G77*$E$4))) -> 12755.918 | I77: 22905.658 | J77: =+IF(I77="N/A","N/A",(I77-(I77*$E$4))) -> 11452.829 | K77: 22549.938 | L77: =+IF(K77="N/A","N/A",(K77-(K77*$E$4))) -> 11274.969 | M77: 25913.614 | N77: =+IF(M77="N/A","N/A",(M77-(M77*$E$4))) -> 12956.807 | O77: 22549.938 | P77: =+IF(O77="N/A","N/A",(O77-(O77*$E$4))) -> 11274.969 | Q77: 26900.473 | R77: =+IF(Q77="N/A","N/A",(Q77-(Q77*$E$4))) -> 13450.237 | S77: 26900.473 | T77: =+IF(S77="N/A","N/A",(S77-(S77*$E$4))) -> 13450.237 | U77: 26900.473 | V77: =+IF(U77="N/A","N/A",(U77-(U77*$E$4))) -> 13450.237 | W77: 28636.02 | X77: =+IF(W77="N/A","N/A",(W77-(W77*$E$4))) -> 14318.01 | Y77: 25559.465 | Z77: =+IF(Y77="N/A","N/A",(Y77-(Y77*$E$4))) -> 12779.733 | AA77: 24809.212 | AB77: =+IF(AA77="N/A","N/A",(AA77-(AA77*$E$4))) -> 12404.606 | AC77: 26032.7 | AD77: =+IF(AC77="N/A","N/A",(AC77-(AC77*$E$4))) -> 13016.35 | AE77: 24829.885 | AF77: =+IF(AE77="N/A","N/A",(AE77-(AE77*$E$4))) -> 12414.942 | AG77: 25772.853 | AH77: =+IF(AG77="N/A","N/A",(AG77-(AG77*$E$4))) -> 12886.427 | AI77: 31054.179 | AJ77: =+IF(AI77="N/A","N/A",(AI77-(AI77*$E$4))) -> 15527.09 | AK77: 37916.833 | AL77: =+IF(AK77="N/A","N/A",(AK77-(AK77*$E$4))) -> 18958.417 | AM77: 35750 | AN77: =+IF(AM77="N/A","N/A",(AM77-(AM77*$E$4))) -> 17875
A78: 59 | B78: Bocín Rueda Delantera | C78: 1 | E78: 552095.46 | F78: =+IF(E78="N/A","N/A",(E78-(E78*$E$4))) -> 276047.73 | G78: 633460.03 | H78: =+IF(G78="N/A","N/A",(G78-(G78*$E$4))) -> 316730.02 | I78: 417527.41 | J78: =+IF(I78="N/A","N/A",(I78-(I78*$E$4))) -> 208763.71 | K78: 451036.58 | L78: =+IF(K78="N/A","N/A",(K78-(K78*$E$4))) -> 225518.29 | M78: 617045.34 | N78: =+IF(M78="N/A","N/A",(M78-(M78*$E$4))) -> 308522.67 | O78: 475084.31 | P78: =+IF(O78="N/A","N/A",(O78-(O78*$E$4))) -> 237542.16 | Q78: 678583.25 | R78: =+IF(Q78="N/A","N/A",(Q78-(Q78*$E$4))) -> 339291.62 | S78: 713293.18 | T78: =+IF(S78="N/A","N/A",(S78-(S78*$E$4))) -> 356646.59 | U78: 782713.55 | V78: =+IF(U78="N/A","N/A",(U78-(U78*$E$4))) -> 391356.77 | W78: 499825.94 | X78: =+IF(W78="N/A","N/A",(W78-(W78*$E$4))) -> 249912.97 | Y78: 670784.82 | Z78: =+IF(Y78="N/A","N/A",(Y78-(Y78*$E$4))) -> 335392.41 | AA78: 583753.35 | AB78: =+IF(AA78="N/A","N/A",(AA78-(AA78*$E$4))) -> 291876.68 | AC78: 591807.91 | AD78: =+IF(AC78="N/A","N/A",(AC78-(AC78*$E$4))) -> 295903.96 | AE78: 500805.62 | AF78: =+IF(AE78="N/A","N/A",(AE78-(AE78*$E$4))) -> 250402.81 | AG78: 501996.7 | AH78: =+IF(AG78="N/A","N/A",(AG78-(AG78*$E$4))) -> 250998.35 | AI78: 508161.13 | AJ78: =+IF(AI78="N/A","N/A",(AI78-(AI78*$E$4))) -> 254080.56 | AK78: 890500 | AL78: =+IF(AK78="N/A","N/A",(AK78-(AK78*$E$4))) -> 445250 | AM78: 624000 | AN78: =+IF(AM78="N/A","N/A",(AM78-(AM78*$E$4))) -> 312000
A79: 60 | B79: Bocín Rueda Trasera | C79: 1 | E79: N/A | F79: =+IF(E79="N/A","N/A",(E79-(E79*$E$4))) -> N/A | G79: N/A | H79: =+IF(G79="N/A","N/A",(G79-(G79*$E$4))) -> N/A | I79: 495738.86 | J79: =+IF(I79="N/A","N/A",(I79-(I79*$E$4))) -> 247869.43 | K79: 516801.64 | L79: =+IF(K79="N/A","N/A",(K79-(K79*$E$4))) -> 258400.82 | M79: N/A | N79: =+IF(M79="N/A","N/A",(M79-(M79*$E$4))) -> N/A | O79: 540849.37 | P79: =+IF(O79="N/A","N/A",(O79-(O79*$E$4))) -> 270424.69 | Q79: N/A | R79: =+IF(Q79="N/A","N/A",(Q79-(Q79*$E$4))) -> N/A | S79: N/A | T79: =+IF(S79="N/A","N/A",(S79-(S79*$E$4))) -> N/A | U79: N/A | V79: =+IF(U79="N/A","N/A",(U79-(U79*$E$4))) -> N/A | W79: 544949.15 | X79: =+IF(W79="N/A","N/A",(W79-(W79*$E$4))) -> 272474.58 | Y79: 759226.25 | Z79: =+IF(Y79="N/A","N/A",(Y79-(Y79*$E$4))) -> 379613.13 | AA79: 573631.37 | AB79: =+IF(AA79="N/A","N/A",(AA79-(AA79*$E$4))) -> 286815.69 | AC79: 614369.52 | AD79: =+IF(AC79="N/A","N/A",(AC79-(AC79*$E$4))) -> 307184.76 | AE79: 533107.09 | AF79: =+IF(AE79="N/A","N/A",(AE79-(AE79*$E$4))) -> 266553.55 | AG79: 534099.58 | AH79: =+IF(AG79="N/A","N/A",(AG79-(AG79*$E$4))) -> 267049.79 | AI79: 613312.92 | AJ79: =+IF(AI79="N/A","N/A",(AI79-(AI79*$E$4))) -> 306656.46 | AK79: N/A | AL79: =+IF(AK79="N/A","N/A",(AK79-(AK79*$E$4))) -> N/A | AM79: 680333.17 | AN79: =+IF(AM79="N/A","N/A",(AM79-(AM79*$E$4))) -> 340166.58
A80: 61 | B80: Bocín Completo | C80: 1 | E80: 672698.33 | F80: =+IF(E80="N/A","N/A",(E80-(E80*$E$4))) -> 336349.17 | G80: 1049981.7 | H80: =+IF(G80="N/A","N/A",(G80-(G80*$E$4))) -> 524990.87 | I80: 637900.12 | J80: =+IF(I80="N/A","N/A",(I80-(I80*$E$4))) -> 318950.06 | K80: 658079.61 | L80: =+IF(K80="N/A","N/A",(K80-(K80*$E$4))) -> 329039.8 | M80: 856676.9 | N80: =+IF(M80="N/A","N/A",(M80-(M80*$E$4))) -> 428338.45 | O80: 693710.61 | P80: =+IF(O80="N/A","N/A",(O80-(O80*$E$4))) -> 346855.3 | Q80: 1102046.6 | R80: =+IF(Q80="N/A","N/A",(Q80-(Q80*$E$4))) -> 551023.32 | S80: 1119401.6 | T80: =+IF(S80="N/A","N/A",(S80-(S80*$E$4))) -> 559700.8 | U80: 1188822 | V80: =+IF(U80="N/A","N/A",(U80-(U80*$E$4))) -> 594410.98 | W80: 694202.67 | X80: =+IF(W80="N/A","N/A",(W80-(W80*$E$4))) -> 347101.33 | Y80: 926721.32 | Z80: =+IF(Y80="N/A","N/A",(Y80-(Y80*$E$4))) -> 463360.66 | AA80: 846096.45 | AB80: =+IF(AA80="N/A","N/A",(AA80-(AA80*$E$4))) -> 423048.22 | AC80: 1067336.7 | AD80: =+IF(AC80="N/A","N/A",(AC80-(AC80*$E$4))) -> 533668.35 | AE80: 598808.22 | AF80: =+IF(AE80="N/A","N/A",(AE80-(AE80*$E$4))) -> 299404.11 | AG80: 603771.14 | AH80: =+IF(AG80="N/A","N/A",(AG80-(AG80*$E$4))) -> 301885.57 | AI80: 788465.96 | AJ80: =+IF(AI80="N/A","N/A",(AI80-(AI80*$E$4))) -> 394232.98 | AK80: 1375833.2 | AL80: =+IF(AK80="N/A","N/A",(AK80-(AK80*$E$4))) -> 687916.58 | AM80: 866666.83 | AN80: =+IF(AM80="N/A","N/A",(AM80-(AM80*$E$4))) -> 433333.42
B81: SISTEMA DE EMBRAGUE | F81: =+IF(E81="N/A","N/A",(E81-(E81*$E$4))) -> 0 | H81: =+IF(G81="N/A","N/A",(G81-(G81*$E$4))) -> 0 | J81: =+IF(I81="N/A","N/A",(I81-(I81*$E$4))) -> 0 | L81: =+IF(K81="N/A","N/A",(K81-(K81*$E$4))) -> 0 | N81: =+IF(M81="N/A","N/A",(M81-(M81*$E$4))) -> 0 | P81: =+IF(O81="N/A","N/A",(O81-(O81*$E$4))) -> 0 | R81: =+IF(Q81="N/A","N/A",(Q81-(Q81*$E$4))) -> 0 | T81: =+IF(S81="N/A","N/A",(S81-(S81*$E$4))) -> 0 | V81: =+IF(U81="N/A","N/A",(U81-(U81*$E$4))) -> 0 | X81: =+IF(W81="N/A","N/A",(W81-(W81*$E$4))) -> 0 | Z81: =+IF(Y81="N/A","N/A",(Y81-(Y81*$E$4))) -> 0 | AB81: =+IF(AA81="N/A","N/A",(AA81-(AA81*$E$4))) -> 0 | AD81: =+IF(AC81="N/A","N/A",(AC81-(AC81*$E$4))) -> 0 | AF81: =+IF(AE81="N/A","N/A",(AE81-(AE81*$E$4))) -> 0 | AH81: =+IF(AG81="N/A","N/A",(AG81-(AG81*$E$4))) -> 0 | AJ81: =+IF(AI81="N/A","N/A",(AI81-(AI81*$E$4))) -> 0 | AL81: =+IF(AK81="N/A","N/A",(AK81-(AK81*$E$4))) -> 0 | AN81: =+IF(AM81="N/A","N/A",(AM81-(AM81*$E$4))) -> 0
A82: 62 | B82: Horquilla De Cambio | C82: 1 | E82: 307657.06 | F82: =+IF(E82="N/A","N/A",(E82-(E82*$E$4))) -> 153828.53 | G82: 336688.05 | H82: =+IF(G82="N/A","N/A",(G82-(G82*$E$4))) -> 168344.03 | I82: 234924.29 | J82: =+IF(I82="N/A","N/A",(I82-(I82*$E$4))) -> 117462.15 | K82: 184327.96 | L82: =+IF(K82="N/A","N/A",(K82-(K82*$E$4))) -> 92163.982 | M82: 339647.79 | N82: =+IF(M82="N/A","N/A",(M82-(M82*$E$4))) -> 169823.9 | O82: 206390.22 | P82: =+IF(O82="N/A","N/A",(O82-(O82*$E$4))) -> 103195.11 | Q82: 392224.55 | R82: =+IF(Q82="N/A","N/A",(Q82-(Q82*$E$4))) -> 196112.27 | S82: 392224.55 | T82: =+IF(S82="N/A","N/A",(S82-(S82*$E$4))) -> 196112.27 | U82: 387017.91 | V82: =+IF(U82="N/A","N/A",(U82-(U82*$E$4))) -> 193508.95 | W82: 282887.61 | X82: =+IF(W82="N/A","N/A",(W82-(W82*$E$4))) -> 141443.8 | Y82: 364884.17 | Z82: =+IF(Y82="N/A","N/A",(Y82-(Y82*$E$4))) -> 182442.09 | AA82: 258218.23 | AB82: =+IF(AA82="N/A","N/A",(AA82-(AA82*$E$4))) -> 129109.11 | AC82: 272474.33 | AD82: =+IF(AC82="N/A","N/A",(AC82-(AC82*$E$4))) -> 136237.16 | AE82: 235770.49 | AF82: =+IF(AE82="N/A","N/A",(AE82-(AE82*$E$4))) -> 117885.25 | AG82: 242179.06 | AH82: =+IF(AG82="N/A","N/A",(AG82-(AG82*$E$4))) -> 121089.53 | AI82: 300636.15 | AJ82: =+IF(AI82="N/A","N/A",(AI82-(AI82*$E$4))) -> 150318.08 | AK82: 348833.17 | AL82: =+IF(AK82="N/A","N/A",(AK82-(AK82*$E$4))) -> 174416.58 | AM82: 353166.83 | AN82: =+IF(AM82="N/A","N/A",(AM82-(AM82*$E$4))) -> 176583.42
A83: 63 | B83: Retenedor Caja (Delantero) | C83: 1 | E83: 119865.91 | F83: =+IF(E83="N/A","N/A",(E83-(E83*$E$4))) -> 59932.957 | G83: 182228.4 | H83: =+IF(G83="N/A","N/A",(G83-(G83*$E$4))) -> 91114.2 | I83: 124264.2 | J83: =+IF(I83="N/A","N/A",(I83-(I83*$E$4))) -> 62132.101 | K83: 123098.05 | L83: =+IF(K83="N/A","N/A",(K83-(K83*$E$4))) -> 61549.023 | M83: 153560.91 | N83: =+IF(M83="N/A","N/A",(M83-(M83*$E$4))) -> 76780.453 | O83: 132717.44 | P83: =+IF(O83="N/A","N/A",(O83-(O83*$E$4))) -> 66358.719 | Q83: 203054.46 | R83: =+IF(Q83="N/A","N/A",(Q83-(Q83*$E$4))) -> 101527.23 | S83: 203054.46 | T83: =+IF(S83="N/A","N/A",(S83-(S83*$E$4))) -> 101527.23 | U83: 203054.46 | V83: =+IF(U83="N/A","N/A",(U83-(U83*$E$4))) -> 101527.23 | W83: 149253.51 | X83: =+IF(W83="N/A","N/A",(W83-(W83*$E$4))) -> 74626.757 | Y83: 183920.87 | Z83: =+IF(Y83="N/A","N/A",(Y83-(Y83*$E$4))) -> 91960.437 | AA83: 165323.5 | AB83: =+IF(AA83="N/A","N/A",(AA83-(AA83*$E$4))) -> 82661.75 | AC83: 185698.99 | AD83: =+IF(AC83="N/A","N/A",(AC83-(AC83*$E$4))) -> 92849.497 | AE83: 129895.74 | AF83: =+IF(AE83="N/A","N/A",(AE83-(AE83*$E$4))) -> 64947.869 | AG83: 132408.01 | AH83: =+IF(AG83="N/A","N/A",(AG83-(AG83*$E$4))) -> 66204.007 | AI83: 162702.75 | AJ83: =+IF(AI83="N/A","N/A",(AI83-(AI83*$E$4))) -> 81351.376 | AK83: 214500 | AL83: =+IF(AK83="N/A","N/A",(AK83-(AK83*$E$4))) -> 107250 | AM83: 186333.17 | AN83: =+IF(AM83="N/A","N/A",(AM83-(AM83*$E$4))) -> 93166.583
A84: 64 | B84: Retenedor Caja (Trasero) | C84: 1 | E84: 140021.18 | F84: =+IF(E84="N/A","N/A",(E84-(E84*$E$4))) -> 70010.592 | G84: 203054.46 | H84: =+IF(G84="N/A","N/A",(G84-(G84*$E$4))) -> 101527.23 | I84: 128284.3 | J84: =+IF(I84="N/A","N/A",(I84-(I84*$E$4))) -> 64142.152 | K84: 123296.64 | L84: =+IF(K84="N/A","N/A",(K84-(K84*$E$4))) -> 61648.322 | M84: 150695.75 | N84: =+IF(M84="N/A","N/A",(M84-(M84*$E$4))) -> 75347.873 | O84: 131724.45 | P84: =+IF(O84="N/A","N/A",(O84-(O84*$E$4))) -> 65862.227 | Q84: 203054.46 | R84: =+IF(Q84="N/A","N/A",(Q84-(Q84*$E$4))) -> 101527.23 | S84: 203054.46 | T84: =+IF(S84="N/A","N/A",(S84-(S84*$E$4))) -> 101527.23 | U84: 79833.147 | V84: =+IF(U84="N/A","N/A",(U84-(U84*$E$4))) -> 39916.573 | W84: 149253.51 | X84: =+IF(W84="N/A","N/A",(W84-(W84*$E$4))) -> 74626.757 | Y84: 159106.25 | Z84: =+IF(Y84="N/A","N/A",(Y84-(Y84*$E$4))) -> 79553.125 | AA84: 147894.29 | AB84: =+IF(AA84="N/A","N/A",(AA84-(AA84*$E$4))) -> 73947.143 | AC84: 185698.99 | AD84: =+IF(AC84="N/A","N/A",(AC84-(AC84*$E$4))) -> 92849.497 | AE84: 119938.44 | AF84: =+IF(AE84="N/A","N/A",(AE84-(AE84*$E$4))) -> 59969.222 | AG84: 129311.4 | AH84: =+IF(AG84="N/A","N/A",(AG84-(AG84*$E$4))) -> 64655.7 | AI84: 169040.08 | AJ84: =+IF(AI84="N/A","N/A",(AI84-(AI84*$E$4))) -> 84520.038 | AK84: 214500 | AL84: =+IF(AK84="N/A","N/A",(AK84-(AK84*$E$4))) -> 107250 | AM84: 186333.17 | AN84: =+IF(AM84="N/A","N/A",(AM84-(AM84*$E$4))) -> 93166.583
A85: 65 | B85: Kit Embrague (Prensa, disco y balinera) | C85: 1 | E85: 1829455.6 | F85: =+IF(E85="N/A","N/A",(E85-(E85*$E$4))) -> 914727.8 | G85: 2134673.4 | H85: =+IF(G85="N/A","N/A",(G85-(G85*$E$4))) -> 1067336.7 | I85: 1044880.9 | J85: =+IF(I85="N/A","N/A",(I85-(I85*$E$4))) -> 522440.47 | K85: 1028825.3 | L85: =+IF(K85="N/A","N/A",(K85-(K85*$E$4))) -> 514412.63 | M85: 1853518.7 | N85: =+IF(M85="N/A","N/A",(M85-(M85*$E$4))) -> 926759.37 | O85: 1130970.6 | P85: =+IF(O85="N/A","N/A",(O85-(O85*$E$4))) -> 565485.3 | Q85: 2073930.3 | R85: =+IF(Q85="N/A","N/A",(Q85-(Q85*$E$4))) -> 1036965.1 | S85: 2073930.3 | T85: =+IF(S85="N/A","N/A",(S85-(S85*$E$4))) -> 1036965.1 | U85: 2854908.3 | V85: =+IF(U85="N/A","N/A",(U85-(U85*$E$4))) -> 1427454.1 | W85: 1171467 | X85: =+IF(W85="N/A","N/A",(W85-(W85*$E$4))) -> 585733.5 | Y85: 2182291.1 | Z85: =+IF(Y85="N/A","N/A",(Y85-(Y85*$E$4))) -> 1091145.6 | AA85: 1690580.3 | AB85: =+IF(AA85="N/A","N/A",(AA85-(AA85*$E$4))) -> 845290.15 | AC85: 1917735.1 | AD85: =+IF(AC85="N/A","N/A",(AC85-(AC85*$E$4))) -> 958867.53 | AE85: 1082091.9 | AF85: =+IF(AE85="N/A","N/A",(AE85-(AE85*$E$4))) -> 541045.94 | AG85: 1132401.2 | AH85: =+IF(AG85="N/A","N/A",(AG85-(AG85*$E$4))) -> 566200.58 | AI85: 1363703.8 | AJ85: =+IF(AI85="N/A","N/A",(AI85-(AI85*$E$4))) -> 681851.92 | AK85: 2275000 | AL85: =+IF(AK85="N/A","N/A",(AK85-(AK85*$E$4))) -> 1137500 | AM85: 1462500 | AN85: =+IF(AM85="N/A","N/A",(AM85-(AM85*$E$4))) -> 731250
A86: 66 | B86: Balinera Piloto | C86: 1 | E86: 152989.09 | F86: =+IF(E86="N/A","N/A",(E86-(E86*$E$4))) -> 76494.543 | G86: 192641.18 | H86: =+IF(G86="N/A","N/A",(G86-(G86*$E$4))) -> 96320.59 | I86: 139406.93 | J86: =+IF(I86="N/A","N/A",(I86-(I86*$E$4))) -> 69703.466 | K86: 122324.08 | L86: =+IF(K86="N/A","N/A",(K86-(K86*$E$4))) -> 61162.04 | M86: 161292.43 | N86: =+IF(M86="N/A","N/A",(M86-(M86*$E$4))) -> 80646.215 | O86: 139863.26 | P86: =+IF(O86="N/A","N/A",(O86-(O86*$E$4))) -> 69931.63 | Q86: 227351.61 | R86: =+IF(Q86="N/A","N/A",(Q86-(Q86*$E$4))) -> 113675.81 | S86: 227351.61 | T86: =+IF(S86="N/A","N/A",(S86-(S86*$E$4))) -> 113675.81 | U86: 230822.21 | V86: =+IF(U86="N/A","N/A",(U86-(U86*$E$4))) -> 115411.1 | W86: 190905.63 | X86: =+IF(W86="N/A","N/A",(W86-(W86*$E$4))) -> 95452.817 | Y86: 178389.1 | Z86: =+IF(Y86="N/A","N/A",(Y86-(Y86*$E$4))) -> 89194.549 | AA86: N/A | AB86: =+IF(AA86="N/A","N/A",(AA86-(AA86*$E$4))) -> N/A | AC86: N/A | AD86: =+IF(AC86="N/A","N/A",(AC86-(AC86*$E$4))) -> N/A | AE86: 135258.54 | AF86: =+IF(AE86="N/A","N/A",(AE86-(AE86*$E$4))) -> 67629.271 | AG86: 128113.04 | AH86: =+IF(AG86="N/A","N/A",(AG86-(AG86*$E$4))) -> 64056.519 | AI86: 174773 | AJ86: =+IF(AI86="N/A","N/A",(AI86-(AI86*$E$4))) -> 87386.5 | AK86: 223166.83 | AL86: =+IF(AK86="N/A","N/A",(AK86-(AK86*$E$4))) -> 111583.42 | AM86: 238333.17 | AN86: =+IF(AM86="N/A","N/A",(AM86-(AM86*$E$4))) -> 119166.58
A87: 67 | B87: Soporte Transmisión y/o Caja. | C87: 1 | E87: 280426.9 | F87: =+IF(E87="N/A","N/A",(E87-(E87*$E$4))) -> 140213.45 | G87: 310655.85 | H87: =+IF(G87="N/A","N/A",(G87-(G87*$E$4))) -> 155327.93 | I87: 228122.98 | J87: =+IF(I87="N/A","N/A",(I87-(I87*$E$4))) -> 114061.49 | K87: 224915.6 | L87: =+IF(K87="N/A","N/A",(K87-(K87*$E$4))) -> 112457.8 | M87: 329953.99 | N87: =+IF(M87="N/A","N/A",(M87-(M87*$E$4))) -> 164977 | O87: 237932.2 | P87: =+IF(O87="N/A","N/A",(O87-(O87*$E$4))) -> 118966.1 | Q87: 347101.33 | R87: =+IF(Q87="N/A","N/A",(Q87-(Q87*$E$4))) -> 173550.67 | S87: 347101.33 | T87: =+IF(S87="N/A","N/A",(S87-(S87*$E$4))) -> 173550.67 | U87: 347101.33 | V87: =+IF(U87="N/A","N/A",(U87-(U87*$E$4))) -> 173550.67 | W87: 274209.87 | X87: =+IF(W87="N/A","N/A",(W87-(W87*$E$4))) -> 137104.94 | Y87: 343499.35 | Z87: =+IF(Y87="N/A","N/A",(Y87-(Y87*$E$4))) -> 171749.67 | AA87: 317291.11 | AB87: =+IF(AA87="N/A","N/A",(AA87-(AA87*$E$4))) -> 158645.55 | AC87: 333217.46 | AD87: =+IF(AC87="N/A","N/A",(AC87-(AC87*$E$4))) -> 166608.73 | AE87: 263533.35 | AF87: =+IF(AE87="N/A","N/A",(AE87-(AE87*$E$4))) -> 131766.67 | AG87: 267939.36 | AH87: =+IF(AG87="N/A","N/A",(AG87-(AG87*$E$4))) -> 133969.68 | AI87: 334120.86 | AJ87: =+IF(AI87="N/A","N/A",(AI87-(AI87*$E$4))) -> 167060.43 | AK87: 400833.17 | AL87: =+IF(AK87="N/A","N/A",(AK87-(AK87*$E$4))) -> 200416.58 | AM87: 342333.17 | AN87: =+IF(AM87="N/A","N/A",(AM87-(AM87*$E$4))) -> 171166.58
A88: 68 | B88: Retenedor De Transfer | C88: 1 | E88: 132767.25 | F88: =+IF(E88="N/A","N/A",(E88-(E88*$E$4))) -> 66383.624 | G88: 143179.1 | H88: =+IF(G88="N/A","N/A",(G88-(G88*$E$4))) -> 71589.55 | I88: N/A | J88: =+IF(I88="N/A","N/A",(I88-(I88*$E$4))) -> N/A | K88: N/A | L88: =+IF(K88="N/A","N/A",(K88-(K88*$E$4))) -> N/A | M88: 144027.94 | N88: =+IF(M88="N/A","N/A",(M88-(M88*$E$4))) -> 72013.972 | O88: N/A | P88: =+IF(O88="N/A","N/A",(O88-(O88*$E$4))) -> N/A | Q88: 168344.03 | R88: =+IF(Q88="N/A","N/A",(Q88-(Q88*$E$4))) -> 84172.013 | S88: 168344.03 | T88: =+IF(S88="N/A","N/A",(S88-(S88*$E$4))) -> 84172.013 | U88: 168344.03 | V88: =+IF(U88="N/A","N/A",(U88-(U88*$E$4))) -> 84172.013 | W88: N/A | X88: =+IF(W88="N/A","N/A",(W88-(W88*$E$4))) -> N/A | Y88: 147217.29 | Z88: =+IF(Y88="N/A","N/A",(Y88-(Y88*$E$4))) -> 73608.646 | AA88: 126082.31 | AB88: =+IF(AA88="N/A","N/A",(AA88-(AA88*$E$4))) -> 63041.154 | AC88: 138840.73 | AD88: =+IF(AC88="N/A","N/A",(AC88-(AC88*$E$4))) -> 69420.367 | AE88: N/A | AF88: =+IF(AE88="N/A","N/A",(AE88-(AE88*$E$4))) -> N/A | AG88: N/A | AH88: =+IF(AG88="N/A","N/A",(AG88-(AG88*$E$4))) -> N/A | AI88: N/A | AJ88: =+IF(AI88="N/A","N/A",(AI88-(AI88*$E$4))) -> N/A | AK88: 166833.17 | AL88: =+IF(AK88="N/A","N/A",(AK88-(AK88*$E$4))) -> 83416.583 | AM88: N/A | AN88: =+IF(AM88="N/A","N/A",(AM88-(AM88*$E$4))) -> N/A
A89: 69 | B89: Balinera Volante | C89: 1 | E89: N/A | F89: =+IF(E89="N/A","N/A",(E89-(E89*$E$4))) -> N/A | G89: N/A | H89: =+IF(G89="N/A","N/A",(G89-(G89*$E$4))) -> N/A | I89: N/A | J89: =+IF(I89="N/A","N/A",(I89-(I89*$E$4))) -> N/A | K89: N/A | L89: =+IF(K89="N/A","N/A",(K89-(K89*$E$4))) -> N/A | M89: N/A | N89: =+IF(M89="N/A","N/A",(M89-(M89*$E$4))) -> N/A | O89: N/A | P89: =+IF(O89="N/A","N/A",(O89-(O89*$E$4))) -> N/A | Q89: N/A | R89: =+IF(Q89="N/A","N/A",(Q89-(Q89*$E$4))) -> N/A | S89: N/A | T89: =+IF(S89="N/A","N/A",(S89-(S89*$E$4))) -> N/A | U89: N/A | V89: =+IF(U89="N/A","N/A",(U89-(U89*$E$4))) -> N/A | W89: N/A | X89: =+IF(W89="N/A","N/A",(W89-(W89*$E$4))) -> N/A | Y89: N/A | Z89: =+IF(Y89="N/A","N/A",(Y89-(Y89*$E$4))) -> N/A | AA89: N/A | AB89: =+IF(AA89="N/A","N/A",(AA89-(AA89*$E$4))) -> N/A | AC89: N/A | AD89: =+IF(AC89="N/A","N/A",(AC89-(AC89*$E$4))) -> N/A | AE89: N/A | AF89: =+IF(AE89="N/A","N/A",(AE89-(AE89*$E$4))) -> N/A | AG89: N/A | AH89: =+IF(AG89="N/A","N/A",(AG89-(AG89*$E$4))) -> N/A | AI89: N/A | AJ89: =+IF(AI89="N/A","N/A",(AI89-(AI89*$E$4))) -> N/A | AK89: N/A | AL89: =+IF(AK89="N/A","N/A",(AK89-(AK89*$E$4))) -> N/A | AM89: N/A | AN89: =+IF(AM89="N/A","N/A",(AM89-(AM89*$E$4))) -> N/A
A90: 70 | B90: Balinera Clutch | C90: 1 | E90: 183160.39 | F90: =+IF(E90="N/A","N/A",(E90-(E90*$E$4))) -> 91580.197 | G90: 218673.88 | H90: =+IF(G90="N/A","N/A",(G90-(G90*$E$4))) -> 109336.94 | I90: 170650.72 | J90: =+IF(I90="N/A","N/A",(I90-(I90*$E$4))) -> 85325.359 | K90: 173441.26 | L90: =+IF(K90="N/A","N/A",(K90-(K90*$E$4))) -> 86720.628 | M90: 188676.96 | N90: =+IF(M90="N/A","N/A",(M90-(M90*$E$4))) -> 94338.478 | O90: 179949.31 | P90: =+IF(O90="N/A","N/A",(O90-(O90*$E$4))) -> 89974.653 | Q90: 199583.37 | R90: =+IF(Q90="N/A","N/A",(Q90-(Q90*$E$4))) -> 99791.683 | S90: 187434.54 | T90: =+IF(S90="N/A","N/A",(S90-(S90*$E$4))) -> 93717.27 | U90: 197847.82 | V90: =+IF(U90="N/A","N/A",(U90-(U90*$E$4))) -> 98923.91 | W90: 189170.09 | X90: =+IF(W90="N/A","N/A",(W90-(W90*$E$4))) -> 94585.043 | Y90: 189347.04 | Z90: =+IF(Y90="N/A","N/A",(Y90-(Y90*$E$4))) -> 94673.521 | AA90: 157336.37 | AB90: =+IF(AA90="N/A","N/A",(AA90-(AA90*$E$4))) -> 78668.187 | AC90: 161402.34 | AD90: =+IF(AC90="N/A","N/A",(AC90-(AC90*$E$4))) -> 80701.17 | AE90: 133836.36 | AF90: =+IF(AE90="N/A","N/A",(AE90-(AE90*$E$4))) -> 66918.182 | AG90: 139797.19 | AH90: =+IF(AG90="N/A","N/A",(AG90-(AG90*$E$4))) -> 69898.597 | AI90: 167971.12 | AJ90: =+IF(AI90="N/A","N/A",(AI90-(AI90*$E$4))) -> 83985.561 | AK90: 212333.17 | AL90: =+IF(AK90="N/A","N/A",(AK90-(AK90*$E$4))) -> 106166.58 | AM90: 236166.83 | AN90: =+IF(AM90="N/A","N/A",(AM90-(AM90*$E$4))) -> 118083.42
A91: 71 | B91: Bomba Auxiliar Clucth | C91: 1 | E91: 273072.79 | F91: =+IF(E91="N/A","N/A",(E91-(E91*$E$4))) -> 136536.4 | G91: 317597.54 | H91: =+IF(G91="N/A","N/A",(G91-(G91*$E$4))) -> 158798.77 | I91: 246835.01 | J91: =+IF(I91="N/A","N/A",(I91-(I91*$E$4))) -> 123417.51 | K91: 250670.06 | L91: =+IF(K91="N/A","N/A",(K91-(K91*$E$4))) -> 125335.03 | M91: 309333.19 | N91: =+IF(M91="N/A","N/A",(M91-(M91*$E$4))) -> 154666.6 | O91: 258479.52 | P91: =+IF(O91="N/A","N/A",(O91-(O91*$E$4))) -> 129239.76 | Q91: 312391.4 | R91: =+IF(Q91="N/A","N/A",(Q91-(Q91*$E$4))) -> 156195.7 | S91: 312391.4 | T91: =+IF(S91="N/A","N/A",(S91-(S91*$E$4))) -> 156195.7 | U91: 326275.27 | V91: =+IF(U91="N/A","N/A",(U91-(U91*$E$4))) -> 163137.64 | W91: 262061.55 | X91: =+IF(W91="N/A","N/A",(W91-(W91*$E$4))) -> 131030.77 | Y91: 303109.59 | Z91: =+IF(Y91="N/A","N/A",(Y91-(Y91*$E$4))) -> 151554.8 | AA91: 298197.06 | AB91: =+IF(AA91="N/A","N/A",(AA91-(AA91*$E$4))) -> 149098.53 | AC91: 312391.4 | AD91: =+IF(AC91="N/A","N/A",(AC91-(AC91*$E$4))) -> 156195.7 | AE91: 260326.71 | AF91: =+IF(AE91="N/A","N/A",(AE91-(AE91*$E$4))) -> 130163.35 | AG91: 267060.81 | AH91: =+IF(AG91="N/A","N/A",(AG91-(AG91*$E$4))) -> 133530.4 | AI91: 325912.82 | AJ91: =+IF(AI91="N/A","N/A",(AI91-(AI91*$E$4))) -> 162956.41 | AK91: 394333.17 | AL91: =+IF(AK91="N/A","N/A",(AK91-(AK91*$E$4))) -> 197166.58 | AM91: 327166.83 | AN91: =+IF(AM91="N/A","N/A",(AM91-(AM91*$E$4))) -> 163583.42
A92: 72 | B92: Bomba Principal Clucth | C92: 1 | E92: 351053.63 | F92: =+IF(E92="N/A","N/A",(E92-(E92*$E$4))) -> 175526.81 | G92: 393960.09 | H92: =+IF(G92="N/A","N/A",(G92-(G92*$E$4))) -> 196980.05 | I92: 333358.73 | J92: =+IF(I92="N/A","N/A",(I92-(I92*$E$4))) -> 166679.36 | K92: 336369.82 | L92: =+IF(K92="N/A","N/A",(K92-(K92*$E$4))) -> 168184.91 | M92: 371073.58 | N92: =+IF(M92="N/A","N/A",(M92-(M92*$E$4))) -> 185536.79 | O92: 339877.36 | P92: =+IF(O92="N/A","N/A",(O92-(O92*$E$4))) -> 169938.68 | Q92: 373134.03 | R92: =+IF(Q92="N/A","N/A",(Q92-(Q92*$E$4))) -> 186567.02 | S92: 373134.03 | T92: =+IF(S92="N/A","N/A",(S92-(S92*$E$4))) -> 186567.02 | U92: 392224.55 | V92: =+IF(U92="N/A","N/A",(U92-(U92*$E$4))) -> 196112.27 | W92: 334953.01 | X92: =+IF(W92="N/A","N/A",(W92-(W92*$E$4))) -> 167476.5 | Y92: 374071.59 | Z92: =+IF(Y92="N/A","N/A",(Y92-(Y92*$E$4))) -> 187035.8 | AA92: 375815.32 | AB92: =+IF(AA92="N/A","N/A",(AA92-(AA92*$E$4))) -> 187907.66 | AC92: 381811.27 | AD92: =+IF(AC92="N/A","N/A",(AC92-(AC92*$E$4))) -> 190905.63 | AE92: 332690.99 | AF92: =+IF(AE92="N/A","N/A",(AE92-(AE92*$E$4))) -> 166345.49 | AG92: 336105.51 | AH92: =+IF(AG92="N/A","N/A",(AG92-(AG92*$E$4))) -> 168052.76 | AI92: 415653.94 | AJ92: =+IF(AI92="N/A","N/A",(AI92-(AI92*$E$4))) -> 207826.97 | AK92: 439833.17 | AL92: =+IF(AK92="N/A","N/A",(AK92-(AK92*$E$4))) -> 219916.58 | AM92: 418166.83 | AN92: =+IF(AM92="N/A","N/A",(AM92-(AM92*$E$4))) -> 209083.42
B93: SISTEMA ELÉCTRICO | F93: =+IF(E93="N/A","N/A",(E93-(E93*$E$4))) -> 0 | H93: =+IF(G93="N/A","N/A",(G93-(G93*$E$4))) -> 0 | J93: =+IF(I93="N/A","N/A",(I93-(I93*$E$4))) -> 0 | L93: =+IF(K93="N/A","N/A",(K93-(K93*$E$4))) -> 0 | N93: =+IF(M93="N/A","N/A",(M93-(M93*$E$4))) -> 0 | P93: =+IF(O93="N/A","N/A",(O93-(O93*$E$4))) -> 0 | R93: =+IF(Q93="N/A","N/A",(Q93-(Q93*$E$4))) -> 0 | T93: =+IF(S93="N/A","N/A",(S93-(S93*$E$4))) -> 0 | V93: =+IF(U93="N/A","N/A",(U93-(U93*$E$4))) -> 0 | X93: =+IF(W93="N/A","N/A",(W93-(W93*$E$4))) -> 0 | Z93: =+IF(Y93="N/A","N/A",(Y93-(Y93*$E$4))) -> 0 | AB93: =+IF(AA93="N/A","N/A",(AA93-(AA93*$E$4))) -> 0 | AD93: =+IF(AC93="N/A","N/A",(AC93-(AC93*$E$4))) -> 0 | AF93: =+IF(AE93="N/A","N/A",(AE93-(AE93*$E$4))) -> 0 | AH93: =+IF(AG93="N/A","N/A",(AG93-(AG93*$E$4))) -> 0 | AJ93: =+IF(AI93="N/A","N/A",(AI93-(AI93*$E$4))) -> 0 | AL93: =+IF(AK93="N/A","N/A",(AK93-(AK93*$E$4))) -> 0 | AN93: =+IF(AM93="N/A","N/A",(AM93-(AM93*$E$4))) -> 0
A94: 73 | B94: Pito | C94: 1 | E94: 114882.23 | F94: =+IF(E94="N/A","N/A",(E94-(E94*$E$4))) -> 57441.113 | G94: 169211.8 | H94: =+IF(G94="N/A","N/A",(G94-(G94*$E$4))) -> 84605.9 | I94: 126107.11 | J94: =+IF(I94="N/A","N/A",(I94-(I94*$E$4))) -> 63053.555 | K94: 122220.18 | L94: =+IF(K94="N/A","N/A",(K94-(K94*$E$4))) -> 61110.092 | M94: 130051.99 | N94: =+IF(M94="N/A","N/A",(M94-(M94*$E$4))) -> 65025.994 | O94: 122154.97 | P94: =+IF(O94="N/A","N/A",(O94-(O94*$E$4))) -> 61077.487 | Q94: 167476.25 | R94: =+IF(Q94="N/A","N/A",(Q94-(Q94*$E$4))) -> 83738.127 | S94: 167476.25 | T94: =+IF(S94="N/A","N/A",(S94-(S94*$E$4))) -> 83738.127 | U94: 167476.25 | V94: =+IF(U94="N/A","N/A",(U94-(U94*$E$4))) -> 83738.127 | W94: 185698.99 | X94: =+IF(W94="N/A","N/A",(W94-(W94*$E$4))) -> 92849.497 | Y94: 133015.79 | Z94: =+IF(Y94="N/A","N/A",(Y94-(Y94*$E$4))) -> 66507.893 | AA94: 131030.82 | AB94: =+IF(AA94="N/A","N/A",(AA94-(AA94*$E$4))) -> 65515.408 | AC94: 167476.25 | AD94: =+IF(AC94="N/A","N/A",(AC94-(AC94*$E$4))) -> 83738.127 | AE94: 127753.04 | AF94: =+IF(AE94="N/A","N/A",(AE94-(AE94*$E$4))) -> 63876.519 | AG94: 131649.17 | AH94: =+IF(AG94="N/A","N/A",(AG94-(AG94*$E$4))) -> 65824.583 | AI94: 162186.83 | AJ94: =+IF(AI94="N/A","N/A",(AI94-(AI94*$E$4))) -> 81093.415 | AK94: 209083.17 | AL94: =+IF(AK94="N/A","N/A",(AK94-(AK94*$E$4))) -> 104541.58 | AM94: 231833.17 | AN94: =+IF(AM94="N/A","N/A",(AM94-(AM94*$E$4))) -> 115916.58
A95: 74 | B95: Swiche Encendido | C95: 1 | E95: 981039.97 | F95: =+IF(E95="N/A","N/A",(E95-(E95*$E$4))) -> 490519.99 | G95: 1188822 | H95: =+IF(G95="N/A","N/A",(G95-(G95*$E$4))) -> 594410.98 | I95: 681470.57 | J95: =+IF(I95="N/A","N/A",(I95-(I95*$E$4))) -> 340735.28 | K95: 670873.3 | L95: =+IF(K95="N/A","N/A",(K95-(K95*$E$4))) -> 335436.65 | M95: 1147039 | N95: =+IF(M95="N/A","N/A",(M95-(M95*$E$4))) -> 573519.51 | O95: 692978.21 | P95: =+IF(O95="N/A","N/A",(O95-(O95*$E$4))) -> 346489.1 | Q95: 1393612 | R95: =+IF(Q95="N/A","N/A",(Q95-(Q95*$E$4))) -> 696805.99 | S95: 1410966.9 | T95: =+IF(S95="N/A","N/A",(S95-(S95*$E$4))) -> 705483.47 | U95: 1445676.9 | V95: =+IF(U95="N/A","N/A",(U95-(U95*$E$4))) -> 722838.44 | W95: 803539.61 | X95: =+IF(W95="N/A","N/A",(W95-(W95*$E$4))) -> 401769.8 | Y95: 1186599.6 | Z95: =+IF(Y95="N/A","N/A",(Y95-(Y95*$E$4))) -> 593299.78 | AA95: 994412.86 | AB95: =+IF(AA95="N/A","N/A",(AA95-(AA95*$E$4))) -> 497206.43 | AC95: 1202706.3 | AD95: =+IF(AC95="N/A","N/A",(AC95-(AC95*$E$4))) -> 601353.17 | AE95: 690037.18 | AF95: =+IF(AE95="N/A","N/A",(AE95-(AE95*$E$4))) -> 345018.59 | AG95: 720534.41 | AH95: =+IF(AG95="N/A","N/A",(AG95-(AG95*$E$4))) -> 360267.2 | AI95: 888409.97 | AJ95: =+IF(AI95="N/A","N/A",(AI95-(AI95*$E$4))) -> 444204.98 | AK95: 1956500 | AL95: =+IF(AK95="N/A","N/A",(AK95-(AK95*$E$4))) -> 978250 | AM95: 1003166.8 | AN95: =+IF(AM95="N/A","N/A",(AM95-(AM95*$E$4))) -> 501583.42
A96: 75 | B96: Farola | C96: 1 | E96: 626228.64 | F96: =+IF(E96="N/A","N/A",(E96-(E96*$E$4))) -> 313114.32 | G96: 876431.07 | H96: =+IF(G96="N/A","N/A",(G96-(G96*$E$4))) -> 438215.53 | I96: 698780.97 | J96: =+IF(I96="N/A","N/A",(I96-(I96*$E$4))) -> 349390.49 | K96: 657911.59 | L96: =+IF(K96="N/A","N/A",(K96-(K96*$E$4))) -> 328955.79 | M96: 708606.55 | N96: =+IF(M96="N/A","N/A",(M96-(M96*$E$4))) -> 354303.27 | O96: 758951.14 | P96: =+IF(O96="N/A","N/A",(O96-(O96*$E$4))) -> 379475.57 | Q96: 833043.4 | R96: =+IF(Q96="N/A","N/A",(Q96-(Q96*$E$4))) -> 416521.7 | S96: 815687.93 | T96: =+IF(S96="N/A","N/A",(S96-(S96*$E$4))) -> 407843.97 | U96: 971883.63 | V96: =+IF(U96="N/A","N/A",(U96-(U96*$E$4))) -> 485941.82 | W96: 989238.6 | X96: =+IF(W96="N/A","N/A",(W96-(W96*$E$4))) -> 494619.3 | Y96: 846738.66 | Z96: =+IF(Y96="N/A","N/A",(Y96-(Y96*$E$4))) -> 423369.33 | AA96: 700490.48 | AB96: =+IF(AA96="N/A","N/A",(AA96-(AA96*$E$4))) -> 350245.24 | AC96: 980561.37 | AD96: =+IF(AC96="N/A","N/A",(AC96-(AC96*$E$4))) -> 490280.68 | AE96: 647910.05 | AF96: =+IF(AE96="N/A","N/A",(AE96-(AE96*$E$4))) -> 323955.03 | AG96: 659783.76 | AH96: =+IF(AG96="N/A","N/A",(AG96-(AG96*$E$4))) -> 329891.88 | AI96: 831964.24 | AJ96: =+IF(AI96="N/A","N/A",(AI96-(AI96*$E$4))) -> 415982.12 | AK96: 1289166.8 | AL96: =+IF(AK96="N/A","N/A",(AK96-(AK96*$E$4))) -> 644583.42 | AM96: 1235000 | AN96: =+IF(AM96="N/A","N/A",(AM96-(AM96*$E$4))) -> 617500
A97: 76 | B97: Inducido | C97: 1 | E97: 232596.43 | F97: =+IF(E97="N/A","N/A",(E97-(E97*$E$4))) -> 116298.21 | G97: 364456.3 | H97: =+IF(G97="N/A","N/A",(G97-(G97*$E$4))) -> 182228.15 | I97: 224512.97 | J97: =+IF(I97="N/A","N/A",(I97-(I97*$E$4))) -> 112256.49 | K97: 219532.82 | L97: =+IF(K97="N/A","N/A",(K97-(K97*$E$4))) -> 109766.41 | M97: 256863.05 | N97: =+IF(M97="N/A","N/A",(M97-(M97*$E$4))) -> 128431.52 | O97: 216555.37 | P97: =+IF(O97="N/A","N/A",(O97-(O97*$E$4))) -> 108277.68 | Q97: 301978.12 | R97: =+IF(Q97="N/A","N/A",(Q97-(Q97*$E$4))) -> 150989.06 | S97: 301978.12 | T97: =+IF(S97="N/A","N/A",(S97-(S97*$E$4))) -> 150989.06 | U97: 301978.12 | V97: =+IF(U97="N/A","N/A",(U97-(U97*$E$4))) -> 150989.06 | W97: 262061.55 | X97: =+IF(W97="N/A","N/A",(W97-(W97*$E$4))) -> 131030.77 | Y97: 295656.12 | Z97: =+IF(Y97="N/A","N/A",(Y97-(Y97*$E$4))) -> 147828.06 | AA97: 256720.11 | AB97: =+IF(AA97="N/A","N/A",(AA97-(AA97*$E$4))) -> 128360.06 | AC97: 310655.85 | AD97: =+IF(AC97="N/A","N/A",(AC97-(AC97*$E$4))) -> 155327.93 | AE97: 243594.24 | AF97: =+IF(AE97="N/A","N/A",(AE97-(AE97*$E$4))) -> 121797.12 | AG97: 249284.79 | AH97: =+IF(AG97="N/A","N/A",(AG97-(AG97*$E$4))) -> 124642.39 | AI97: 295846.88 | AJ97: =+IF(AI97="N/A","N/A",(AI97-(AI97*$E$4))) -> 147923.44 | AK97: 387833.17 | AL97: =+IF(AK97="N/A","N/A",(AK97-(AK97*$E$4))) -> 193916.58 | AM97: 327166.83 | AN97: =+IF(AM97="N/A","N/A",(AM97-(AM97*$E$4))) -> 163583.42
A98: 77 | B98: Bendix | C98: 1 | E98: 158420.62 | F98: =+IF(E98="N/A","N/A",(E98-(E98*$E$4))) -> 79210.309 | G98: 182228.4 | H98: =+IF(G98="N/A","N/A",(G98-(G98*$E$4))) -> 91114.2 | I98: 132093.45 | J98: =+IF(I98="N/A","N/A",(I98-(I98*$E$4))) -> 66046.725 | K98: 128791.45 | L98: =+IF(K98="N/A","N/A",(K98-(K98*$E$4))) -> 64395.723 | M98: 178141.59 | N98: =+IF(M98="N/A","N/A",(M98-(M98*$E$4))) -> 89070.793 | O98: 130600.88 | P98: =+IF(O98="N/A","N/A",(O98-(O98*$E$4))) -> 65300.439 | Q98: 195244.5 | R98: =+IF(Q98="N/A","N/A",(Q98-(Q98*$E$4))) -> 97622.25 | S98: 195244.5 | T98: =+IF(S98="N/A","N/A",(S98-(S98*$E$4))) -> 97622.25 | U98: 195244.5 | V98: =+IF(U98="N/A","N/A",(U98-(U98*$E$4))) -> 97622.25 | W98: 138840.73 | X98: =+IF(W98="N/A","N/A",(W98-(W98*$E$4))) -> 69420.367 | Y98: 201614.39 | Z98: =+IF(Y98="N/A","N/A",(Y98-(Y98*$E$4))) -> 100807.19 | AA98: 184627.84 | AB98: =+IF(AA98="N/A","N/A",(AA98-(AA98*$E$4))) -> 92313.921 | AC98: 200451.14 | AD98: =+IF(AC98="N/A","N/A",(AC98-(AC98*$E$4))) -> 100225.57 | AE98: 140505.09 | AF98: =+IF(AE98="N/A","N/A",(AE98-(AE98*$E$4))) -> 70252.544 | AG98: 138960.17 | AH98: =+IF(AG98="N/A","N/A",(AG98-(AG98*$E$4))) -> 69480.085 | AI98: 175536.8 | AJ98: =+IF(AI98="N/A","N/A",(AI98-(AI98*$E$4))) -> 87768.401 | AK98: 282750 | AL98: =+IF(AK98="N/A","N/A",(AK98-(AK98*$E$4))) -> 141375 | AM98: 173333.17 | AN98: =+IF(AM98="N/A","N/A",(AM98-(AM98*$E$4))) -> 86666.583
A99: 78 | B99: Motor De Arranque | C99: 1 | E99: 883257.99 | F99: =+IF(E99="N/A","N/A",(E99-(E99*$E$4))) -> 441629 | G99: 980561.37 | H99: =+IF(G99="N/A","N/A",(G99-(G99*$E$4))) -> 490280.68 | I99: 797886.19 | J99: =+IF(I99="N/A","N/A",(I99-(I99*$E$4))) -> 398943.1 | K99: 842156 | L99: =+IF(K99="N/A","N/A",(K99-(K99*$E$4))) -> 421078 | M99: 962618.53 | N99: =+IF(M99="N/A","N/A",(M99-(M99*$E$4))) -> 481309.27 | O99: 883077.48 | P99: =+IF(O99="N/A","N/A",(O99-(O99*$E$4))) -> 441538.74 | Q99: 1023949 | R99: =+IF(Q99="N/A","N/A",(Q99-(Q99*$E$4))) -> 511974.52 | S99: 407843.97 | T99: =+IF(S99="N/A","N/A",(S99-(S99*$E$4))) -> 203921.98 | U99: 581394.63 | V99: =+IF(U99="N/A","N/A",(U99-(U99*$E$4))) -> 290697.32 | W99: 1032626.3 | X99: =+IF(W99="N/A","N/A",(W99-(W99*$E$4))) -> 516313.13 | Y99: 1131183.8 | Z99: =+IF(Y99="N/A","N/A",(Y99-(Y99*$E$4))) -> 565591.88 | AA99: 1005601 | AB99: =+IF(AA99="N/A","N/A",(AA99-(AA99*$E$4))) -> 502800.52 | AC99: 1154112 | AD99: =+IF(AC99="N/A","N/A",(AC99-(AC99*$E$4))) -> 577056.02 | AE99: 801452.82 | AF99: =+IF(AE99="N/A","N/A",(AE99-(AE99*$E$4))) -> 400726.41 | AG99: 869529.71 | AH99: =+IF(AG99="N/A","N/A",(AG99-(AG99*$E$4))) -> 434764.86 | AI99: 945131.24 | AJ99: =+IF(AI99="N/A","N/A",(AI99-(AI99*$E$4))) -> 472565.62 | AK99: 1484166.8 | AL99: =+IF(AK99="N/A","N/A",(AK99-(AK99*$E$4))) -> 742083.42 | AM99: 1289166.8 | AN99: =+IF(AM99="N/A","N/A",(AM99-(AM99*$E$4))) -> 644583.42
A100: 79 | B100: Portadiodo | C100: 1 | E100: 184421.06 | F100: =+IF(E100="N/A","N/A",(E100-(E100*$E$4))) -> 92210.529 | G100: 187434.54 | H100: =+IF(G100="N/A","N/A",(G100-(G100*$E$4))) -> 93717.27 | I100: 150546.71 | J100: =+IF(I100="N/A","N/A",(I100-(I100*$E$4))) -> 75273.355 | K100: 152116.06 | L100: =+IF(K100="N/A","N/A",(K100-(K100*$E$4))) -> 76058.03 | M100: 195452.05 | N100: =+IF(M100="N/A","N/A",(M100-(M100*$E$4))) -> 97726.026 | O100: 152116.06 | P100: =+IF(O100="N/A","N/A",(O100-(O100*$E$4))) -> 76058.03 | Q100: 196112.27 | R100: =+IF(Q100="N/A","N/A",(Q100-(Q100*$E$4))) -> 98056.137 | S100: 196112.27 | T100: =+IF(S100="N/A","N/A",(S100-(S100*$E$4))) -> 98056.137 | U100: 196112.27 | V100: =+IF(U100="N/A","N/A",(U100-(U100*$E$4))) -> 98056.137 | W100: 159666.79 | X100: =+IF(W100="N/A","N/A",(W100-(W100*$E$4))) -> 79833.397 | Y100: 194092.43 | Z100: =+IF(Y100="N/A","N/A",(Y100-(Y100*$E$4))) -> 97046.215 | AA100: 192107.46 | AB100: =+IF(AA100="N/A","N/A",(AA100-(AA100*$E$4))) -> 96053.73 | AC100: 196112.27 | AD100: =+IF(AC100="N/A","N/A",(AC100-(AC100*$E$4))) -> 98056.137 | AE100: 178202.93 | AF100: =+IF(AE100="N/A","N/A",(AE100-(AE100*$E$4))) -> 89101.465 | AG100: 180988.56 | AH100: =+IF(AG100="N/A","N/A",(AG100-(AG100*$E$4))) -> 90494.28 | AI100: 227128.25 | AJ100: =+IF(AI100="N/A","N/A",(AI100-(AI100*$E$4))) -> 113564.12 | AK100: 266500 | AL100: =+IF(AK100="N/A","N/A",(AK100-(AK100*$E$4))) -> 133250 | AM100: 199333.17 | AN100: =+IF(AM100="N/A","N/A",(AM100-(AM100*$E$4))) -> 99666.583
A101: 80 | B101: Regulador | C101: 1 | E101: 214686.1 | F101: =+IF(E101="N/A","N/A",(E101-(E101*$E$4))) -> 107343.05 | G101: 223880.52 | H101: =+IF(G101="N/A","N/A",(G101-(G101*$E$4))) -> 111940.26 | I101: 180567.37 | J101: =+IF(I101="N/A","N/A",(I101-(I101*$E$4))) -> 90283.687 | K101: 179375.88 | L101: =+IF(K101="N/A","N/A",(K101-(K101*$E$4))) -> 89687.941 | M101: 223102.97 | N101: =+IF(M101="N/A","N/A",(M101-(M101*$E$4))) -> 111551.49 | O101: 179375.88 | P101: =+IF(O101="N/A","N/A",(O101-(O101*$E$4))) -> 89687.941 | Q101: 230822.21 | R101: =+IF(Q101="N/A","N/A",(Q101-(Q101*$E$4))) -> 115411.1 | S101: 230822.21 | T101: =+IF(S101="N/A","N/A",(S101-(S101*$E$4))) -> 115411.1 | U101: 279416.51 | V101: =+IF(U101="N/A","N/A",(U101-(U101*$E$4))) -> 139708.26 | W101: 192641.18 | X101: =+IF(W101="N/A","N/A",(W101-(W101*$E$4))) -> 96320.59 | Y101: 252085.03 | Z101: =+IF(Y101="N/A","N/A",(Y101-(Y101*$E$4))) -> 126042.52 | AA101: 229142.58 | AB101: =+IF(AA101="N/A","N/A",(AA101-(AA101*$E$4))) -> 114571.29 | AC101: 262061.55 | AD101: =+IF(AC101="N/A","N/A",(AC101-(AC101*$E$4))) -> 131030.77 | AE101: 184655.94 | AF101: =+IF(AE101="N/A","N/A",(AE101-(AE101*$E$4))) -> 92327.968 | AG101: 187734.18 | AH101: =+IF(AG101="N/A","N/A",(AG101-(AG101*$E$4))) -> 93867.089 | AI101: 239590.76 | AJ101: =+IF(AI101="N/A","N/A",(AI101-(AI101*$E$4))) -> 119795.38 | AK101: 288166.83 | AL101: =+IF(AK101="N/A","N/A",(AK101-(AK101*$E$4))) -> 144083.42 | AM101: 240500 | AN101: =+IF(AM101="N/A","N/A",(AM101-(AM101*$E$4))) -> 120250
A102: 81 | B102: Bateria Según Referencia | C102: 1 | E102: 638730 | F102: =+IF(E102="N/A","N/A",(E102-(E102*$E$4))) -> 319365 | G102: 746268.07 | H102: =+IF(G102="N/A","N/A",(G102-(G102*$E$4))) -> 373134.03 | I102: 616223.58 | J102: =+IF(I102="N/A","N/A",(I102-(I102*$E$4))) -> 308111.79 | K102: 600895.15 | L102: =+IF(K102="N/A","N/A",(K102-(K102*$E$4))) -> 300447.57 | M102: 643712.72 | N102: =+IF(M102="N/A","N/A",(M102-(M102*$E$4))) -> 321856.36 | O102: 608948.82 | P102: =+IF(O102="N/A","N/A",(O102-(O102*$E$4))) -> 304474.41 | Q102: 763623.03 | R102: =+IF(Q102="N/A","N/A",(Q102-(Q102*$E$4))) -> 381811.52 | S102: 763623.03 | T102: =+IF(S102="N/A","N/A",(S102-(S102*$E$4))) -> 381811.52 | U102: 763623.03 | V102: =+IF(U102="N/A","N/A",(U102-(U102*$E$4))) -> 381811.52 | W102: 720235.37 | X102: =+IF(W102="N/A","N/A",(W102-(W102*$E$4))) -> 360117.68 | Y102: 641963.55 | Z102: =+IF(Y102="N/A","N/A",(Y102-(Y102*$E$4))) -> 320981.78 | AA102: 619133.9 | AB102: =+IF(AA102="N/A","N/A",(AA102-(AA102*$E$4))) -> 309566.95 | AC102: 763623.03 | AD102: =+IF(AC102="N/A","N/A",(AC102-(AC102*$E$4))) -> 381811.52 | AE102: 613405.39 | AF102: =+IF(AE102="N/A","N/A",(AE102-(AE102*$E$4))) -> 306702.69 | AG102: 619133.9 | AH102: =+IF(AG102="N/A","N/A",(AG102-(AG102*$E$4))) -> 309566.95 | AI102: 773389.92 | AJ102: =+IF(AI102="N/A","N/A",(AI102-(AI102*$E$4))) -> 386694.96 | AK102: 953333.17 | AL102: =+IF(AK102="N/A","N/A",(AK102-(AK102*$E$4))) -> 476666.58 | AM102: 899166.83 | AN102: =+IF(AM102="N/A","N/A",(AM102-(AM102*$E$4))) -> 449583.42
...

Sheet MANO DE OBRA MOTOS
B1: IPC 2020 | C1: 0.06
B2: IPC2021 | C2: 0.059
A3: LISTA DE PRECIOS SECCIONAL MAGDALENA | E3: 0.5
E6: VALOR SELECCIONADO | G6: VALOR SELECCIONADO
E7: MANO DE OBRA | F7: VALOR CON DESCUENTO | G7: MANO DE OBRA | H7: VALOR CON DESCUENTO
A8: NECESIDAD CONTRATACIÓN MOTOS MANO DE OBRA | C8: CANTIDAD
A10: NOMBRE DEL ACTIVO
A11: CILINDRAJE | E11: 0 - 150 CC | G11: 151 - 250 CC
A13: DESCRIPCIÓN | E13: COSTO MANO DE OBRA | G13: COSTO MANO DE OBRA
E14: VALOR UNITARIO INCLUIDO IVA | G14: VALOR UNITARIO INCLUIDO IVA
B16: SINCRONIZACIÓN
A17: 1 | B17: Sincronización (entiéndase por : calibración de válvulas, limpieza cuerpo de aceleración ya sea un motor inyectado o carburado, lavado de inyectores por ultrasonido, cambio de filtros, cambio o mantenimiento de bujías, calibración de sensores y revisión eléctrica. | C17: 1 | E17: 106425.56 | F17: =+IF(E17="N/A","N/A",(E17-(E17*$E$3))) -> 53212.779 | G17: 119918.63 | H17: =+IF(G17="N/A","N/A",(G17-(G17*$E$3))) -> 59959.315
A18: 2 | B18: CALIBRACIÓN VÁLVULAS | C18: 1 | E18: 74309.7 | F18: =+IF(E18="N/A","N/A",(E18-(E18*$E$3))) -> 37154.85 | G18: 86612.006 | H18: =+IF(G18="N/A","N/A",(G18-(G18*$E$3))) -> 43306.003
A19: 3 | B19: LIMPIEZA TANQUE COMBUSTIBLE ( INCLUYE DESMONTAR Y MONTAR) | C19: 1 | E19: 54768.252 | F19: =+IF(E19="N/A","N/A",(E19-(E19*$E$3))) -> 27384.126 | G19: 66067.557 | H19: =+IF(G19="N/A","N/A",(G19-(G19*$E$3))) -> 33033.778
A20: 4 | B20: CAMBIO GUAYA ACELERADOR | C20: 1 | E20: 48722.345 | F20: =+IF(E20="N/A","N/A",(E20-(E20*$E$3))) -> 24361.172 | G20: 59587.467 | H20: =+IF(G20="N/A","N/A",(G20-(G20*$E$3))) -> 29793.733
A21: 5 | B21: CAMBIO GUAYA CHOKE | C21: 1 | E21: 45664.123 | F21: =+IF(E21="N/A","N/A",(E21-(E21*$E$3))) -> 22832.061 | G21: N/A | H21: =+IF(G21="N/A","N/A",(G21-(G21*$E$3))) -> N/A
A22: 6 | B22: LUBRICAR GUAYAS | C22: 1 | E22: 28678.162 | F22: =+IF(E22="N/A","N/A",(E22-(E22*$E$3))) -> 14339.081 | G22: 33530.751 | H22: =+IF(G22="N/A","N/A",(G22-(G22*$E$3))) -> 16765.376
A23: 7 | B23: COMPROBACIÓN NIVELES | C23: 1 | E23: 25188.478 | F23: =+IF(E23="N/A","N/A",(E23-(E23*$E$3))) -> 12594.239 | G23: 29587.732 | H23: =+IF(G23="N/A","N/A",(G23-(G23*$E$3))) -> 14793.866
A24: 8 | B24: CAMBIO CAPUCHÓN BUJÍA | C24: 1 | E24: 23277.001 | F24: =+IF(E24="N/A","N/A",(E24-(E24*$E$3))) -> 11638.5 | G24: 28392.243 | H24: =+IF(G24="N/A","N/A",(G24-(G24*$E$3))) -> 14196.122
A25: 9 | B25: CAMBIO BOMBA COMBUSTIBLE ( INCLUYE DESMONTAR Y MONTAR) | C25: 1 | E25: N/A | F25: =+IF(E25="N/A","N/A",(E25-(E25*$E$3))) -> N/A | G25: 92822.688 | H25: =+IF(G25="N/A","N/A",(G25-(G25*$E$3))) -> 46411.344
A26: 10 | B26: LIMPIEZA INYECTORES | C26: 1 | E26: N/A | F26: =+IF(E26="N/A","N/A",(E26-(E26*$E$3))) -> N/A | G26: 51314.557 | H26: =+IF(G26="N/A","N/A",(G26-(G26*$E$3))) -> 25657.278
B27: MOTOR | F27: =+IF(E27="N/A","N/A",(E27-(E27*$E$3))) -> 0 | H27: =+IF(G27="N/A","N/A",(G27-(G27*$E$3))) -> 0
A28: 11 | B28: REPARACIÓN MOTOR (INCLUYE DESARME, ARMADO Y SERVICIO DE RECTIFICADORA) | C28: 1 | E28: 523383.3 | F28: =+IF(E28="N/A","N/A",(E28-(E28*$E$3))) -> 261691.65 | G28: 624070.48 | H28: =+IF(G28="N/A","N/A",(G28-(G28*$E$3))) -> 312035.24
A29: 12 | B29: EMPACAR MOTOR | C29: 1 | E29: 189034.3 | F29: =+IF(E29="N/A","N/A",(E29-(E29*$E$3))) -> 94517.15 | G29: 231874.8 | H29: =+IF(G29="N/A","N/A",(G29-(G29*$E$3))) -> 115937.4
A30: 13 | B30: CAMBIO CANASTILLA BALANCINES | C30: 1 | E30: 118993 | F30: =+IF(E30="N/A","N/A",(E30-(E30*$E$3))) -> 59496.5 | G30: 145672 | H30: =+IF(G30="N/A","N/A",(G30-(G30*$E$3))) -> 72836
A31: 14 | B31: CAMBIO BOMBA ACEITE MOTOR | C31: 1 | E31: 141573.5 | F31: =+IF(E31="N/A","N/A",(E31-(E31*$E$3))) -> 70786.75 | G31: 165825.88 | H31: =+IF(G31="N/A","N/A",(G31-(G31*$E$3))) -> 82912.939
A32: 15 | B32: CAMBIO ACEITE MOTOR | C32: 1 | E32: 37129.85 | F32: =+IF(E32="N/A","N/A",(E32-(E32*$E$3))) -> 18564.925 | G32: 40797.032 | H32: =+IF(G32="N/A","N/A",(G32-(G32*$E$3))) -> 20398.516
A33: 16 | B33: CAMBIO FILTRO ACEITE | C33: 1 | E33: 20325.13 | F33: =+IF(E33="N/A","N/A",(E33-(E33*$E$3))) -> 10162.565 | G33: 21612.878 | H33: =+IF(G33="N/A","N/A",(G33-(G33*$E$3))) -> 10806.439
A34: 17 | B34: ARREGLO ROSCAS CILINDRO | C34: 1 | E34: 63571.52 | F34: =+IF(E34="N/A","N/A",(E34-(E34*$E$3))) -> 31785.76 | G34: 69871.413 | H34: =+IF(G34="N/A","N/A",(G34-(G34*$E$3))) -> 34935.707
A35: 18 | B35: CAMBIO TAPA FILTRO | C35: 1 | E35: 32416.171 | F35: =+IF(E35="N/A","N/A",(E35-(E35*$E$3))) -> 16208.085 | G35: 33785.787 | H35: =+IF(G35="N/A","N/A",(G35-(G35*$E$3))) -> 16892.894
A36: 19 | B36: CAMBIO RODAMIENTO VOLANTE | C36: 1 | E36: N/A | F36: =+IF(E36="N/A","N/A",(E36-(E36*$E$3))) -> N/A | G36: 57945.02 | H36: =+IF(G36="N/A","N/A",(G36-(G36*$E$3))) -> 28972.51
A37: 20 | B37: CAMBIO BALANCINES | C37: 1 | E37: 83217.638 | F37: =+IF(E37="N/A","N/A",(E37-(E37*$E$3))) -> 41608.819 | G37: 94815.27 | H37: =+IF(G37="N/A","N/A",(G37-(G37*$E$3))) -> 47407.635
A38: 21 | B38: CAMBIO RODAMIENTOS CIGÜEÑAL | C38: 1 | E38: 163193.5 | F38: =+IF(E38="N/A","N/A",(E38-(E38*$E$3))) -> 81596.75 | G38: 206352.63 | H38: =+IF(G38="N/A","N/A",(G38-(G38*$E$3))) -> 103176.32
A39: 22 | B39: CAMBIO CAUCHOS O SELLOS DE VÁLVULAS | C39: 1 | E39: 98042.693 | F39: =+IF(E39="N/A","N/A",(E39-(E39*$E$3))) -> 49021.347 | G39: 111088.19 | H39: =+IF(G39="N/A","N/A",(G39-(G39*$E$3))) -> 55544.093
A40: 23 | B40: CAMBIO RETENEDOR NIVEL ACEITE | C40: 1 | E40: N/A | F40: =+IF(E40="N/A","N/A",(E40-(E40*$E$3))) -> N/A | G40: 50237.114 | H40: =+IF(G40="N/A","N/A",(G40-(G40*$E$3))) -> 25118.557
A41: 24 | B41: CAMBIO VÁLVULA DESCOMPRESIONADORA | C41: 1 | E41: N/A | F41: =+IF(E41="N/A","N/A",(E41-(E41*$E$3))) -> N/A | G41: 56762.994 | H41: =+IF(G41="N/A","N/A",(G41-(G41*$E$3))) -> 28381.497
B42: RECTIFICADORA | F42: =+IF(E42="N/A","N/A",(E42-(E42*$E$3))) -> 0 | H42: =+IF(G42="N/A","N/A",(G42-(G42*$E$3))) -> 0
A43: 25 | B43: ENCAMISAR CILINDRO | C43: 1 | E43: 117540.41 | F43: =+IF(E43="N/A","N/A",(E43-(E43*$E$3))) -> 58770.206 | G43: 146158.79 | H43: =+IF(G43="N/A","N/A",(G43-(G43*$E$3))) -> 73079.393
A44: 26 | B44: RECTIFICAR CILINDRO | C44: 1 | E44: 117011.09 | F44: =+IF(E44="N/A","N/A",(E44-(E44*$E$3))) -> 58505.546 | G44: 143183.12 | H44: =+IF(G44="N/A","N/A",(G44-(G44*$E$3))) -> 71591.561
A45: 27 | B45: CAMBIAR BUJES EJE DE LEVAS | C45: 1 | E45: 96002.585 | F45: =+IF(E45="N/A","N/A",(E45-(E45*$E$3))) -> 48001.292 | G45: 115424.42 | H45: =+IF(G45="N/A","N/A",(G45-(G45*$E$3))) -> 57712.211
A46: 28 | B46: CAMBIAR GUIAS VÁLVULAS | C46: 1 | E46: 81359.5 | F46: =+IF(E46="N/A","N/A",(E46-(E46*$E$3))) -> 40679.75 | G46: 93548.803 | H46: =+IF(G46="N/A","N/A",(G46-(G46*$E$3))) -> 46774.401
A47: 29 | B47: ANILLAR BASES VÁLVULAS | C47: 1 | E47: 74661.182 | F47: =+IF(E47="N/A","N/A",(E47-(E47*$E$3))) -> 37330.591 | G47: 85778.942 | H47: =+IF(G47="N/A","N/A",(G47-(G47*$E$3))) -> 42889.471
A48: 30 | B48: RIMAR GUIAS VÁLVULAS | C48: 1 | E48: 63577.931 | F48: =+IF(E48="N/A","N/A",(E48-(E48*$E$3))) -> 31788.966 | G48: 73756.885 | H48: =+IF(G48="N/A","N/A",(G48-(G48*$E$3))) -> 36878.443
A49: 31 | B49: RECTIFICAR BASES VÁLVULAS | C49: 1 | E49: 89749 | F49: =+IF(E49="N/A","N/A",(E49-(E49*$E$3))) -> 44874.5 | G49: 107243.31 | H49: =+IF(G49="N/A","N/A",(G49-(G49*$E$3))) -> 53621.654
A50: 32 | B50: RECONSTRUIR ROSCAS BUJÍAS | C50: 1 | E50: 59108.589 | F50: =+IF(E50="N/A","N/A",(E50-(E50*$E$3))) -> 29554.295 | G50: 181938.82 | H50: =+IF(G50="N/A","N/A",(G50-(G50*$E$3))) -> 90969.41
A51: 33 | B51: RECONSTRUIR ROSCAS TAPÓN ACEITE | C51: 1 | E51: 53955.129 | F51: =+IF(E51="N/A","N/A",(E51-(E51*$E$3))) -> 26977.564 | G51: 60580.149 | H51: =+IF(G51="N/A","N/A",(G51-(G51*$E$3))) -> 30290.075
B52: SISTEMA DE TRANSFERENCIA | F52: =+IF(E52="N/A","N/A",(E52-(E52*$E$3))) -> 0 | H52: =+IF(G52="N/A","N/A",(G52-(G52*$E$3))) -> 0
A53: 34 | B53: REPARACIÓN CAJA VELOCIDADES | C53: 1 | E53: 202391.86 | F53: =+IF(E53="N/A","N/A",(E53-(E53*$E$3))) -> 101195.93 | G53: 236778.65 | H53: =+IF(G53="N/A","N/A",(G53-(G53*$E$3))) -> 118389.33
A54: 35 | B54: CAMBIO EMBRAGUE | C54: 1 | E54: 173462.5 | F54: =+IF(E54="N/A","N/A",(E54-(E54*$E$3))) -> 86731.25 | G54: 88241.5 | H54: =+IF(G54="N/A","N/A",(G54-(G54*$E$3))) -> 44120.75
A55: 36 | B55: CAMBIO EMPAQUE TAPA EMBRAGUE | C55: 1 | E55: 79318.23 | F55: =+IF(E55="N/A","N/A",(E55-(E55*$E$3))) -> 39659.115 | G55: 93427.77 | H55: =+IF(G55="N/A","N/A",(G55-(G55*$E$3))) -> 46713.885
A56: 37 | B56: CAMBIO DISCOS EMBRAGUE | C56: 1 | E56: 105398 | F56: =+IF(E56="N/A","N/A",(E56-(E56*$E$3))) -> 52699 | G56: 117069.36 | H56: =+IF(G56="N/A","N/A",(G56-(G56*$E$3))) -> 58534.681
A57: 38 | B57: CAMBIO VARILLA EMBRAGUE | C57: 1 | E57: 93440.752 | F57: =+IF(E57="N/A","N/A",(E57-(E57*$E$3))) -> 46720.376 | G57: 110022.5 | H57: =+IF(G57="N/A","N/A",(G57-(G57*$E$3))) -> 55011.249
A58: 39 | B58: CAMBIO MANIGUETA EMBRAGUE | C58: 1 | E58: 41805.695 | F58: =+IF(E58="N/A","N/A",(E58-(E58*$E$3))) -> 20902.848 | G58: 48908.398 | H58: =+IF(G58="N/A","N/A",(G58-(G58*$E$3))) -> 24454.199
A59: 40 | B59: CAMBIO GUAYA EMBRAGUE | C59: 1 | E59: 41317.474 | F59: =+IF(E59="N/A","N/A",(E59-(E59*$E$3))) -> 20658.737 | G59: 49709.832 | H59: =+IF(G59="N/A","N/A",(G59-(G59*$E$3))) -> 24854.916
A60: 41 | B60: CAMBIO CABLE GUAYA EMBRAGUE | C60: 1 | E60: 41366.846 | F60: =+IF(E60="N/A","N/A",(E60-(E60*$E$3))) -> 20683.423 | G60: 49708.577 | H60: =+IF(G60="N/A","N/A",(G60-(G60*$E$3))) -> 24854.289
A61: 42 | B61: CAMBIO RETENEDOR LEVA EMBRAGUE | C61: 1 | E61: 60976.484 | F61: =+IF(E61="N/A","N/A",(E61-(E61*$E$3))) -> 30488.242 | G61: 70726.647 | H61: =+IF(G61="N/A","N/A",(G61-(G61*$E$3))) -> 35363.324
A62: 43 | B62: CAMBIO RETENEDOR PIÑÓN SALIDA | C62: 1 | E62: 64515.162 | F62: =+IF(E62="N/A","N/A",(E62-(E62*$E$3))) -> 32257.581 | G62: 77148.532 | H62: =+IF(G62="N/A","N/A",(G62-(G62*$E$3))) -> 38574.266
A63: 44 | B63: REVISIÓN Y/O ARREGLO CONTROL CAMBIOS | C63: 1 | E63: 81800.085 | F63: =+IF(E63="N/A","N/A",(E63-(E63*$E$3))) -> 40900.043 | G63: 97344.983 | H63: =+IF(G63="N/A","N/A",(G63-(G63*$E$3))) -> 48672.491
A64: 45 | B64: CAMBIO BUJES EMBRAGUE | C64: 1 | E64: 65709.71 | F64: =+IF(E64="N/A","N/A",(E64-(E64*$E$3))) -> 32854.855 | G64: 75956.428 | H64: =+IF(G64="N/A","N/A",(G64-(G64*$E$3))) -> 37978.214
... A83: 64 | B83: CAMBO EMPAQUE/RETENEDOR SELECTOR CAMBIOS | C83: 1 | E83: 49934.868 | F83: =+IF(E83="N/A","N/A",(E83-(E83*$E$3))) -> 24967.434 | G83: 71839.513 | H83: =+IF(G83="N/A","N/A",(G83-(G83*$E$3))) -> 35919.756
B84: SISTEMA DE SUSPENSIÓN | F84: =+IF(E84="N/A","N/A",(E84-(E84*$E$3))) -> 0 | H84: =+IF(G84="N/A","N/A",(G84-(G84*$E$3))) -> 0
A85: 65 | B85: ARREGLO GENERAL SUSPENSIÓN DELANTERA | C85: 1 | E85: 109470.5 | F85: =+IF(E85="N/A","N/A",(E85-(E85*$E$3))) -> 54735.25 | G85: 151434.11 | H85: =+IF(G85="N/A","N/A",(G85-(G85*$E$3))) -> 75717.054
A86: 66 | B86: ARREGLO GENERAL SUSPENSIÓN TRASERA | C86: 1 | E86: 114658 | F86: =+IF(E86="N/A","N/A",(E86-(E86*$E$3))) -> 57329 | G86: 166743.77 | H86: =+IF(G86="N/A","N/A",(G86-(G86*$E$3))) -> 83371.885
A87: 67 | B87: CAMBIO ACEITE AMORTIGUADOR DELANTERO | C87: 1 | E87: 69668.361 | F87: =+IF(E87="N/A","N/A",(E87-(E87*$E$3))) -> 34834.18 | G87: 73691.043 | H87: =+IF(G87="N/A","N/A",(G87-(G87*$E$3))) -> 36845.521
A88: 68 | B88: CAMBIO RETENEDOR TELESCÓPICOS | C88: 1 | E88: 63651.098 | F88: =+IF(E88="N/A","N/A",(E88-(E88*$E$3))) -> 31825.549 | G88: 70387.222 | H88: =+IF(G88="N/A","N/A",(G88-(G88*$E$3))) -> 35193.611
A89: 69 | B89: CAMBIO BUJES AMORTIGUADOR DELANTERO | C89: 1 | E89: 63068.778 | F89: =+IF(E89="N/A","N/A",(E89-(E89*$E$3))) -> 31534.389 | G89: 71960.02 | H89: =+IF(G89="N/A","N/A",(G89-(G89*$E$3))) -> 35980.01
A90: 70 | B90: REVISIÓN Y/O CAMBIO AMORTIGUADOR TRASERO | C90: 1 | E90: 70423.044 | F90: =+IF(E90="N/A","N/A",(E90-(E90*$E$3))) -> 35211.522 | G90: 75331.223 | H90: =+IF(G90="N/A","N/A",(G90-(G90*$E$3))) -> 37665.611
A91: 71 | B91: CAMBIO BUJE AMORTIGUADOR TRASERO | C91: 1 | E91: 59907.993 | F91: =+IF(E91="N/A","N/A",(E91-(E91*$E$3))) -> 29953.997 | G91: 65501.055 | H91: =+IF(G91="N/A","N/A",(G91-(G91*$E$3))) -> 32750.527
A92: 72 | B92: GRADUAR AMORTIGUADOR TRASERO | C92: 1 | E92: 53121.026 | F92: =+IF(E92="N/A","N/A",(E92-(E92*$E$3))) -> 26560.513 | G92: 63310.83 | H92: =+IF(G92="N/A","N/A",(G92-(G92*$E$3))) -> 31655.415
A93: 73 | B93: CAMBIO EJE RUEDA DELANTERA | C93: 1 | E93: 46347.06 | F93: =+IF(E93="N/A","N/A",(E93-(E93*$E$3))) -> 23173.53 | G93: 53286.877 | H93: =+IF(G93="N/A","N/A",(G93-(G93*$E$3))) -> 26643.439
A94: 74 | B94: CAMBIO EJE RUEDA TRASERA | C94: 1 | E94: 42534.328 | F94: =+IF(E94="N/A","N/A",(E94-(E94*$E$3))) -> 21267.164 | G94: 46990.082 | H94: =+IF(G94="N/A","N/A",(G94-(G94*$E$3))) -> 23495.041
A95: 75 | B95: CAMBIO TIJERA | C95: 1 | E95: 54465.741 | F95: =+IF(E95="N/A","N/A",(E95-(E95*$E$3))) -> 27232.871 | G95: 71867.45 | H95: =+IF(G95="N/A","N/A",(G95-(G95*$E$3))) -> 35933.725
A96: 76 | B96: CAMBIO BUJE TIJERA | C96: 1 | E96: 59396.101 | F96: =+IF(E96="N/A","N/A",(E96-(E96*$E$3))) -> 29698.051 | G96: 75666.13 | H96: =+IF(G96="N/A","N/A",(G96-(G96*$E$3))) -> 37833.065
... A100: 80 | B100: ENGRASAR RODAMIENTOS DELANTEROS/TRASEROS | C100: 1 | E100: 33140.52 | F100: =+IF(E100="N/A","N/A",(E100-(E100*$E$3))) -> 16570.26 | G100: 34098.506 | H100: =+IF(G100="N/A","N/A",(G100-(G100*$E$3))) -> 17049.253
B101: SISTEMA DE DIRECCIÓN | F101: =+IF(E101="N/A","N/A",(E101-(E101*$E$3))) -> 0 | H101: =+IF(G101="N/A","N/A",(G101-(G101*$E$3))) -> 0
A102: 81 | B102: Mantenimiento tren delantero (entiéndase por: mantenimiento o cambio de cunas de dirección, limpieza y engrase de eje, revisión y cambio de rodamientos si es necesario, mantenimiento de barras de suspensión con cambio de aceite de barras y si es necesario cambio de retenedores telescópicos.) | C102: 1 | E102: 163135.23 | F102: =+IF(E102="N/A","N/A",(E102-(E102*$E$3))) -> 81567.614 | G102: 188248.18 | H102: =+IF(G102="N/A","N/A",(G102-(G102*$E$3))) -> 94124.091
A103: 82 | B103: CAMBIAR CUNAS DIRECCION | C103: 1 | E103: 32125 | F103: =+IF(E103="N/A","N/A",(E103-(E103*$E$3))) -> 16062.5 | G103: 89425.486 | H103: =+IF(G103="N/A","N/A",(G103-(G103*$E$3))) -> 44712.743
A104: 83 | B104: ENGRASAR CUNAS DIRECCION | C104: 1 | E104: 38345.385 | F104: =+IF(E104="N/A","N/A",(E104-(E104*$E$3))) -> 19172.692 | G104: 43649.594 | H104: =+IF(G104="N/A","N/A",(G104-(G104*$E$3))) -> 21824.797
A105: 84 | B105: CAMBIO PESA | C105: 1 | E105: 47959.47 | F105: =+IF(E105="N/A","N/A",(E105-(E105*$E$3))) -> 23979.735 | G105: 57402.178 | H105: =+IF(G105="N/A","N/A",(G105-(G105*$E$3))) -> 28701.089
A106: 85 | B106: AJUSTE RODAMIENTO DIRECCION | C106: 1 | E106: 49126.55 | F106: =+IF(E106="N/A","N/A",(E106-(E106*$E$3))) -> 24563.275 | G106: 55962.945 | H106: =+IF(G106="N/A","N/A",(G106-(G106*$E$3))) -> 27981.472
A107: 86 | B107: CAMBIAR RODAMIENTO DIRECCION | C107: 1 | E107: 60317.901 | F107: =+IF(E107="N/A","N/A",(E107-(E107*$E$3))) -> 30158.951 | G107: 66381.694 | H107: =+IF(G107="N/A","N/A",(G107-(G107*$E$3))) -> 33190.847
A108: 87 | B108: ENGRASAR RODAMIENTO DIRECCION | C108: 1 | E108: 33578.453 | F108: =+IF(E108="N/A","N/A",(E108-(E108*$E$3))) -> 16789.226 | G108: 35719.396 | H108: =+IF(G108="N/A","N/A",(G108-(G108*$E$3))) -> 17859.698
B109: SISTEMA DE FRENOS | F109: =+IF(E109="N/A","N/A",(E109-(E109*$E$3))) -> 0 | H109: =+IF(G109="N/A","N/A",(G109-(G109*$E$3))) -> 0
A110: 88 | B110: Mantenimiento general frenos (entiéndase por: limpieza profunda de mordazas y campana, mantenimiento bombas de freno, mantenimiento de cilindros con cambio de orrings , cambio de liquido de frenos según corresponda, purga de frenos, cambio de pastillas según corresponda, cambio o mantenimiento de bandas según corresponda. | C110: 1 | E110: 100535.58 | F110: =+IF(E110="N/A","N/A",(E110-(E110*$E$3))) -> 50267.792 | G110: 124560.24 | H110: =+IF(G110="N/A","N/A",(G110-(G110*$E$3))) -> 62280.121
A111: 89 | B111: CAMBIAR PASTILLAS DELANTERAS | C111: 1 | E111: 51651.887 | F111: =+IF(E111="N/A","N/A",(E111-(E111*$E$3))) -> 25825.944 | G111: 57316.502 | H111: =+IF(G111="N/A","N/A",(G111-(G111*$E$3))) -> 28658.251
A112: 90 | B112: CAMBIAR PASTILLAS TRASERAS | C112: 1 | E112: N/A | F112: =+IF(E112="N/A","N/A",(E112-(E112*$E$3))) -> N/A | G112: 56781.682 | H112: =+IF(G112="N/A","N/A",(G112-(G112*$E$3))) -> 28390.841
A113: 91 | B113: CAMBIO BANDAS DELANTERAS | C113: 1 | E113: 51651.887 | F113: =+IF(E113="N/A","N/A",(E113-(E113*$E$3))) -> 25825.944 | G113: 60084.193 | H113: =+IF(G113="N/A","N/A",(G113-(G113*$E$3))) -> 30042.096
A114: 92 | B114: CAMBIO BANDAS TRASERAS | C114: 1 | E114: 51651.887 | F114: =+IF(E114="N/A","N/A",(E114-(E114*$E$3))) -> 25825.944 | G114: 60084.193 | H114: =+IF(G114="N/A","N/A",(G114-(G114*$E$3))) -> 30042.096
A115: 93 | B115: CAMBIO BOMBA FRENOS | C115: 1 | E115: 61802.894 | F115: =+IF(E115="N/A","N/A",(E115-(E115*$E$3))) -> 30901.447 | G115: 72840.22 | H115: =+IF(G115="N/A","N/A",(G115-(G115*$E$3))) -> 36420.11
A116: 94 | B116: CAMBIO DISCO FRENO DELANTEROS | C116: 1 | E116: 50242.472 | F116: =+IF(E116="N/A","N/A",(E116-(E116*$E$3))) -> 25121.236 | G116: 59878.542 | H116: =+IF(G116="N/A","N/A",(G116-(G116*$E$3))) -> 29939.271
A117: 95 | B117: CAMBIO DISCO FRENO TRASEROS | C117: 1 | E117: N/A | F117: =+IF(E117="N/A","N/A",(E117-(E117*$E$3))) -> N/A | G117: 63411.977 | H117: =+IF(G117="N/A","N/A",(G117-(G117*$E$3))) -> 31705.989
A118: 96 | B118: CAMBIO CAMPANA | C118: 1 | E118: 57863.098 | F118: =+IF(E118="N/A","N/A",(E118-(E118*$E$3))) -> 28931.549 | G118: 72920.027 | H118: =+IF(G118="N/A","N/A",(G118-(G118*$E$3))) -> 36460.013
A119: 97 | B119: RECTIFICAR CAMPANA | C119: 1 | E119: 51598 | F119: =+IF(E119="N/A","N/A",(E119-(E119*$E$3))) -> 25799 | G119: 55149.831 | H119: =+IF(G119="N/A","N/A",(G119-(G119*$E$3))) -> 27574.915
A120: 98 | B120: CAMBIO MORDAZA | C120: 1 | E120: 45842 | F120: =+IF(E120="N/A","N/A",(E120-(E120*$E$3))) -> 22921 | G120: 50357.99 | H120: =+IF(G120="N/A","N/A",(G120-(G120*$E$3))) -> 25178.995
A121: 99 | B121: CAMBIO GUAYA FRENO | C121: 1 | E121: 37671.242 | F121: =+IF(E121="N/A","N/A",(E121-(E121*$E$3))) -> 18835.621 | G121: 44953.453 | H121: =+IF(G121="N/A","N/A",(G121-(G121*$E$3))) -> 22476.727
A122: 100 | B122: CAMBIO MANGUERA FRENO | C122: 1 | E122: 31541.446 | F122: =+IF(E122="N/A","N/A",(E122-(E122*$E$3))) -> 15770.723 | G122: 37791.936 | H122: =+IF(G122="N/A","N/A",(G122-(G122*$E$3))) -> 18895.968
A123: 101 | B123: CAMBIO LIQUIDO FRENOS | C123: 1 | E123: 17427.003 | F123: =+IF(E123="N/A","N/A",(E123-(E123*$E$3))) -> 8713.5014 | G123: 22509.439 | H123: =+IF(G123="N/A","N/A",(G123-(G123*$E$3))) -> 11254.72
A124: 102 | B124: TENSIÓN FRENOS | C124: 1 | E124: 20509.31 | F124: =+IF(E124="N/A","N/A",(E124-(E124*$E$3))) -> 10254.655 | G124: 24682.093 | H124: =+IF(G124="N/A","N/A",(G124-(G124*$E$3))) -> 12341.046
A125: 103 | B125: CAMBIO PERA PEDAL FRENO | C125: 1 | E125: 32602.401 | F125: =+IF(E125="N/A","N/A",(E125-(E125*$E$3))) -> 16301.2 | G125: 37791.371 | H125: =+IF(G125="N/A","N/A",(G125-(G125*$E$3))) -> 18895.686
A126: 104 | B126: CAMBIO PALANCA FRENO | C126: 1 | E126: 44066.782 | F126: =+IF(E126="N/A","N/A",(E126-(E126*$E$3))) -> 22033.391 | G126: 50660.46 | H126: =+IF(G126="N/A","N/A",(G126-(G126*$E$3))) -> 25330.23
...

Sheet REPUESTOS MOTOS 
B1: IPC 2020 | C1: 0.038
B2: IPC2021 | C2: 0.03
E3: 0.5
A4: LISTA DE PRECIOS
E5: VALOR SELECCIONADO | G5: VALOR SELECCIONADO | I5: VALOR SELECCIONADO | K5: VALOR SELECCIONADO | M5: VALOR SELECCIONADO | O5: VALOR SELECCIONADO | Q5: VALOR SELECCIONADO | S5: VALOR SELECCIONADO | U5: VALOR SELECCIONADO
A6: NECESIDAD CONTRATACÓN MULTIMARCA MANO DE OBRA | E6: 1. REPUESTOS | F6: VALOR CON DESCUENTO | G6: 2. REPUESTOS | H6: VALOR CON DESCUENTO | I6: 3. REPUESTOS | J6: VALOR CON DESCUENTO | K6: 4. REPUESTOS | L6: VALOR CON DESCUENTO | M6: 5. REPUESTOS | N6: VALOR CON DESCUENTO | O6: 6. REPUESTOS | P6: VALOR CON DESCUENTO | Q6: 7. REPUESTOS | R6: VALOR CON DESCUENTO | S6: 8. REPUESTOS | T6: VALOR CON DESCUENTO | U6: 9. REPUESTOS | V6: VALOR CON DESCUENTO
A8: NOMBRE DEL ACTIVO | E8: MOTOCICLETA | G8: MOTOCICLETA | I8: MOTOCICLETA | K8: MOTOCICLETA | M8: MOTOCICLETA | O8: MOTOCICLETA | Q8: MOTOCICLETA | S8: MOTOCICLETA | U8: MOTOCICLETA
A9: MARCA | E9: AUTECO BAJAJ | G9: HONDA | I9: HONDA | K9: HONDA | M9: HONDA | O9: SUZUKI | Q9: YAMAHA | S9: YAMAHA | U9: YAMAHA
A10: LÍNEA | C10: CANTIDAD | E10: BOXER (2) | G10: ELITE+ (3) | I10: XL 200 (2) | K10: SPLENDOR (1) | M10: XR250 (1) | O10: DR 200 (15) | Q10: XTZ 125 (3) | S10: XTZ 250 (2) | U10: LIBERO (2)
A11: MODELO | E11: 2014 | G11: 2016 | I11: 2006 | K11: 2006 | M11: 2011 | O11: 2006-2017 | Q11: 2007-2014 | S11: 2017 | U11: 2010-2011
A12: MUTIMARCA MOTOCICLETAS | E12: COSTO REPUESTO (S) | G12: COSTO REPUESTO (S) | I12: COSTO REPUESTO (S) | K12: COSTO REPUESTO (S) | M12: COSTO REPUESTO (S) | O12: COSTO REPUESTO (S) | Q12: COSTO REPUESTO (S) | S12: COSTO REPUESTO (S) | U12: COSTO REPUESTO (S)
E13: VALOR UNITARIO INCLUIDO IVA | G13: VALOR UNITARIO INCLUIDO IVA | I13: VALOR UNITARIO INCLUIDO IVA | K13: VALOR UNITARIO INCLUIDO IVA | M13: VALOR UNITARIO INCLUIDO IVA | O13: VALOR UNITARIO INCLUIDO IVA | Q13: VALOR UNITARIO INCLUIDO IVA | S13: VALOR UNITARIO ANTES DE IVA | U13: VALOR UNITARIO INCLUIDO IVA
A14: ÌTEM | B14: SISTEMA DE FRENOS
A15: 1 | B15: Juego De Bandas Frenos (Dos pares) | C15: 1 | E15: 103654.34 | F15: =+IF(E15="N/A","N/A",(E15-(E15*$E$3))) -> 51827.171 | G15: 77842.5 | H15: =+IF(G15="N/A","N/A",(G15-(G15*$E$3))) -> 38921.25 | I15: 98458 | J15: =+IF(I15="N/A","N/A",(I15-(I15*$E$3))) -> 49229 | K15: 96968.5 | L15: =+IF(K15="N/A","N/A",(K15-(K15*$E$3))) -> 48484.25 | M15: 89000 | N15: =+IF(M15="N/A","N/A",(M15-(M15*$E$3))) -> 44500 | O15: 108472.82 | P15: =+IF(O15="N/A","N/A",(O15-(O15*$E$3))) -> 54236.41 | Q15: 92773.5 | R15: =+IF(Q15="N/A","N/A",(Q15-(Q15*$E$3))) -> 46386.75 | S15: 103779.5 | T15: =+IF(S15="N/A","N/A",(S15-(S15*$E$3))) -> 51889.75 | U15: 85389.5 | V15: =+IF(U15="N/A","N/A",(U15-(U15*$E$3))) -> 42694.75
A16: 2 | B16: Juego De Pastillas De Frenos Delantera (Dos pares) | C16: 1 | E16: N/A | F16: =+IF(E16="N/A","N/A",(E16-(E16*$E$3))) -> N/A | G16: 89664.106 | H16: =+IF(G16="N/A","N/A",(G16-(G16*$E$3))) -> 44832.053 | I16: 111202.31 | J16: =+IF(I16="N/A","N/A",(I16-(I16*$E$3))) -> 55601.153 | K16: N/A | L16: =+IF(K16="N/A","N/A",(K16-(K16*$E$3))) -> N/A | M16: 165000 | N16: =+IF(M16="N/A","N/A",(M16-(M16*$E$3))) -> 82500 | O16: 116342.14 | P16: =+IF(O16="N/A","N/A",(O16-(O16*$E$3))) -> 58171.069 | Q16: 116490.93 | R16: =+IF(Q16="N/A","N/A",(Q16-(Q16*$E$3))) -> 58245.463 | S16: 125102.79 | T16: =+IF(S16="N/A","N/A",(S16-(S16*$E$3))) -> 62551.396 | U16: 100688.96 | V16: =+IF(U16="N/A","N/A",(U16-(U16*$E$3))) -> 50344.481
A17: 3 | B17: Liquido De Freno (Pinta 290 ml) | C17: 1 | E17: N/A | F17: =+IF(E17="N/A","N/A",(E17-(E17*$E$3))) -> N/A | G17: 11590.5 | H17: =+IF(G17="N/A","N/A",(G17-(G17*$E$3))) -> 5795.25 | I17: 14580.5 | J17: =+IF(I17="N/A","N/A",(I17-(I17*$E$3))) -> 7290.25 | K17: N/A | L17: =+IF(K17="N/A","N/A",(K17-(K17*$E$3))) -> N/A | M17: N/A | N17: =+IF(M17="N/A","N/A",(M17-(M17*$E$3))) -> N/A | O17: 16455.583 | P17: =+IF(O17="N/A","N/A",(O17-(O17*$E$3))) -> 8227.7914 | Q17: 15801.58 | R17: =+IF(Q17="N/A","N/A",(Q17-(Q17*$E$3))) -> 7900.7898 | S17: 15801.58 | T17: =+IF(S17="N/A","N/A",(S17-(S17*$E$3))) -> 7900.7898 | U17: N/A | V17: =+IF(U17="N/A","N/A",(U17-(U17*$E$3))) -> N/A
B18: SINCRONIZACIÓN | F18: =+IF(E18="N/A","N/A",(E18-(E18*$E$3))) -> 0 | H18: =+IF(G18="N/A","N/A",(G18-(G18*$E$3))) -> 0 | J18: =+IF(I18="N/A","N/A",(I18-(I18*$E$3))) -> 0 | L18: =+IF(K18="N/A","N/A",(K18-(K18*$E$3))) -> 0 | N18: =+IF(M18="N/A","N/A",(M18-(M18*$E$3))) -> 0 | P18: =+IF(O18="N/A","N/A",(O18-(O18*$E$3))) -> 0 | R18: =+IF(Q18="N/A","N/A",(Q18-(Q18*$E$3))) -> 0 | T18: =+IF(S18="N/A","N/A",(S18-(S18*$E$3))) -> 0 | V18: =+IF(U18="N/A","N/A",(U18-(U18*$E$3))) -> 0
A19: 4 | B19: Bujía | C19: 1 | E19: 27013.325 | F19: =+IF(E19="N/A","N/A",(E19-(E19*$E$3))) -> 13506.662 | G19: 19995.5 | H19: =+IF(G19="N/A","N/A",(G19-(G19*$E$3))) -> 9997.75 | I19: 24221.5 | J19: =+IF(I19="N/A","N/A",(I19-(I19*$E$3))) -> 12110.75 | K19: 24221.5 | L19: =+IF(K19="N/A","N/A",(K19-(K19*$E$3))) -> 12110.75 | M19: 25000 | N19: =+IF(M19="N/A","N/A",(M19-(M19*$E$3))) -> 12500 | O19: 27123.836 | P19: =+IF(O19="N/A","N/A",(O19-(O19*$E$3))) -> 13561.918 | Q19: 21800.5 | R19: =+IF(Q19="N/A","N/A",(Q19-(Q19*$E$3))) -> 10900.25 | S19: 20159 | T19: =+IF(S19="N/A","N/A",(S19-(S19*$E$3))) -> 10079.5 | U19: 24469.5 | V19: =+IF(U19="N/A","N/A",(U19-(U19*$E$3))) -> 12234.75
A20: 5 | B20: Filtro Aire | C20: 1 | E20: 29220.12 | F20: =+IF(E20="N/A","N/A",(E20-(E20*$E$3))) -> 14610.06 | G20: 25134 | H20: =+IF(G20="N/A","N/A",(G20-(G20*$E$3))) -> 12567 | I20: 29145.135 | J20: =+IF(I20="N/A","N/A",(I20-(I20*$E$3))) -> 14572.568 | K20: 28374.12 | L20: =+IF(K20="N/A","N/A",(K20-(K20*$E$3))) -> 14187.06 | M20: 29000 | N20: =+IF(M20="N/A","N/A",(M20-(M20*$E$3))) -> 14500 | O20: 29874.12 | P20: =+IF(O20="N/A","N/A",(O20-(O20*$E$3))) -> 14937.06 | Q20: 27808.5 | R20: =+IF(Q20="N/A","N/A",(Q20-(Q20*$E$3))) -> 13904.25 | S20: 29478.135 | T20: =+IF(S20="N/A","N/A",(S20-(S20*$E$3))) -> 14739.068 | U20: 28374.12 | V20: =+IF(U20="N/A","N/A",(U20-(U20*$E$3))) -> 14187.06
A21: 6 | B21: Filtro Combustible | C21: 1 | E21: 25314.761 | F21: =+IF(E21="N/A","N/A",(E21-(E21*$E$3))) -> 12657.38 | G21: 21691.5 | H21: =+IF(G21="N/A","N/A",(G21-(G21*$E$3))) -> 10845.75 | I21: 26793.807 | J21: =+IF(I21="N/A","N/A",(I21-(I21*$E$3))) -> 13396.904 | K21: 26793.807 | L21: =+IF(K21="N/A","N/A",(K21-(K21*$E$3))) -> 13396.904 | M21: 30000 | N21: =+IF(M21="N/A","N/A",(M21-(M21*$E$3))) -> 15000 | O21: 26627.307 | P21: =+IF(O21="N/A","N/A",(O21-(O21*$E$3))) -> 13313.654 | Q21: 23995.5 | R21: =+IF(Q21="N/A","N/A",(Q21-(Q21*$E$3))) -> 11997.75 | S21: 26960.307 | T21: =+IF(S21="N/A","N/A",(S21-(S21*$E$3))) -> 13480.154 | U21: 22662.5 | V21: =+IF(U21="N/A","N/A",(U21-(U21*$E$3))) -> 11331.25
B22: SISTEMA DE RODAMIENTOS | F22: =+IF(E22="N/A","N/A",(E22-(E22*$E$3))) -> 0 | H22: =+IF(G22="N/A","N/A",(G22-(G22*$E$3))) -> 0 | J22: =+IF(I22="N/A","N/A",(I22-(I22*$E$3))) -> 0 | L22: =+IF(K22="N/A","N/A",(K22-(K22*$E$3))) -> 0 | N22: =+IF(M22="N/A","N/A",(M22-(M22*$E$3))) -> 0 | P22: =+IF(O22="N/A","N/A",(O22-(O22*$E$3))) -> 0 | R22: =+IF(Q22="N/A","N/A",(Q22-(Q22*$E$3))) -> 0 | T22: =+IF(S22="N/A","N/A",(S22-(S22*$E$3))) -> 0 | V22: =+IF(U22="N/A","N/A",(U22-(U22*$E$3))) -> 0
A23: 7 | B23: Rodamiento tipo Balinera Delantero | C23: 1 | E23: 75510.294 | F23: =+IF(E23="N/A","N/A",(E23-(E23*$E$3))) -> 37755.147 | G23: 73195 | H23: =+IF(G23="N/A","N/A",(G23-(G23*$E$3))) -> 36597.5 | I23: 92220.5 | J23: =+IF(I23="N/A","N/A",(I23-(I23*$E$3))) -> 46110.25 | K23: 86141.639 | L23: =+IF(K23="N/A","N/A",(K23-(K23*$E$3))) -> 43070.819 | M23: 85000 | N23: =+IF(M23="N/A","N/A",(M23-(M23*$E$3))) -> 42500 | O23: 91167.5 | P23: =+IF(O23="N/A","N/A",(O23-(O23*$E$3))) -> 45583.75 | Q23: 87203 | R23: =+IF(Q23="N/A","N/A",(Q23-(Q23*$E$3))) -> 43601.5 | S23: 98902.5 | T23: =+IF(S23="N/A","N/A",(S23-(S23*$E$3))) -> 49451.25 | U23: 85448.5 | V23: =+IF(U23="N/A","N/A",(U23-(U23*$E$3))) -> 42724.25
A24: 8 | B24: Rodamiento tipo Balinera Trasero | C24: 1 | E24: 77030.818 | F24: =+IF(E24="N/A","N/A",(E24-(E24*$E$3))) -> 38515.409 | G24: 77230 | H24: =+IF(G24="N/A","N/A",(G24-(G24*$E$3))) -> 38615 | I24: 98278.622 | J24: =+IF(I24="N/A","N/A",(I24-(I24*$E$3))) -> 49139.311 | K24: 92368.727 | L24: =+IF(K24="N/A","N/A",(K24-(K24*$E$3))) -> 46184.363 | M24: 95000 | N24: =+IF(M24="N/A","N/A",(M24-(M24*$E$3))) -> 47500 | O24: 104070.71 | P24: =+IF(O24="N/A","N/A",(O24-(O24*$E$3))) -> 52035.357 | Q24: 91647 | R24: =+IF(Q24="N/A","N/A",(Q24-(Q24*$E$3))) -> 45823.5 | S24: 106763.28 | T24: =+IF(S24="N/A","N/A",(S24-(S24*$E$3))) -> 53381.638 | U24: 91589 | V24: =+IF(U24="N/A","N/A",(U24-(U24*$E$3))) -> 45794.5
A25: 9 | B25: Kit de Rodamiento (cadena, estrellas) | C25: 1 | E25: 187819.4 | F25: =+IF(E25="N/A","N/A",(E25-(E25*$E$3))) -> 93909.702 | G25: N/A | H25: =+IF(G25="N/A","N/A",(G25-(G25*$E$3))) -> N/A | I25: 226833.22 | J25: =+IF(I25="N/A","N/A",(I25-(I25*$E$3))) -> 113416.61 | K25: 205728.73 | L25: =+IF(K25="N/A","N/A",(K25-(K25*$E$3))) -> 102864.36 | M25: 260000 | N25: =+IF(M25="N/A","N/A",(M25-(M25*$E$3))) -> 130000 | O25: 215237.2 | P25: =+IF(O25="N/A","N/A",(O25-(O25*$E$3))) -> 107618.6 | Q25: 204671.85 | R25: =+IF(Q25="N/A","N/A",(Q25-(Q25*$E$3))) -> 102335.93 | T25: =+IF(S25="N/A","N/A",(S25-(S25*$E$3))) -> 0 | U25: 206317.28 | V25: =+IF(U25="N/A","N/A",(U25-(U25*$E$3))) -> 103158.64
B26: SISTEMA ELÉCTRICO | F26: =+IF(E26="N/A","N/A",(E26-(E26*$E$3))) -> 0 | H26: =+IF(G26="N/A","N/A",(G26-(G26*$E$3))) -> 0 | J26: =+IF(I26="N/A","N/A",(I26-(I26*$E$3))) -> 0 | L26: =+IF(K26="N/A","N/A",(K26-(K26*$E$3))) -> 0 | N26: =+IF(M26="N/A","N/A",(M26-(M26*$E$3))) -> 0 | P26: =+IF(O26="N/A","N/A",(O26-(O26*$E$3))) -> 0 | R26: =+IF(Q26="N/A","N/A",(Q26-(Q26*$E$3))) -> 0 | T26: =+IF(S26="N/A","N/A",(S26-(S26*$E$3))) -> 0 | V26: =+IF(U26="N/A","N/A",(U26-(U26*$E$3))) -> 0
A27: 10 | B27: Pito | C27: 1 | E27: 50481.038 | F27: =+IF(E27="N/A","N/A",(E27-(E27*$E$3))) -> 25240.519 | G27: 41995.5 | H27: =+IF(G27="N/A","N/A",(G27-(G27*$E$3))) -> 20997.75 | I27: 50279.5 | J27: =+IF(I27="N/A","N/A",(I27-(I27*$E$3))) -> 25139.75 | K27: 50279.5 | L27: =+IF(K27="N/A","N/A",(K27-(K27*$E$3))) -> 25139.75 | M27: 47000 | N27: =+IF(M27="N/A","N/A",(M27-(M27*$E$3))) -> 23500 | O27: 51923.358 | P27: =+IF(O27="N/A","N/A",(O27-(O27*$E$3))) -> 25961.679 | Q27: 46946.5 | R27: =+IF(Q27="N/A","N/A",(Q27-(Q27*$E$3))) -> 23473.25 | S27: 51423.358 | T27: =+IF(S27="N/A","N/A",(S27-(S27*$E$3))) -> 25711.679 | U27: 51756.358 | V27: =+IF(U27="N/A","N/A",(U27-(U27*$E$3))) -> 25878.179
A28: 11 | B28: Swiche Encendido | C28: 1 | E28: 100825.05 | F28: =+IF(E28="N/A","N/A",(E28-(E28*$E$3))) -> 50412.527 | G28: 104624.34 | H28: =+IF(G28="N/A","N/A",(G28-(G28*$E$3))) -> 52312.168 | I28: 121469.4 | J28: =+IF(I28="N/A","N/A",(I28-(I28*$E$3))) -> 60734.702 | K28: 129674.59 | L28: =+IF(K28="N/A","N/A",(K28-(K28*$E$3))) -> 64837.293 | M28: 170000 | N28: =+IF(M28="N/A","N/A",(M28-(M28*$E$3))) -> 85000 | O28: 132032.26 | P28: =+IF(O28="N/A","N/A",(O28-(O28*$E$3))) -> 66016.128 | Q28: 135203.51 | R28: =+IF(Q28="N/A","N/A",(Q28-(Q28*$E$3))) -> 67601.757 | S28: 138297.55 | T28: =+IF(S28="N/A","N/A",(S28-(S28*$E$3))) -> 69148.776 | U28: 119979.04 | V28: =+IF(U28="N/A","N/A",(U28-(U28*$E$3))) -> 59989.518
A29: 12 | B29: Bateria Según Referencia | C29: 1 | E29: 147790.04 | F29: =+IF(E29="N/A","N/A",(E29-(E29*$E$3))) -> 73895.018 | G29: 147576.5 | H29: =+IF(G29="N/A","N/A",(G29-(G29*$E$3))) -> 73788.25 | I29: 189692.5 | J29: =+IF(I29="N/A","N/A",(I29-(I29*$E$3))) -> 94846.25 | K29: 168354.61 | L29: =+IF(K29="N/A","N/A",(K29-(K29*$E$3))) -> 84177.305 | M29: 175000 | N29: =+IF(M29="N/A","N/A",(M29-(M29*$E$3))) -> 87500 | O29: 181099.5 | P29: =+IF(O29="N/A","N/A",(O29-(O29*$E$3))) -> 90549.75 | Q29: 180359 | R29: =+IF(Q29="N/A","N/A",(Q29-(Q29*$E$3))) -> 90179.5 | S29: 210736.47 | T29: =+IF(S29="N/A","N/A",(S29-(S29*$E$3))) -> 105368.24 | U29: 183286.87 | V29: =+IF(U29="N/A","N/A",(U29-(U29*$E$3))) -> 91643.436
A30: 13 | B30: Bombillo Farola (Incluida instalaciòn) | C30: 1 | E30: 16816.105 | F30: =+IF(E30="N/A","N/A",(E30-(E30*$E$3))) -> 8408.0524 | G30: 11220 | H30: =+IF(G30="N/A","N/A",(G30-(G30*$E$3))) -> 5610 | I30: 7458.7669 | J30: =+IF(I30="N/A","N/A",(I30-(I30*$E$3))) -> 3729.3834 | K30: 12553.5 | L30: =+IF(K30="N/A","N/A",(K30-(K30*$E$3))) -> 6276.75 | M30: 12000 | N30: =+IF(M30="N/A","N/A",(M30-(M30*$E$3))) -> 6000 | O30: 13886.5 | P30: =+IF(O30="N/A","N/A",(O30-(O30*$E$3))) -> 6943.25 | Q30: 15432.831 | R30: =+IF(Q30="N/A","N/A",(Q30-(Q30*$E$3))) -> 7716.4157 | S30: 15932.831 | T30: =+IF(S30="N/A","N/A",(S30-(S30*$E$3))) -> 7966.4157 | U30: 15432.831 | V30: =+IF(U30="N/A","N/A",(U30-(U30*$E$3))) -> 7716.4157
A31: 14 | B31: Bombillo Stop (Incluida instalaciòn) | C31: 1 | E31: 15961.091 | F31: =+IF(E31="N/A","N/A",(E31-(E31*$E$3))) -> 7980.5455 | G31: 12237.5 | H31: =+IF(G31="N/A","N/A",(G31-(G31*$E$3))) -> 6118.75 | I31: 14561 | J31: =+IF(I31="N/A","N/A",(I31-(I31*$E$3))) -> 7280.5 | K31: 14561 | L31: =+IF(K31="N/A","N/A",(K31-(K31*$E$3))) -> 7280.5 | M31: 15000 | N31: =+IF(M31="N/A","N/A",(M31-(M31*$E$3))) -> 7500 | O31: 15450.091 | P31: =+IF(O31="N/A","N/A",(O31-(O31*$E$3))) -> 7725.0455 | Q31: 14561 | R31: =+IF(Q31="N/A","N/A",(Q31-(Q31*$E$3))) -> 7280.5 | S31: 15616.591 | T31: =+IF(S31="N/A","N/A",(S31-(S31*$E$3))) -> 7808.2955 | U31: 14561 | V31: =+IF(U31="N/A","N/A",(U31-(U31*$E$3))) -> 7280.5
B32: SISTEMA DE LUBRICACIÓN | F32: =+IF(E32="N/A","N/A",(E32-(E32*$E$3))) -> 0 | H32: =+IF(G32="N/A","N/A",(G32-(G32*$E$3))) -> 0 | J32: =+IF(I32="N/A","N/A",(I32-(I32*$E$3))) -> 0 | L32: =+IF(K32="N/A","N/A",(K32-(K32*$E$3))) -> 0 | N32: =+IF(M32="N/A","N/A",(M32-(M32*$E$3))) -> 0 | P32: =+IF(O32="N/A","N/A",(O32-(O32*$E$3))) -> 0 | R32: =+IF(Q32="N/A","N/A",(Q32-(Q32*$E$3))) -> 0 | T32: =+IF(S32="N/A","N/A",(S32-(S32*$E$3))) -> 0 | V32: =+IF(U32="N/A","N/A",(U32-(U32*$E$3))) -> 0
A33: 15 | B33: Aceite Motor (1/4) | C33: 1 | E33: 24725.363 | F33: =+IF(E33="N/A","N/A",(E33-(E33*$E$3))) -> 12362.682 | G33: 18896 | H33: =+IF(G33="N/A","N/A",(G33-(G33*$E$3))) -> 9448 | I33: 23113 | J33: =+IF(I33="N/A","N/A",(I33-(I33*$E$3))) -> 11556.5 | K33: 22346.5 | L33: =+IF(K33="N/A","N/A",(K33-(K33*$E$3))) -> 11173.25 | M33: 23000 | N33: =+IF(M33="N/A","N/A",(M33-(M33*$E$3))) -> 11500 | O33: 25652.862 | P33: =+IF(O33="N/A","N/A",(O33-(O33*$E$3))) -> 12826.431 | Q33: 22464.5 | R33: =+IF(Q33="N/A","N/A",(Q33-(Q33*$E$3))) -> 11232.25 | S33: 25912.044 | T33: =+IF(S33="N/A","N/A",(S33-(S33*$E$3))) -> 12956.022 | U33: 23635.182 | V33: =+IF(U33="N/A","N/A",(U33-(U33*$E$3))) -> 11817.591
A34: 16 | B34: Liquido Para Frenos 500 ml | C34: 1 | E34: N/A | F34: =+IF(E34="N/A","N/A",(E34-(E34*$E$3))) -> N/A | G34: 13946 | H34: =+IF(G34="N/A","N/A",(G34-(G34*$E$3))) -> 6973 | I34: 17402 | J34: =+IF(I34="N/A","N/A",(I34-(I34*$E$3))) -> 8701 | K34: N/A | L34: =+IF(K34="N/A","N/A",(K34-(K34*$E$3))) -> N/A | M34: N/A | N34: =+IF(M34="N/A","N/A",(M34-(M34*$E$3))) -> N/A | O34: 18735.5 | P34: =+IF(O34="N/A","N/A",(O34-(O34*$E$3))) -> 9367.75 | Q34: 18735.5 | R34: =+IF(Q34="N/A","N/A",(Q34-(Q34*$E$3))) -> 9367.75 | S34: 17402 | T34: =+IF(S34="N/A","N/A",(S34-(S34*$E$3))) -> 8701 | U34: N/A | V34: =+IF(U34="N/A","N/A",(U34-(U34*$E$3))) -> N/A
B35: ADICIONALES | F35: =+IF(E35="N/A","N/A",(E35-(E35*$E$3))) -> 0 | H35: =+IF(G35="N/A","N/A",(G35-(G35*$E$3))) -> 0 | J35: =+IF(I35="N/A","N/A",(I35-(I35*$E$3))) -> 0 | L35: =+IF(K35="N/A","N/A",(K35-(K35*$E$3))) -> 0 | N35: =+IF(M35="N/A","N/A",(M35-(M35*$E$3))) -> 0 | P35: =+IF(O35="N/A","N/A",(O35-(O35*$E$3))) -> 0 | R35: =+IF(Q35="N/A","N/A",(Q35-(Q35*$E$3))) -> 0 | T35: =+IF(S35="N/A","N/A",(S35-(S35*$E$3))) -> 0 | V35: =+IF(U35="N/A","N/A",(U35-(U35*$E$3))) -> 0
A36: 17 | B36: Tapa tanque de combustible | C36: 1 | E36: 85418.65 | F36: =+IF(E36="N/A","N/A",(E36-(E36*$E$3))) -> 42709.325 | G36: 84472.6 | H36: =+IF(G36="N/A","N/A",(G36-(G36*$E$3))) -> 42236.3 | I36: 97267.52 | J36: =+IF(I36="N/A","N/A",(I36-(I36*$E$3))) -> 48633.76 | K36: 78075.64 | L36: =+IF(K36="N/A","N/A",(K36-(K36*$E$3))) -> 39037.82 | M36: 125000 | N36: =+IF(M36="N/A","N/A",(M36-(M36*$E$3))) -> 62500 | O36: 92036.56 | P36: =+IF(O36="N/A","N/A",(O36-(O36*$E$3))) -> 46018.28 | Q36: 89671.33 | R36: =+IF(Q36="N/A","N/A",(Q36-(Q36*$E$3))) -> 44835.665 | S36: 95902.29 | T36: =+IF(S36="N/A","N/A",(S36-(S36*$E$3))) -> 47951.145 | U36: 82575.64 | V36: =+IF(U36="N/A","N/A",(U36-(U36*$E$3))) -> 41287.82
A37: 18 | B37: Guaya velocímetro | C37: 1 | E37: 80162.01 | F37: =+IF(E37="N/A","N/A",(E37-(E37*$E$3))) -> 40081.005 | G37: 81739.69 | H37: =+IF(G37="N/A","N/A",(G37-(G37*$E$3))) -> 40869.845 | I37: 81906.69 | J37: =+IF(I37="N/A","N/A",(I37-(I37*$E$3))) -> 40953.345 | K37: 81906.69 | L37: =+IF(K37="N/A","N/A",(K37-(K37*$E$3))) -> 40953.345 | M37: 115000 | N37: =+IF(M37="N/A","N/A",(M37-(M37*$E$3))) -> 57500 | O37: 84573.19 | P37: =+IF(O37="N/A","N/A",(O37-(O37*$E$3))) -> 42286.595 | Q37: 66381.31 | R37: =+IF(Q37="N/A","N/A",(Q37-(Q37*$E$3))) -> 33190.655 | S37: 83739.69 | T37: =+IF(S37="N/A","N/A",(S37-(S37*$E$3))) -> 41869.845 | U37: 82239.69 | V37: =+IF(U37="N/A","N/A",(U37-(U37*$E$3))) -> 41119.845
A38: 19 | B38: Piñón velocímetro | C38: 1 | E38: 65706.5 | F38: =+IF(E38="N/A","N/A",(E38-(E38*$E$3))) -> 32853.25 | G38: 74030 | H38: =+IF(G38="N/A","N/A",(G38-(G38*$E$3))) -> 37015 | I38: 81795 | J38: =+IF(I38="N/A","N/A",(I38-(I38*$E$3))) -> 40897.5 | K38: 68075.64 | L38: =+IF(K38="N/A","N/A",(K38-(K38*$E$3))) -> 34037.82 | M38: 68000 | N38: =+IF(M38="N/A","N/A",(M38-(M38*$E$3))) -> 34000 | O38: 85613.5 | P38: =+IF(O38="N/A","N/A",(O38-(O38*$E$3))) -> 42806.75 | Q38: 84280 | R38: =+IF(Q38="N/A","N/A",(Q38-(Q38*$E$3))) -> 42140 | S38: 84099 | T38: =+IF(S38="N/A","N/A",(S38-(S38*$E$3))) -> 42049.5 | U38: 62178.18 | V38: =+IF(U38="N/A","N/A",(U38-(U38*$E$3))) -> 31089.09
A39: 20 | B39: Retenedores telescópicos (par) | C39: 1 | E39: 97245.84 | F39: =+IF(E39="N/A","N/A",(E39-(E39*$E$3))) -> 48622.92 | G39: 77575.64 | H39: =+IF(G39="N/A","N/A",(G39-(G39*$E$3))) -> 38787.82 | I39: 84139.6 | J39: =+IF(I39="N/A","N/A",(I39-(I39*$E$3))) -> 42069.8 | K39: 84139.6 | L39: =+IF(K39="N/A","N/A",(K39-(K39*$E$3))) -> 42069.8 | M39: 125000 | N39: =+IF(M39="N/A","N/A",(M39-(M39*$E$3))) -> 62500 | O39: 85639.6 | P39: =+IF(O39="N/A","N/A",(O39-(O39*$E$3))) -> 42819.8 | Q39: 81440.87 | R39: =+IF(Q39="N/A","N/A",(Q39-(Q39*$E$3))) -> 40720.435 | S39: 89671.33 | T39: =+IF(S39="N/A","N/A",(S39-(S39*$E$3))) -> 44835.665 | U39: 96934.02 | V39: =+IF(U39="N/A","N/A",(U39-(U39*$E$3))) -> 48467.01
A40: 21 | B40: Kit de embrague | C40: 1 | E40: 199747.82 | F40: =+IF(E40="N/A","N/A",(E40-(E40*$E$3))) -> 99873.91 | G40: N/A | H40: =+IF(G40="N/A","N/A",(G40-(G40*$E$3))) -> N/A | I40: 273345.54 | J40: =+IF(I40="N/A","N/A",(I40-(I40*$E$3))) -> 136672.77 | K40: 266948.08 | L40: =+IF(K40="N/A","N/A",(K40-(K40*$E$3))) -> 133474.04 | M40: 405000 | N40: =+IF(M40="N/A","N/A",(M40-(M40*$E$3))) -> 202500 | O40: 302973.46 | P40: =+IF(O40="N/A","N/A",(O40-(O40*$E$3))) -> 151486.73 | Q40: 288776 | R40: =+IF(Q40="N/A","N/A",(Q40-(Q40*$E$3))) -> 144388 | S40: 298537.42 | T40: =+IF(S40="N/A","N/A",(S40-(S40*$E$3))) -> 149268.71 | U40: 250397.82 | V40: =+IF(U40="N/A","N/A",(U40-(U40*$E$3))) -> 125198.91
A41: 22 | B41: Guaya de embrague | C41: 1 | E41: 73591.46 | F41: =+IF(E41="N/A","N/A",(E41-(E41*$E$3))) -> 36795.73 | G41: N/A | H41: =+IF(G41="N/A","N/A",(G41-(G41*$E$3))) -> N/A | I41: 98707.96 | J41: =+IF(I41="N/A","N/A",(I41-(I41*$E$3))) -> 49353.98 | K41: 98707.96 | L41: =+IF(K41="N/A","N/A",(K41-(K41*$E$3))) -> 49353.98 | M41: 238000 | N41: =+IF(M41="N/A","N/A",(M41-(M41*$E$3))) -> 119000 | O41: 101374.46 | P41: =+IF(O41="N/A","N/A",(O41-(O41*$E$3))) -> 50687.23 | Q41: 103874.46 | R41: =+IF(Q41="N/A","N/A",(Q41-(Q41*$E$3))) -> 51937.23 | S41: 98874.46 | T41: =+IF(S41="N/A","N/A",(S41-(S41*$E$3))) -> 49437.23 | U41: 113041.46 | V41: =+IF(U41="N/A","N/A",(U41-(U41*$E$3))) -> 56520.73
A42: 23 | B42: Discos de embrague | C42: 1 | E42: 136669.64 | F42: =+IF(E42="N/A","N/A",(E42-(E42*$E$3))) -> 68334.82 | G42: N/A | H42: =+IF(G42="N/A","N/A",(G42-(G42*$E$3))) -> N/A | I42: 107138 | J42: =+IF(I42="N/A","N/A",(I42-(I42*$E$3))) -> 53569 | K42: 104226.5 | L42: =+IF(K42="N/A","N/A",(K42-(K42*$E$3))) -> 52113.25 | M42: 89000 | N42: =+IF(M42="N/A","N/A",(M42-(M42*$E$3))) -> 44500 | O42: 111383.5 | P42: =+IF(O42="N/A","N/A",(O42-(O42*$E$3))) -> 55691.75 | Q42: 112172.5 | R42: =+IF(Q42="N/A","N/A",(Q42-(Q42*$E$3))) -> 56086.25 | S42: 115628.5 | T42: =+IF(S42="N/A","N/A",(S42-(S42*$E$3))) -> 57814.25 | U42: 110471.5 | V42: =+IF(U42="N/A","N/A",(U42-(U42*$E$3))) -> 55235.75
A43: 24 | B43: Empaque tapa de embrague | C43: 1 | E43: 42052.12 | F43: =+IF(E43="N/A","N/A",(E43-(E43*$E$3))) -> 21026.06 | G43: N/A | H43: =+IF(G43="N/A","N/A",(G43-(G43*$E$3))) -> N/A | I43: 39529.5 | J43: =+IF(I43="N/A","N/A",(I43-(I43*$E$3))) -> 19764.75 | K43: 39529.5 | L43: =+IF(K43="N/A","N/A",(K43-(K43*$E$3))) -> 19764.75 | M43: 50000 | N43: =+IF(M43="N/A","N/A",(M43-(M43*$E$3))) -> 25000 | O43: 40785.62 | P43: =+IF(O43="N/A","N/A",(O43-(O43*$E$3))) -> 20392.81 | Q43: 40196.5 | R43: =+IF(Q43="N/A","N/A",(Q43-(Q43*$E$3))) -> 20098.25 | S43: 41952.12 | T43: =+IF(S43="N/A","N/A",(S43-(S43*$E$3))) -> 20976.06 | U43: 40196.5 | V43: =+IF(U43="N/A","N/A",(U43-(U43*$E$3))) -> 20098.25
A44: 25 | B44: Bombillo direccional (Incluida instalación) | C44: 1 | E44: 23654.38 | F44: =+IF(E44="N/A","N/A",(E44-(E44*$E$3))) -> 11827.19 | G44: 27025.38 | H44: =+IF(G44="N/A","N/A",(G44-(G44*$E$3))) -> 13512.69 | I44: 27025.38 | J44: =+IF(I44="N/A","N/A",(I44-(I44*$E$3))) -> 13512.69 | K44: 27025.38 | L44: =+IF(K44="N/A","N/A",(K44-(K44*$E$3))) -> 13512.69 | M44: 54000 | N44: =+IF(M44="N/A","N/A",(M44-(M44*$E$3))) -> 27000 | O44: 27358.38 | P44: =+IF(O44="N/A","N/A",(O44-(O44*$E$3))) -> 13679.19 | Q44: 27191.88 | R44: =+IF(Q44="N/A","N/A",(Q44-(Q44*$E$3))) -> 13595.94 | S44: 28691.88 | T44: =+IF(S44="N/A","N/A",(S44-(S44*$E$3))) -> 14345.94 | U44: 28858.38 | V44: =+IF(U44="N/A","N/A",(U44-(U44*$E$3))) -> 14429.19
A45: 26 | B45: Guaya de freno | C45: 1 | E45: 73591.46 | F45: =+IF(E45="N/A","N/A",(E45-(E45*$E$3))) -> 36795.73 | G45: 73041.46 | H45: =+IF(G45="N/A","N/A",(G45-(G45*$E$3))) -> 36520.73 | I45: 73707.96 | J45: =+IF(I45="N/A","N/A",(I45-(I45*$E$3))) -> 36853.98 | K45: 76906.69 | L45: =+IF(K45="N/A","N/A",(K45-(K45*$E$3))) -> 38453.345 | M45: 85000 | N45: =+IF(M45="N/A","N/A",(M45-(M45*$E$3))) -> 42500 | O45: 77906.69 | P45: =+IF(O45="N/A","N/A",(O45-(O45*$E$3))) -> 38953.345 | Q45: 76739.69 | R45: =+IF(Q45="N/A","N/A",(Q45-(Q45*$E$3))) -> 38369.845 | S45: 76906.69 | T45: =+IF(S45="N/A","N/A",(S45-(S45*$E$3))) -> 38453.345 | U45: 75207.96 | V45: =+IF(U45="N/A","N/A",(U45-(U45*$E$3))) -> 37603.98
A46: 27 | B46: Pera de freno | C46: 1 | E46: 105130.3 | F46: =+IF(E46="N/A","N/A",(E46-(E46*$E$3))) -> 52565.15 | G46: 74579 | H46: =+IF(G46="N/A","N/A",(G46-(G46*$E$3))) -> 37289.5 | I46: 78947 | J46: =+IF(I46="N/A","N/A",(I46-(I46*$E$3))) -> 39473.5 | K46: 74579 | L46: =+IF(K46="N/A","N/A",(K46-(K46*$E$3))) -> 37289.5 | M46: 65000 | N46: =+IF(M46="N/A","N/A",(M46-(M46*$E$3))) -> 32500 | O46: 78947 | P46: =+IF(O46="N/A","N/A",(O46-(O46*$E$3))) -> 39473.5 | Q46: 42157.5 | R46: =+IF(Q46="N/A","N/A",(Q46-(Q46*$E$3))) -> 21078.75 | S46: 81858.5 | T46: =+IF(S46="N/A","N/A",(S46-(S46*$E$3))) -> 40929.25 | U46: 79368.5 | V46: =+IF(U46="N/A","N/A",(U46-(U46*$E$3))) -> 39684.25
A47: 28 | B47: Protector (capuchón) bujía | C47: 1 | E47: 26282.7 | F47: =+IF(E47="N/A","N/A",(E47-(E47*$E$3))) -> 13141.35 | G47: 27824.2 | H47: =+IF(G47="N/A","N/A",(G47-(G47*$E$3))) -> 13912.1 | I47: 27824.2 | J47: =+IF(I47="N/A","N/A",(I47-(I47*$E$3))) -> 13912.1 | K47: 27824.2 | L47: =+IF(K47="N/A","N/A",(K47-(K47*$E$3))) -> 13912.1 | M47: 45000 | N47: =+IF(M47="N/A","N/A",(M47-(M47*$E$3))) -> 22500 | O47: 32824.2 | P47: =+IF(O47="N/A","N/A",(O47-(O47*$E$3))) -> 16412.1 | Q47: 27824.2 | R47: =+IF(Q47="N/A","N/A",(Q47-(Q47*$E$3))) -> 13912.1 | S47: 27824.2 | T47: =+IF(S47="N/A","N/A",(S47-(S47*$E$3))) -> 13912.1 | U47: 28824.2 | V47: =+IF(U47="N/A","N/A",(U47-(U47*$E$3))) -> 14412.1
A48: 29 | B48: Rodamiento de dirección | C48: 1 | E48: 99873.66 | F48: =+IF(E48="N/A","N/A",(E48-(E48*$E$3))) -> 49936.83 | G48: 84883 | H48: =+IF(G48="N/A","N/A",(G48-(G48*$E$3))) -> 42441.5 | I48: 89917.5 | J48: =+IF(I48="N/A","N/A",(I48-(I48*$E$3))) -> 44958.75 | K48: 85549.5 | L48: =+IF(K48="N/A","N/A",(K48-(K48*$E$3))) -> 42774.75 | M48: 76000 | N48: =+IF(M48="N/A","N/A",(M48-(M48*$E$3))) -> 38000 | O48: 89917.5 | P48: =+IF(O48="N/A","N/A",(O48-(O48*$E$3))) -> 44958.75 | Q48: 88461.5 | R48: =+IF(Q48="N/A","N/A",(Q48-(Q48*$E$3))) -> 44230.75 | S48: 74040 | T48: =+IF(S48="N/A","N/A",(S48-(S48*$E$3))) -> 37020 | U48: 95549.5 | V48: =+IF(U48="N/A","N/A",(U48-(U48*$E$3))) -> 47774.75
A49: 30 | B49: Chicler (motor) | C49: 1 | E49: 45994.35 | F49: =+IF(E49="N/A","N/A",(E49-(E49*$E$3))) -> 22997.175 | G49: 47817.35 | H49: =+IF(G49="N/A","N/A",(G49-(G49*$E$3))) -> 23908.675 | I49: 47817.35 | J49: =+IF(I49="N/A","N/A",(I49-(I49*$E$3))) -> 23908.675 | K49: 47817.35 | L49: =+IF(K49="N/A","N/A",(K49-(K49*$E$3))) -> 23908.675 | M49: 68000 | N49: =+IF(M49="N/A","N/A",(M49-(M49*$E$3))) -> 34000 | O49: 48150.85 | P49: =+IF(O49="N/A","N/A",(O49-(O49*$E$3))) -> 24075.425 | Q49: 48150.85 | R49: =+IF(Q49="N/A","N/A",(Q49-(Q49*$E$3))) -> 24075.425 | S49: 51317.35 | T49: =+IF(S49="N/A","N/A",(S49-(S49*$E$3))) -> 25658.675 | U49: 48484.35 | V49: =+IF(U49="N/A","N/A",(U49-(U49*$E$3))) -> 24242.175
A50: 31 | B50: Relay (eléctrico) | C50: 1 | E50: 63078.18 | F50: =+IF(E50="N/A","N/A",(E50-(E50*$E$3))) -> 31539.09 | G50: 57812.95 | H50: =+IF(G50="N/A","N/A",(G50-(G50*$E$3))) -> 28906.475 | I50: 61178.18 | J50: =+IF(I50="N/A","N/A",(I50-(I50*$E$3))) -> 30589.09 | K50: 54780.72 | L50: =+IF(K50="N/A","N/A",(K50-(K50*$E$3))) -> 27390.36 | M50: 67000 | N50: =+IF(M50="N/A","N/A",(M50-(M50*$E$3))) -> 33500 | O50: 63678.18 | P50: =+IF(O50="N/A","N/A",(O50-(O50*$E$3))) -> 31839.09 | Q50: 58146.45 | R50: =+IF(Q50="N/A","N/A",(Q50-(Q50*$E$3))) -> 29073.225 | S50: 68810.5 | T50: =+IF(S50="N/A","N/A",(S50-(S50*$E$3))) -> 34405.25 | U50: 63411.09 | V50: =+IF(U50="N/A","N/A",(U50-(U50*$E$3))) -> 31705.545
A51: 32 | B51: Aguja carburador | C51: 1 | E51: 69648.73 | F51: =+IF(E51="N/A","N/A",(E51-(E51*$E$3))) -> 34824.365 | G51: 70874.46 | H51: =+IF(G51="N/A","N/A",(G51-(G51*$E$3))) -> 35437.23 | I51: 70874.46 | J51: =+IF(I51="N/A","N/A",(I51-(I51*$E$3))) -> 35437.23 | K51: 70874.46 | L51: =+IF(K51="N/A","N/A",(K51-(K51*$E$3))) -> 35437.23 | M51: 72000 | N51: =+IF(M51="N/A","N/A",(M51-(M51*$E$3))) -> 36000 | O51: 74573.19 | P51: =+IF(O51="N/A","N/A",(O51-(O51*$E$3))) -> 37286.595 | Q51: 70874.46 | R51: =+IF(Q51="N/A","N/A",(Q51-(Q51*$E$3))) -> 35437.23 | S51: 81878 | T51: =+IF(S51="N/A","N/A",(S51-(S51*$E$3))) -> 40939 | U51: 69342.73 | V51: =+IF(U51="N/A","N/A",(U51-(U51*$E$3))) -> 34671.365
A52: 33 | B52: Tensor cadena | C52: 1 | E52: 52565.4 | F52: =+IF(E52="N/A","N/A",(E52-(E52*$E$3))) -> 26282.7 | G52: 82696.5 | H52: =+IF(G52="N/A","N/A",(G52-(G52*$E$3))) -> 41348.25 | I52: 83203.56 | J52: =+IF(I52="N/A","N/A",(I52-(I52*$E$3))) -> 41601.78 | K52: 81070.74 | L52: =+IF(K52="N/A","N/A",(K52-(K52*$E$3))) -> 40535.37 | M52: 80000 | N52: =+IF(M52="N/A","N/A",(M52-(M52*$E$3))) -> 40000 | O52: 84602.97 | P52: =+IF(O52="N/A","N/A",(O52-(O52*$E$3))) -> 42301.485 | Q52: 35650.474 | R52: =+IF(Q52="N/A","N/A",(Q52-(Q52*$E$3))) -> 17825.237 | S52: 75000.5 | T52: =+IF(S52="N/A","N/A",(S52-(S52*$E$3))) -> 37500.25 | U52: 57481.9 | V52: =+IF(U52="N/A","N/A",(U52-(U52*$E$3))) -> 28740.95
A53: 34 | B53: Terminal eléctrico | C53: 1 | E53: 11827.19 | F53: =+IF(E53="N/A","N/A",(E53-(E53*$E$3))) -> 5913.595 | G53: 17929.19 | H53: =+IF(G53="N/A","N/A",(G53-(G53*$E$3))) -> 8964.595 | I53: 17929.19 | J53: =+IF(I53="N/A","N/A",(I53-(I53*$E$3))) -> 8964.595 | K53: 17929.19 | L53: =+IF(K53="N/A","N/A",(K53-(K53*$E$3))) -> 8964.595 | M53: 56000 | N53: =+IF(M53="N/A","N/A",(M53-(M53*$E$3))) -> 28000 | O53: 19595.69 | P53: =+IF(O53="N/A","N/A",(O53-(O53*$E$3))) -> 9797.845 | Q53: 19262.69 | R53: =+IF(Q53="N/A","N/A",(Q53-(Q53*$E$3))) -> 9631.345 | S53: 23929.19 | T53: =+IF(S53="N/A","N/A",(S53-(S53*$E$3))) -> 11964.595 | U53: 20095.69 | V53: =+IF(U53="N/A","N/A",(U53-(U53*$E$3))) -> 10047.845
A54: 35 | B54: Interruptor de encendido | C54: 1 | E54: N/A | F54: =+IF(E54="N/A","N/A",(E54-(E54*$E$3))) -> N/A | G54: 56648.4 | H54: =+IF(G54="N/A","N/A",(G54-(G54*$E$3))) -> 28324.2 | I54: 57881.31 | J54: =+IF(I54="N/A","N/A",(I54-(I54*$E$3))) -> 28940.655 | K54: N/A | L54: =+IF(K54="N/A","N/A",(K54-(K54*$E$3))) -> N/A | M54: N/A | N54: =+IF(M54="N/A","N/A",(M54-(M54*$E$3))) -> N/A | O54: 59780.72 | P54: =+IF(O54="N/A","N/A",(O54-(O54*$E$3))) -> 29890.36 | Q54: 58548.31 | R54: =+IF(Q54="N/A","N/A",(Q54-(Q54*$E$3))) -> 29274.155 | S54: 60180.63 | T54: =+IF(S54="N/A","N/A",(S54-(S54*$E$3))) -> 30090.315 | U54: N/A | V54: =+IF(U54="N/A","N/A",(U54-(U54*$E$3))) -> N/A
A55: 36 | B55: Kit retenedores motor | C55: 1 | E55: 93303.11 | F55: =+IF(E55="N/A","N/A",(E55-(E55*$E$3))) -> 46651.555 | G55: 92824.5 | H55: =+IF(G55="N/A","N/A",(G55-(G55*$E$3))) -> 46412.25 | I55: 101314.5 | J55: =+IF(I55="N/A","N/A",(I55-(I55*$E$3))) -> 50657.25 | K55: 98403 | L55: =+IF(K55="N/A","N/A",(K55-(K55*$E$3))) -> 49201.5 | M55: 93000 | N55: =+IF(M55="N/A","N/A",(M55-(M55*$E$3))) -> 46500 | O55: 106104 | P55: =+IF(O55="N/A","N/A",(O55-(O55*$E$3))) -> 53052 | Q55: 99314.5 | R55: =+IF(Q55="N/A","N/A",(Q55-(Q55*$E$3))) -> 49657.25 | S55: 102226.5 | T55: =+IF(S55="N/A","N/A",(S55-(S55*$E$3))) -> 51113.25 | U55: 94233.34 | V55: =+IF(U55="N/A","N/A",(U55-(U55*$E$3))) -> 47116.67
A56: 37 | B56: Kit de cadenilla | C56: 1 | E56: 97245.84 | F56: =+IF(E56="N/A","N/A",(E56-(E56*$E$3))) -> 48622.92 | G56: 98605.42 | H56: =+IF(G56="N/A","N/A",(G56-(G56*$E$3))) -> 49302.71 | I56: 120829.03 | J56: =+IF(I56="N/A","N/A",(I56-(I56*$E$3))) -> 60414.515 | K56: 117630.3 | L56: =+IF(K56="N/A","N/A",(K56-(K56*$E$3))) -> 58815.15 | M56: 199000 | N56: =+IF(M56="N/A","N/A",(M56-(M56*$E$3))) -> 99500 | O56: 131559.49 | P56: =+IF(O56="N/A","N/A",(O56-(O56*$E$3))) -> 65779.745 | Q56: 134361.26 | R56: =+IF(Q56="N/A","N/A",(Q56-(Q56*$E$3))) -> 67180.63 | S56: 134123.45 | T56: =+IF(S56="N/A","N/A",(S56-(S56*$E$3))) -> 67061.725 | U56: 114931.57 | V56: =+IF(U56="N/A","N/A",(U56-(U56*$E$3))) -> 57465.785
B57: TOTAL | E57: 2424951.1 | F57: =SUM(F15:F56) -> 1212475.5 | G57: 1877218.7 | H57: =SUM(H15:H56) -> 938609.34 | I57: 2867989.2 | J57: =SUM(J15:J56) -> 1433994.6 | K57: 2560366.9 | L57: =SUM(L15:L56) -> 1280183.4 | M57: 3395000 | N57: =SUM(N15:N56) -> 1697500 | O57: 2973530 | P57: =SUM(P15:P56) -> 1486765 | Q57: 2769371.9 | R57: =SUM(R15:R56) -> 1384686 | S57: 2797460.1 | T57: =SUM(T15:T56) -> 1398730.1 | U57: 2667414.7 | V57: =SUM(V15:V56) -> 1333707.3
B60: TOTAL REPUESTOS MOTOS | E60: 24333303 | F60: =+F57+H57+J57+L57+N57+P57+R57+T57+V57 -> 12166651

Sheet TOTAL
A4: ITEMS | B4: TOTAL LISTA DE PRECIOS GRUPO SECCIONAL MAGDALENA | C4: VALOR TOTAL | D4: VALOR TOTAL CON DESCUENTO
A5: 1 | B5: REPUESTOS VEHICULOS | C5: =+'REPUESTOS VEHICULOS'!E218 -> 1.0651795e+09 | D5: =+'REPUESTOS VEHICULOS'!F218 -> 5.3258973e+08
A6: 2 | B6: MANO DE OBRA MOTOS | C6: =+'MANO DE OBRA MOTOS'!E192 -> 22686708 | D6: =+'MANO DE OBRA MOTOS'!F192 -> 11343354
A7: 3 | B7: REPUESTOS MOTOS | C7: =+'REPUESTOS MOTOS '!E60 -> 24333303 | D7: =+'REPUESTOS MOTOS '!F60 -> 12166651
B8: TOTAL | C8: =SUM(C5:C7) -> 1.1121995e+09 | D8: =SUM(D5:D7) -> 5.5609974e+08
